Workbook
Name Hedging_Positions_through_Futures_AS_ON_MMMM_DD__YYYY___NIL: #REF!
Name Hedging_Positions_through_Futures_AS_ON_MMMM_DD__YYYY___NIL: #REF!
Name JPM_Footer_disp: #REF!
Name JPM_Footer_disp: #REF!
Name JPM_Footer_disp12: #REF!
Name JPM_Footer_disp12: #REF!

Sheet Scheme master
A1: System concatenate | B1: RTA concatenate | C1: AMFI code | D1: Scheme code | E1: Scheme name | F1: Plan code | G1: Plan name | H1: RTA code | I1: RTA code 1 | J1: Plan type | K1: Face value | L1: Status | M1: HY plan | N1: HY plan name | O1: DB code
A2: =D2&F2 -> LSPLUSG | B2: =I2 -> 89 | D2: LSPLUS | E2: LIC MF Special Unit Scheme | F2: G | G2: Growth Option | I2: 89 | J2: Growth | K2: 10 | L2: Live | M2: RG | N2: Growth Option | O2: 0
A3: =D3&F3 -> LUNCLFURM | B3: =I3 -> 139GR | D3: LUNCLF | E3: LIC MF Unclaimed Redemption & Div Fund | F3: URM | G3: Redemption more than 3 yrs | H3: UCGR | I3: 139GR | J3: Unclaimed | K3: 10 | L3: Live | M3: UMR | N3: Unclaimed Redemption more than 3 yrs | O3: 0
A4: =D4&F4 -> LUNCLFUDL | B4: =I4 -> 139LD | D4: LUNCLF | E4: LIC MF Unclaimed Redemption & Div Fund | F4: UDL | G4: Dividend less than 3 yrs | H4: UCLD | I4: 139LD | J4: Unclaimed | K4: 10 | L4: Live | M4: ULD | N4: Unclaimed Dividend less than 3 yrs | O4: 0
A5: =D5&F5 -> LUNCLFUDM | B5: =I5 -> 139GD | D5: LUNCLF | E5: LIC MF Unclaimed Redemption & Div Fund | F5: UDM | G5: Dividend more than 3 yrs | H5: UCGD | I5: 139GD | J5: Unclaimed | K5: 10 | L5: Live | M5: UMD | N5: Unclaimed Dividend more than 3 yrs | O5: 0
A6: =D6&F6 -> LUNCLFURL | B6: =I6 -> 139LR | D6: LUNCLF | E6: LIC MF Unclaimed Redemption & Div Fund | F6: URL | G6: Redemption less than 3 yrs | H6: UCLR | I6: 139LR | J6: Unclaimed | K6: 10 | L6: Live | M6: ULR | N6: Unclaimed Redemption less than 3 yrs | O6: 0
A7: =D7&F7 -> LEULISRD | B7: =I7 -> 02VS | C7: 100325 | D7: LEULIS | E7: LIC MF Unit Linked Insurance Scheme (ULIS) | F7: RD | G7: Dividend Option | H7: ULVS | I7: 02VS | J7: Regular | K7: 10 | L7: Live | M7: RD | N7: Regular Plan - Dividend Option | O7: LIC02
A8: =D8&F8 -> LEULISDDP | B8: =I8 -> 02V4 | C8: 120259 | D8: LEULIS | E8: LIC MF Unit Linked Insurance Scheme (ULIS) | F8: DDP | G8: Dividend Option | H8: ULV4 | I8: 02V4 | J8: Direct | K8: 10 | L8: Live | M8: DD | N8: Direct Plan - Dividend Option | O8: LIC02
A9: =D9&F9 -> LEULISRD | B9: =I9 -> 02TS | C9: 134846 | D9: LEULIS | E9: LIC MF Unit Linked Insurance Scheme (ULIS) | F9: RD | G9: Dividend Option | H9: ULTS | I9: 02TS | J9: Regular | K9: 10 | L9: Live | M9: RD | N9: Regular Plan - Dividend Option | O9: LIC02
A10: =D10&F10 -> LEULISRD | B10: =I10 -> 02TM | C10: 134847 | D10: LEULIS | E10: LIC MF Unit Linked Insurance Scheme (ULIS) | F10: RD | G10: Dividend Option | H10: ULTM | I10: 02TM | J10: Regular | K10: 10 | L10: Live | M10: RD | N10: Regular Plan - Dividend Option | O10: LIC02
A11: =D11&F11 -> LEULISRD | B11: =I11 -> 02XM | C11: 134863 | D11: LEULIS | E11: LIC MF Unit Linked Insurance Scheme (ULIS) | F11: RD | G11: Dividend Option | H11: ULXM | I11: 02XM | J11: Regular | K11: 10 | L11: Live | M11: RD | N11: Regular Plan - Dividend Option | O11: LIC02
A12: =D12&F12 -> LEULISRD | B12: =I12 -> 02TY | C12: 134864 | D12: LEULIS | E12: LIC MF Unit Linked Insurance Scheme (ULIS) | F12: RD | G12: Dividend Option | H12: ULTY | I12: 02TY | J12: Regular | K12: 10 | L12: Live | M12: RD | N12: Regular Plan - Dividend Option | O12: LIC02
A13: =D13&F13 -> LEULISRD | B13: =I13 -> 02TH | C13: 134865 | D13: LEULIS | E13: LIC MF Unit Linked Insurance Scheme (ULIS) | F13: RD | G13: Dividend Option | H13: ULTH | I13: 02TH | J13: Regular | K13: 10 | L13: Live | M13: RD | N13: Regular Plan - Dividend Option | O13: LIC02
A14: =D14&F14 -> LEULISRD | B14: =I14 -> 02XH | C14: 134867 | D14: LEULIS | E14: LIC MF Unit Linked Insurance Scheme (ULIS) | F14: RD | G14: Dividend Option | H14: ULXH | I14: 02XH | J14: Regular | K14: 10 | L14: Live | M14: RD | N14: Regular Plan - Dividend Option | O14: LIC02
A15: =D15&F15 -> LEULISRD | B15: =I15 -> 02XY | C15: 134868 | D15: LEULIS | E15: LIC MF Unit Linked Insurance Scheme (ULIS) | F15: RD | G15: Dividend Option | H15: ULXY | I15: 02XY | J15: Regular | K15: 10 | L15: Live | M15: RD | N15: Regular Plan - Dividend Option | O15: LIC02
A16: =D16&F16 -> LEULISRD | B16: =I16 -> 02FM | C16: 134869 | D16: LEULIS | E16: LIC MF Unit Linked Insurance Scheme (ULIS) | F16: RD | G16: Dividend Option | H16: ULFM | I16: 02FM | J16: Regular | K16: 10 | L16: Live | M16: RD | N16: Regular Plan - Dividend Option | O16: LIC02
A17: =D17&F17 -> LEULISRD | B17: =I17 -> 02FH | C17: 134870 | D17: LEULIS | E17: LIC MF Unit Linked Insurance Scheme (ULIS) | F17: RD | G17: Dividend Option | H17: ULFH | I17: 02FH | J17: Regular | K17: 10 | L17: Live | M17: RD | N17: Regular Plan - Dividend Option | O17: LIC02
A18: =D18&F18 -> LEULISRD | B18: =I18 -> 02FY | C18: 134871 | D18: LEULIS | E18: LIC MF Unit Linked Insurance Scheme (ULIS) | F18: RD | G18: Dividend Option | H18: ULFY | I18: 02FY | J18: Regular | K18: 10 | L18: Live | M18: RD | N18: Regular Plan - Dividend Option | O18: LIC02
... A164: =D164&F164 -> LDUSTFMDP | B164: =I164 -> 181M1 | C164: 147773 | D164: LDUSTF | E164: LIC MF Ultra Short Term Fund | F164: MDP | G164: Monthly Dividend Option | H164: USM1 | I164: 181M1 | J164: Direct | K164: 1000 | L164: Live | M164: DDM | N164: Direct Plan - Monthly Dividend Option | O164: LIC181

Sheet PHY rollback
A1: Concatenate | B1: SCHEME | C1: SCHCLASS | D1: TRAN_TYPE | E1: VALUE_DATE | F1: NAV | G1: TRADES_UNI | H1: TRADES_AMO | I1: LOAD | J1: UPR_AMT | K1: EQ_AMT | L1: TDS | M1: STTAMT | N1: TRANSFEE | O1: SCH_LOAD | P1: BCLOSEDT | Q1: CGS_TAX | R1: SGS_TAX | S1: IGS_TAX | T1: GAINAMT
A2: =INDEX('Scheme master'!A:A,MATCH(B2&C2,'Scheme master'!B:B,0),0) -> #N/A
A3: =INDEX('Scheme master'!A:A,MATCH(B3&C3,'Scheme master'!B:B,0),0) -> #N/A
A4: =INDEX('Scheme master'!A:A,MATCH(B4&C4,'Scheme master'!B:B,0),0) -> #N/A
A5: =INDEX('Scheme master'!A:A,MATCH(B5&C5,'Scheme master'!B:B,0),0) -> #N/A
A6: =INDEX('Scheme master'!A:A,MATCH(B6&C6,'Scheme master'!B:B,0),0) -> #N/A
A7: =INDEX('Scheme master'!A:A,MATCH(B7&C7,'Scheme master'!B:B,0),0) -> #N/A
A8: =INDEX('Scheme master'!A:A,MATCH(B8&C8,'Scheme master'!B:B,0),0) -> #N/A
A9: =INDEX('Scheme master'!A:A,MATCH(B9&C9,'Scheme master'!B:B,0),0) -> #N/A
A10: =INDEX('Scheme master'!A:A,MATCH(B10&C10,'Scheme master'!B:B,0),0) -> #N/A
A11: =INDEX('Scheme master'!A:A,MATCH(B11&C11,'Scheme master'!B:B,0),0) -> #N/A
A12: =INDEX('Scheme master'!A:A,MATCH(B12&C12,'Scheme master'!B:B,0),0) -> #N/A
A13: =INDEX('Scheme master'!A:A,MATCH(B13&C13,'Scheme master'!B:B,0),0) -> #N/A
... A439: =INDEX('Scheme master'!A:A,MATCH(B439&C439,'Scheme master'!B:B,0),0) -> #N/A

Sheet PHY simnav
J1: STANDARD CHARTERED BANK REGIONAL FUND ADMINISTRATION SERVICE | K1: PLAN LEVEL NAV REPORT FROM 31/03/2021 TO 31/03/2021
A2: Concatenate | B2: HY plan code | C2: Face value | D2: Unit capital | E2: Rollback | F2: Net asset | G2: NAV per unit | H2: Check | I2: Status | J2: Fund_ID_Share_Type | K2: Fund_ID | L2: Share_Type | M2: Outstanding_Units | N2: Plan_Level_Net_Assets | O2: Unrounded_NAV | P2: Total_Net_Assets | Q2: Net_Asset_Per_Units | R2: Nav_Date | S2: Amfi_Code | T2: RNT_Code | U2: RNT_Scheme_Code | V2: Press_Code | W2: Benchmark_Index | X2: Fund_Type | Y2: Sub_Price | Z2: Red_Price | AA2: Sec_ID | AB2: Fund_Desc | AC2: Share_Class_Desc | AD2: Per_Nav_Date | AE2: Net_Asset_Per_Unit_Pre_Rounded | AF2: Net_Asset_Per_Unit_Pre_UnRounded | AG2: Movement_Rounded_Nav | AH2: Per_Movement_rounded | AI2: Annual_Return_Rounded | AJ2: Movement_UnRounded_Nav | AK2: Per_Movement_UnRounded | AL2: Annualised_Return_Unrounded | AM2: IN_FA_FF_10 | AN2: IN_FA_FF_11 | AO2: IN_FA_FF_12 | AP2: IN_FA_FF_01 | AQ2: IN_FA_FF_02 | AR2: IN_FA_FF_03 | AS2: IN_FA_FF_09 | AT2: ClientID | AU2: AMC_Group
A3: =K3&B3 -> LDSAPFRG | B3: =VLOOKUP(J3,'Scheme master'!A:M,13,0) -> RG | C3: =VLOOKUP(J3,'Scheme master'!A:K,11,0) -> 10 | D3: =(M3+E3)*C3/10000000 -> 133.35636 | E3: =SUMIF('PHY rollback'!A:A,J3,'PHY rollback'!G:G) -> 0 | F3: =N3/10000000 -> 418.18138 | G3: =IF(M3<=0,0,Q3) -> 31.3582 | H3: =SUMIF(K:K,K3,F:F)-P3/10000000 -> 0 | I3: =VLOOKUP(K3,'Scheme master'!D:L,9,0) -> Live | J3: LDSAPFRG | K3: LDSAPF | L3: RG | M3: 1.3335636e+08 | N3: 4.1818138e+09 | O3: 31.358188 | P3: 8.4473015e+09 | Q3: 31.3582 | R3: 44286 | S3: 101830 | T3: 40GP | U3: 40 | V3: LI022 | W3: 10 | X3: DEBT | Y3: 31.3582 | Z3: 31.3582 | AA3: 84281 | AB3: LIC MF Savings Fund | AC3: Regular Plan Growth Option | AD3: 44285 | AE3: 31.3494 | AF3: 31.349357 | AG3: 0.0088 | AH3: 0.028070713 | AI3: 10.2458 | AJ3: 0.0088304904 | AK3: 0.028168011 | AL3: 10.2813 | AM3: LIC MF Savings Fund | AN3: LIC40 | AP3: Regular | AQ3: INF767K01AO5 | AT3: 30 | AU3: LIC
A4: =K4&B4 -> LDSAPFRDD | B4: =VLOOKUP(J4,'Scheme master'!A:M,13,0) -> RDD | C4: =VLOOKUP(J4,'Scheme master'!A:K,11,0) -> 10 | D4: =(M4+E4)*C4/10000000 -> 24.045787 | E4: =SUMIF('PHY rollback'!A:A,J4,'PHY rollback'!G:G) -> 0 | F4: =N4/10000000 -> 25.139148 | G4: =IF(M4<=0,0,Q4) -> 10.4547 | H4: =SUMIF(K:K,K4,F:F)-P4/10000000 -> 0 | I4: =VLOOKUP(K4,'Scheme master'!D:L,9,0) -> Live | J4: LDSAPFRDD | K4: LDSAPF | L4: RDD | M4: 24045787 | N4: 2.5139148e+08 | O4: 10.4547 | P4: 8.4473015e+09 | Q4: 10.4547 | R4: 44286 | S4: 111676 | T4: 40DD | U4: 40 | V4: LI152 | W4: 10 | X4: DEBT | Y4: 10.4547 | Z4: 10.4547 | AA4: 84278 | AB4: LIC MF Savings Fund | AC4: Regular Daily Dividend Option | AD4: 44285 | AE4: 10.4547 | AF4: 10.4547 | AG4: 0 | AH4: 0 | AI4: 0 | AJ4: -1.90051e-09 | AK4: -1.8178522e-08 | AL4: 0 | AM4: LIC MF Savings Fund | AN4: LIC40 | AP4: Regular | AQ4: INF767K01AK3/INF767K01AL1 | AT4: 30 | AU4: LIC
A5: =K5&B5 -> LDSAPFDDM | B5: =VLOOKUP(J5,'Scheme master'!A:M,13,0) -> DDM | C5: =VLOOKUP(J5,'Scheme master'!A:K,11,0) -> 10 | D5: =(M5+E5)*C5/10000000 -> 0.17160186 | E5: =SUMIF('PHY rollback'!A:A,J5,'PHY rollback'!G:G) -> 0 | F5: =N5/10000000 -> 0.29700923 | G5: =IF(M5<=0,0,Q5) -> 17.308 | H5: =SUMIF(K:K,K5,F:F)-P5/10000000 -> 0 | I5: =VLOOKUP(K5,'Scheme master'!D:L,9,0) -> Live | J5: LDSAPFMDP | K5: LDSAPF | L5: MDP | M5: 171601.86 | N5: 2970092.4 | O5: 17.308043 | P5: 8.4473015e+09 | Q5: 17.308 | R5: 44286 | S5: 120317 | T5: 40M1 | U5: 40 | V5: LI198 | W5: 10 | X5: DEBT | Y5: 17.308 | Z5: 17.308 | AA5: 84284 | AB5: LIC MF Savings Fund | AC5: Direct Plan Monthly Dividend Option | AD5: 44285 | AE5: 17.3029 | AF5: 17.302917 | AG5: 0.0051 | AH5: 0.029474828 | AI5: 10.7583 | AJ5: 0.0051258769 | AK5: 0.029624351 | AL5: 10.8129 | AM5: LIC MF Savings Fund | AN5: LIC40 | AP5: Direct | AQ5: INF767K01FP1/INF767K01FO4 | AT5: 30 | AU5: LIC
A6: =K6&B6 -> LEEQTFDD | B6: =VLOOKUP(J6,'Scheme master'!A:M,13,0) -> DD | C6: =VLOOKUP(J6,'Scheme master'!A:K,11,0) -> 10 | D6: =(M6+E6)*C6/10000000 -> 0.4074136 | E6: =SUMIF('PHY rollback'!A:A,J6,'PHY rollback'!G:G) -> 0 | F6: =N6/10000000 -> 0.90797673 | G6: =IF(M6<=0,0,Q6) -> 22.2864 | H6: =SUMIF(K:K,K6,F:F)-P6/10000000 -> 0 | I6: =VLOOKUP(K6,'Scheme master'!D:L,9,0) -> Live | J6: LEEQTFDDP | K6: LEEQTF | L6: DDP | M6: 407413.6 | N6: 9079767.3 | O6: 22.286363 | P6: 3.5897607e+09 | Q6: 22.2864 | R6: 44286 | S6: 120263 | T6: 17D1 | U6: 17 | V6: LI176 | W6: 10 | X6: EQTY | Y6: 22.2864 | Z6: 22.0635 | AA6: 84333 | AB6: LIC MF Flexi Cap Fund | AC6: Direct Plan Dividend Option | AD6: 44285 | AE6: 22.4112 | AF6: 22.411189 | AG6: -0.1248 | AH6: -0.55686442 | AI6: -203.2555 | AJ6: -0.1248267 | AK6: -0.55698383 | AL6: -203.2991 | AM6: LIC MF Flexi Cap Fund | AN6: LIC17 | AP6: Direct | AQ6: INF767K01EF5/INF767K01EH1 | AT6: 30 | AU6: LIC
A7: =K7&B7 -> LEEQTFDG | B7: =VLOOKUP(J7,'Scheme master'!A:M,13,0) -> DG | C7: =VLOOKUP(J7,'Scheme master'!A:K,11,0) -> 10 | D7: =(M7+E7)*C7/10000000 -> 3.3361112 | E7: =SUMIF('PHY rollback'!A:A,J7,'PHY rollback'!G:G) -> 0 | F7: =N7/10000000 -> 20.289636 | G7: =IF(M7<=0,0,Q7) -> 60.8182 | H7: =SUMIF(K:K,K7,F:F)-P7/10000000 -> 0 | I7: =VLOOKUP(K7,'Scheme master'!D:L,9,0) -> Live | J7: LEEQTFGDP | K7: LEEQTF | L7: GDP | M7: 3336111.2 | N7: 2.0289636e+08 | O7: 60.818222 | P7: 3.5897607e+09 | Q7: 60.8182 | R7: 44286 | S7: 120264 | T7: 17G1 | U7: 17 | V7: LI177 | W7: 10 | X7: EQTY | Y7: 60.8182 | Z7: 60.21 | AA7: 84334 | AB7: LIC MF Flexi Cap Fund | AC7: Direct Plan Growth Option | AD7: 44285 | AE7: 61.1588 | AF7: 61.158783 | AG7: -0.3406 | AH7: -0.55691086 | AI7: -203.2725 | AJ7: -0.34056025 | AK7: -0.55684602 | AL7: -203.2488 | AM7: LIC MF Flexi Cap Fund | AN7: LIC17 | AP7: Direct | AQ7: INF767K01EG3 | AT7: 30 | AU7: LIC
A8: =K8&B8 -> LEEQTFRD | B8: =VLOOKUP(J8,'Scheme master'!A:M,13,0) -> RD | C8: =VLOOKUP(J8,'Scheme master'!A:K,11,0) -> 10 | D8: =(M8+E8)*C8/10000000 -> 13.474917 | E8: =SUMIF('PHY rollback'!A:A,J8,'PHY rollback'!G:G) -> 0 | F8: =N8/10000000 -> 25.300344 | G8: =IF(M8<=0,0,Q8) -> 18.7759 | H8: =SUMIF(K:K,K8,F:F)-P8/10000000 -> 0 | I8: =VLOOKUP(K8,'Scheme master'!D:L,9,0) -> Live | J8: LEEQTFRD | K8: LEEQTF | L8: RD | M8: 13474917 | N8: 2.5300344e+08 | O8: 18.775882 | P8: 3.5897607e+09 | Q8: 18.7759 | R8: 44286 | S8: 100312 | T8: 17DP | U8: 17 | V8: LI030 | W8: 10 | X8: EQTY | Y8: 18.7759 | Z8: 18.5881 | AA8: 84331 | AB8: LIC MF Flexi Cap Fund | AC8: Regular Plan Dividend Option | AD8: 44285 | AE8: 18.8815 | AF8: 18.881527 | AG8: -0.1056 | AH8: -0.5592776 | AI8: -204.1363 | AJ8: -0.1056455 | AK8: -0.55951779 | AL8: -204.224 | AM8: LIC MF Flexi Cap Fund | AN8: LIC17 | AP8: Regular | AQ8: INF767K01063/INF767K01055 | AT8: 30 | AU8: LIC
A9: =K9&B9 -> LEEQTFRG | B9: =VLOOKUP(J9,'Scheme master'!A:M,13,0) -> RG | C9: =VLOOKUP(J9,'Scheme master'!A:K,11,0) -> 10 | D9: =(M9+E9)*C9/10000000 -> 54.467391 | E9: =SUMIF('PHY rollback'!A:A,J9,'PHY rollback'!G:G) -> 0 | F9: =N9/10000000 -> 312.47811 | G9: =IF(M9<=0,0,Q9) -> 57.3698 | H9: =SUMIF(K:K,K9,F:F)-P9/10000000 -> 0 | I9: =VLOOKUP(K9,'Scheme master'!D:L,9,0) -> Live | J9: LEEQTFRG | K9: LEEQTF | L9: RG | M9: 54467391 | N9: 3.1247811e+09 | O9: 57.36976 | P9: 3.5897607e+09 | Q9: 57.3698 | R9: 44286 | S9: 100313 | T9: 17GP | U9: 17 | V9: LI004 | W9: 10 | X9: EQTY | Y9: 57.3698 | Z9: 56.7961 | AA9: 84332 | AB9: LIC MF Flexi Cap Fund | AC9: Regular Plan Growth Option | AD9: 44285 | AE9: 57.6926 | AF9: 57.692567 | AG9: -0.3228 | AH9: -0.55951717 | AI9: -204.2238 | AJ9: -0.32280742 | AK9: -0.55953034 | AL9: -204.2286 | AM9: LIC MF Flexi Cap Fund | AN9: LIC17 | AP9: Regular | AQ9: INF767K01071 | AT9: 30 | AU9: LIC
A10: =K10&B10 -> LEGROWDD | B10: =VLOOKUP(J10,'Scheme master'!A:M,13,0) -> DD | C10: =VLOOKUP(J10,'Scheme master'!A:K,11,0) -> 10 | D10: =(M10+E10)*C10/10000000 -> 0.3243801 | E10: =SUMIF('PHY rollback'!A:A,J10,'PHY rollback'!G:G) -> 0 | F10: =N10/10000000 -> 0.7805626 | G10: =IF(M10<=0,0,Q10) -> 24.0632 | H10: =SUMIF(K:K,K10,F:F)-P10/10000000 -> 0 | I10: =VLOOKUP(K10,'Scheme master'!D:L,9,0) -> Live | J10: LEGROWDDP | K10: LEGROW | L10: DDP | M10: 324380.1 | N10: 7805626 | O10: 24.063208 | P10: 5.0161801e+09 | Q10: 24.0632 | R10: 44286 | S10: 120268 | T10: 19D1 | U10: 19 | V10: LI174 | W10: 10 | X10: EQTY | Y10: 24.0632 | Z10: 23.8226 | AA10: 84352 | AB10: LIC MF Large Cap Fund | AC10: Direct Plan Dividend Option | AD10: 44285 | AE10: 24.2273 | AF10: 24.227253 | AG10: -0.1641 | AH10: -0.67733507 | AI10: -247.2273 | AJ10: -0.16404464 | AK10: -0.67710787 | AL10: -247.1444 | AM10: LIC MF Large Cap Fund | AN10: LIC19 | AP10: Direct | AQ10: INF767K01EI9/INF767K01EK5 | AT10: 30 | AU10: LIC
A11: =K11&B11 -> LEGROWDG | B11: =VLOOKUP(J11,'Scheme master'!A:M,13,0) -> DG | C11: =VLOOKUP(J11,'Scheme master'!A:K,11,0) -> 10 | D11: =(M11+E11)*C11/10000000 -> 32.392008 | E11: =SUMIF('PHY rollback'!A:A,J11,'PHY rollback'!G:G) -> 0 | F11: =N11/10000000 -> 118.20258 | G11: =IF(M11<=0,0,Q11) -> 36.4913 | H11: =SUMIF(K:K,K11,F:F)-P11/10000000 -> 0 | I11: =VLOOKUP(K11,'Scheme master'!D:L,9,0) -> Live | J11: LEGROWGDP | K11: LEGROW | L11: GDP | M11: 32392008 | N11: 1.1820258e+09 | O11: 36.49128 | P11: 5.0161801e+09 | Q11: 36.4913 | R11: 44286 | S11: 120267 | T11: 19G1 | U11: 19 | V11: LI175 | W11: 10 | X11: EQTY | Y11: 36.4913 | Z11: 36.1264 | AA11: 84353 | AB11: LIC MF Large Cap Fund | AC11: Direct Plan Growth Option | AD11: 44285 | AE11: 36.7401 | AF11: 36.74005 | AG11: -0.2488 | AH11: -0.67718923 | AI11: -247.1741 | AJ11: -0.24876972 | AK11: -0.67710773 | AL11: -247.1443 | AM11: LIC MF Large Cap Fund | AN11: LIC19 | AP11: Direct | AQ11: INF767K01EJ7 | AT11: 30 | AU11: LIC
A12: =K12&B12 -> LEGROWRD | B12: =VLOOKUP(J12,'Scheme master'!A:M,13,0) -> RD | C12: =VLOOKUP(J12,'Scheme master'!A:K,11,0) -> 10 | D12: =(M12+E12)*C12/10000000 -> 3.3764049 | E12: =SUMIF('PHY rollback'!A:A,J12,'PHY rollback'!G:G) -> 0 | F12: =N12/10000000 -> 6.8909371 | G12: =IF(M12<=0,0,Q12) -> 20.4091 | H12: =SUMIF(K:K,K12,F:F)-P12/10000000 -> 0 | I12: =VLOOKUP(K12,'Scheme master'!D:L,9,0) -> Live | J12: LEGROWRD | K12: LEGROW | L12: RD | M12: 3376404.9 | N12: 68909371 | O12: 20.409096 | P12: 5.0161801e+09 | Q12: 20.4091 | R12: 44286 | S12: 100332 | T12: 19DP | U12: 19 | V12: LI003 | W12: 10 | X12: EQTY | Y12: 20.4091 | Z12: 20.205 | AA12: 84350 | AB12: LIC MF Large Cap Fund | AC12: Regular Plan Dividend Option | AD12: 44285 | AE12: 20.5492 | AF12: 20.549153 | AG12: -0.1401 | AH12: -0.68177837 | AI12: -248.8491 | AJ12: -0.14005711 | AK12: -0.68157122 | AL12: -248.7735 | AM12: LIC MF Large Cap Fund | AN12: LIC19 | AP12: Regular | AQ12: INF767K01097/INF767K01089 | AT12: 30 | AU12: LIC
A13: =K13&B13 -> LEGROWRG | B13: =VLOOKUP(J13,'Scheme master'!A:M,13,0) -> RG | C13: =VLOOKUP(J13,'Scheme master'!A:K,11,0) -> 10 | D13: =(M13+E13)*C13/10000000 -> 111.18521 | E13: =SUMIF('PHY rollback'!A:A,J13,'PHY rollback'!G:G) -> 0 | F13: =N13/10000000 -> 375.74393 | G13: =IF(M13<=0,0,Q13) -> 33.7944 | H13: =SUMIF(K:K,K13,F:F)-P13/10000000 -> 0 | I13: =VLOOKUP(K13,'Scheme master'!D:L,9,0) -> Live | J13: LEGROWRG | K13: LEGROW | L13: RG | M13: 1.1118521e+08 | N13: 3.7574393e+09 | O13: 33.794416 | P13: 5.0161801e+09 | Q13: 33.7944 | R13: 44286 | S13: 106871 | T13: 19GP | U13: 19 | V13: LI115 | W13: 10 | X13: EQTY | Y13: 33.7944 | Z13: 33.4565 | AA13: 84351 | AB13: LIC MF Large Cap Fund | AC13: Regular Plan Growth Option | AD13: 44285 | AE13: 34.0263 | AF13: 34.02634 | AG13: -0.2319 | AH13: -0.68153164 | AI13: -248.759 | AJ13: -0.23192354 | AK13: -0.68160003 | AL13: -248.784 | AM13: LIC MF Large Cap Fund | AN13: LIC19 | AP13: Regular | AQ13: INF767K01105 | AT13: 30 | AU13: LIC
A14: =K14&B14 -> LDSAPFDG | B14: =VLOOKUP(J14,'Scheme master'!A:M,13,0) -> DG | C14: =VLOOKUP(J14,'Scheme master'!A:K,11,0) -> 10 | D14: =(M14+E14)*C14/10000000 -> 118.06438 | E14: =SUMIF('PHY rollback'!A:A,J14,'PHY rollback'!G:G) -> 0 | F14: =N14/10000000 -> 391.08247 | G14: =IF(M14<=0,0,Q14) -> 33.1245 | H14: =SUMIF(K:K,K14,F:F)-P14/10000000 -> 0 | I14: =VLOOKUP(K14,'Scheme master'!D:L,9,0) -> Live | J14: LDSAPFGDP | K14: LDSAPF | L14: GDP | M14: 1.1806438e+08 | N14: 3.9108247e+09 | O14: 33.124511 | P14: 8.4473015e+09 | Q14: 33.1245 | R14: 44286 | S14: 120315 | T14: 40G1 | U14: 40 | V14: LI199 | W14: 10 | X14: DEBT | Y14: 33.1245 | Z14: 33.1245 | AA14: 84285 | AB14: LIC MF Savings Fund | AC14: Direct Plan Growth Option | AD14: 44285 | AE14: 33.1147 | AF14: 33.114694 | AG14: 0.0098 | AH14: 0.029594108 | AI14: 10.8018 | AJ14: 0.0098173626 | AK14: 0.029646545 | AL14: 10.821 | AM14: LIC MF Savings Fund | AN14: LIC40 | AP14: Direct | AQ14: INF767K01FM8 | AT14: 30 | AU14: LIC
A15: =K15&B15 -> LDSAPFDDD | B15: =VLOOKUP(J15,'Scheme master'!A:M,13,0) -> DDD | C15: =VLOOKUP(J15,'Scheme master'!A:K,11,0) -> 10 | D15: =(M15+E15)*C15/10000000 -> 4.7220729 | E15: =SUMIF('PHY rollback'!A:A,J15,'PHY rollback'!G:G) -> 0 | F15: =N15/10000000 -> 4.7692936 | G15: =IF(M15<=0,0,Q15) -> 10.1 | H15: =SUMIF(K:K,K15,F:F)-P15/10000000 -> 0 | I15: =VLOOKUP(K15,'Scheme master'!D:L,9,0) -> Live | J15: LDSAPFDPD | K15: LDSAPF | L15: DPD | M15: 4722072.9 | N15: 47692936 | O15: 10.1 | P15: 8.4473015e+09 | Q15: 10.1 | R15: 44286 | S15: 120316 | T15: 40D1 | U15: 40 | V15: LI200 | W15: 10 | X15: DEBT | Y15: 10.1 | Z15: 10.1 | AA15: 84282 | AB15: LIC MF Savings Fund | AC15: Direct Plan Daily Dividend Option | AD15: 44285 | AE15: 10.1 | AF15: 10.1 | AG15: 0 | AH15: 0 | AI15: 0 | AJ15: 7.6499e-10 | AK15: 7.574158e-09 | AL15: 0 | AM15: LIC MF Savings Fund | AN15: LIC40 | AP15: Direct | AQ15: INF767K01FL0/INF767K01FN6 | AT15: 30 | AU15: LIC
A16: =K16&B16 -> LDONTFDDW | B16: =VLOOKUP(J16,'Scheme master'!A:M,13,0) -> DDW | C16: =VLOOKUP(J16,'Scheme master'!A:K,11,0) -> 1000 | D16: =(M16+E16)*C16/10000000 -> 0.0104114 | E16: =SUMIF('PHY rollback'!A:A,J16,'PHY rollback'!G:G) -> 0 | F16: =N16/10000000 -> 0.010412384 | G16: =IF(M16<=0,0,Q16) -> 1000.0945 | H16: =SUMIF(K:K,K16,F:F)-P16/10000000 -> 0 | I16: =VLOOKUP(K16,'Scheme master'!D:L,9,0) -> Live | J16: LDONTFWDP | K16: LDONTF | L16: WDP | M16: 104.114 | N16: 104123.84 | O16: 1000.0945 | P16: 1.5496953e+09 | Q16: 1000.0945 | R16: 44286 | S16: 147514 | T16: 180W1 | U16: 180 | W16: 1000 | X16: LIQD | Y16: 1000.0945 | Z16: 1000.0945 | AA16: 108999 | AB16: LIC MF Overnight Fund | AC16: Direct Plan Weekly Dividend Option | AD16: 44285 | AE16: 1000 | AF16: 1000 | AG16: 0.0945 | AH16: 0.00945 | AI16: 3.4493 | AJ16: 0.094511785 | AK16: 0.0094511785 | AL16: 3.4497 | AM16: LIC MF Overnight Fund | AN16: LIC180 | AP16: Direct | AT16: 30 | AU16: LIC
A17: =K17&B17 -> LDONTFRDW | B17: =VLOOKUP(J17,'Scheme master'!A:M,13,0) -> RDW | C17: =VLOOKUP(J17,'Scheme master'!A:K,11,0) -> 1000 | D17: =(M17+E17)*C17/10000000 -> 0 | E17: =SUMIF('PHY rollback'!A:A,J17,'PHY rollback'!G:G) -> 0 | F17: =N17/10000000 -> 0 | G17: =IF(M17<=0,0,Q17) -> 0 | H17: =SUMIF(K:K,K17,F:F)-P17/10000000 -> 0 | I17: =VLOOKUP(K17,'Scheme master'!D:L,9,0) -> Live | J17: LDONTFRWD | K17: LDONTF | L17: RWD | M17: 0 | N17: 0 | O17: 1000 | P17: 1.5496953e+09 | Q17: 1000 | R17: 44286 | S17: 147518 | T17: 180WD | U17: 180 | W17: 1000 | X17: LIQD | Y17: 1000 | Z17: 1000 | AA17: 108995 | AB17: LIC MF Overnight Fund | AC17: Regular Plan Weekly Dividend Option | AD17: 44285 | AE17: 1000 | AF17: 1000 | AG17: 0 | AH17: 0 | AI17: 0 | AJ17: 0 | AK17: 0 | AL17: 0 | AM17: LIC MF Overnight Fund | AN17: LIC180 | AP17: Regular | AT17: 30 | AU17: LIC
A18: =K18&B18 -> LDONTFRG | B18: =VLOOKUP(J18,'Scheme master'!A:M,13,0) -> RG | C18: =VLOOKUP(J18,'Scheme master'!A:K,11,0) -> 1000 | D18: =(M18+E18)*C18/10000000 -> 33.378985 | E18: =SUMIF('PHY rollback'!A:A,J18,'PHY rollback'!G:G) -> 0 | F18: =N18/10000000 -> 35.521633 | G18: =IF(M18<=0,0,Q18) -> 1064.1915 | H18: =SUMIF(K:K,K18,F:F)-P18/10000000 -> 0 | I18: =VLOOKUP(K18,'Scheme master'!D:L,9,0) -> Live | J18: LDONTFRG | K18: LDONTF | L18: RG | M18: 333789.85 | N18: 3.5521633e+08 | O18: 1064.1915 | P18: 1.5496953e+09 | Q18: 1064.1915 | R18: 44286 | S18: 147519 | T18: 180GP | U18: 180 | W18: 1000 | X18: LIQD | Y18: 1064.1915 | Z18: 1064.1915 | AA18: 108996 | AB18: LIC MF Overnight Fund | AC18: Regular Plan Growth Option | AD18: 44285 | AE18: 1064.1005 | AF18: 1064.1005 | AG18: 0.091 | AH18: 0.0085518238 | AI18: 3.1214 | AJ18: 0.091034789 | AK18: 0.0085550933 | AL18: 3.1226 | AM18: LIC MF Overnight Fund | AN18: LIC180 | AP18: Regular | AT18: 30 | AU18: LIC
A19: =K19&B19 -> LDONTFRDD | B19: =VLOOKUP(J19,'Scheme master'!A:M,13,0) -> RDD | C19: =VLOOKUP(J19,'Scheme master'!A:K,11,0) -> 1000 | D19: =(M19+E19)*C19/10000000 -> 0.0011545 | E19: =SUMIF('PHY rollback'!A:A,J19,'PHY rollback'!G:G) -> 0 | F19: =N19/10000000 -> 0.0011545 | G19: =IF(M19<=0,0,Q19) -> 1000 | H19: =SUMIF(K:K,K19,F:F)-P19/10000000 -> 0 | I19: =VLOOKUP(K19,'Scheme master'!D:L,9,0) -> Live | J19: LDONTFRDD | K19: LDONTF | L19: RDD | M19: 11.545 | N19: 11545 | O19: 1000 | P19: 1.5496953e+09 | Q19: 1000 | R19: 44286 | S19: 147517 | T19: 180DD | U19: 180 | W19: 1000 | X19: LIQD | Y19: 1000 | Z19: 1000 | AA19: 108994 | AB19: LIC MF Overnight Fund | AC19: Regular Daily Dividend Option | AD19: 44285 | AE19: 1000 | AF19: 1000 | AG19: 0 | AH19: 0 | AI19: 0 | AJ19: 0 | AK19: 0 | AL19: 0 | AM19: LIC MF Overnight Fund | AN19: LIC180 | AP19: Regular | AT19: 30 | AU19: LIC
A20: =K20&B20 -> LDONTFRD | B20: =VLOOKUP(J20,'Scheme master'!A:M,13,0) -> RD | C20: =VLOOKUP(J20,'Scheme master'!A:K,11,0) -> 1000 | D20: =(M20+E20)*C20/10000000 -> 0.001 | E20: =SUMIF('PHY rollback'!A:A,J20,'PHY rollback'!G:G) -> 0 | F20: =N20/10000000 -> 0.001064545 | G20: =IF(M20<=0,0,Q20) -> 1064.545 | H20: =SUMIF(K:K,K20,F:F)-P20/10000000 -> 0 | I20: =VLOOKUP(K20,'Scheme master'!D:L,9,0) -> Live | J20: LDONTFRD | K20: LDONTF | L20: RD | M20: 10 | N20: 10645.45 | O20: 1064.545 | P20: 1.5496953e+09 | Q20: 1064.545 | R20: 44286 | S20: 147512 | T20: 180AD | U20: 180 | W20: 1000 | X20: LIQD | Y20: 1064.545 | Z20: 1064.545 | AA20: 108993 | AB20: LIC MF Overnight Fund | AC20: Regular Plan Dividend Option | AD20: 44285 | AE20: 1064.453 | AF20: 1064.453 | AG20: 0.092 | AH20: 0.0086429368 | AI20: 3.1547 | AJ20: 0.092 | AK20: 0.0086429368 | AL20: 3.1547 | AM20: LIC MF Overnight Fund | AN20: LIC180 | AP20: Regular | AT20: 30 | AU20: LIC
A21: =K21&B21 -> LDONTFDG | B21: =VLOOKUP(J21,'Scheme master'!A:M,13,0) -> DG | C21: =VLOOKUP(J21,'Scheme master'!A:K,11,0) -> 1000 | D21: =(M21+E21)*C21/10000000 -> 108.51654 | E21: =SUMIF('PHY rollback'!A:A,J21,'PHY rollback'!G:G) -> 0 | F21: =N21/10000000 -> 115.73895 | G21: =IF(M21<=0,0,Q21) -> 1066.5558 | H21: =SUMIF(K:K,K21,F:F)-P21/10000000 -> 0 | I21: =VLOOKUP(K21,'Scheme master'!D:L,9,0) -> Live | J21: LDONTFGDP | K21: LDONTF | L21: GDP | M21: 1085165.4 | N21: 1.1573895e+09 | O21: 1066.5558 | P21: 1.5496953e+09 | Q21: 1066.5558 | R21: 44286 | S21: 147515 | T21: 180G1 | U21: 180 | W21: 1000 | X21: LIQD | Y21: 1066.5558 | Z21: 1066.5558 | AA21: 109000 | AB21: LIC MF Overnight Fund | AC21: Direct Plan Growth Option | AD21: 44285 | AE21: 1066.4608 | AF21: 1066.4608 | AG21: 0.095 | AH21: 0.0089079692 | AI21: 3.2514 | AJ21: 0.09505151 | AK21: 0.0089127994 | AL21: 3.2532 | AM21: LIC MF Overnight Fund | AN21: LIC180 | AP21: Direct | AT21: 30 | AU21: LIC
A22: =K22&B22 -> LDONTFDDD | B22: =VLOOKUP(J22,'Scheme master'!A:M,13,0) -> DDD | C22: =VLOOKUP(J22,'Scheme master'!A:K,11,0) -> 1000 | D22: =(M22+E22)*C22/10000000 -> 0.0028429 | E22: =SUMIF('PHY rollback'!A:A,J22,'PHY rollback'!G:G) -> 0 | F22: =N22/10000000 -> 0.0028429 | G22: =IF(M22<=0,0,Q22) -> 1000 | H22: =SUMIF(K:K,K22,F:F)-P22/10000000 -> 0 | I22: =VLOOKUP(K22,'Scheme master'!D:L,9,0) -> Live | J22: LDONTFDPD | K22: LDONTF | L22: DPD | M22: 28.429 | N22: 28429 | O22: 1000 | P22: 1.5496953e+09 | Q22: 1000 | R22: 44286 | S22: 147516 | T22: 180D1 | U22: 180 | W22: 1000 | X22: LIQD | Y22: 1000 | Z22: 1000 | AA22: 108998 | AB22: LIC MF Overnight Fund | AC22: Direct Plan Daily Dividend Option | AD22: 44285 | AE22: 1000 | AF22: 1000 | AG22: 0 | AH22: 0 | AI22: 0 | AJ22: 0 | AK22: 0 | AL22: 0 | AM22: LIC MF Overnight Fund | AN22: LIC180 | AP22: Direct | AT22: 30 | AU22: LIC
A23: =K23&B23 -> LECHIDDG | B23: =VLOOKUP(J23,'Scheme master'!A:M,13,0) -> DG | C23: =VLOOKUP(J23,'Scheme master'!A:K,11,0) -> 10 | D23: =(M23+E23)*C23/10000000 -> 0.37841578 | E23: =SUMIF('PHY rollback'!A:A,J23,'PHY rollback'!G:G) -> 0 | F23: =N23/10000000 -> 0.85923671 | G23: =IF(M23<=0,0,Q23) -> 22.7062 | H23: =SUMIF(K:K,K23,F:F)-P23/10000000 -> 0 | I23: =VLOOKUP(K23,'Scheme master'!D:L,9,0) -> Live | J23: LECHIDGDP | K23: LECHID | L23: GDP | M23: 378415.78 | N23: 8592367.2 | O23: 22.706154 | P23: 1.3247662e+08 | Q23: 22.7062 | R23: 44286 | S23: 120285 | T23: 35G1 | U23: 35 | V23: LI185 | W23: 10 | X23: EQTY | Y23: 22.7062 | Z23: 22.7062 | AA23: 84355 | AB23: LIC MF Children’s Gift Fund | AC23: Direct Plan Growth Option | AD23: 44285 | AE23: 22.8458 | AF23: 22.845843 | AG23: -0.1396 | AH23: -0.61105324 | AI23: -223.0344 | AJ23: -0.13968872 | AK23: -0.61144041 | AL23: -223.1758 | AM23: LIC MF Children’s Gift Fund | AN23: LIC35 | AP23: Direct | AQ23: INF767K01FB1 | AT23: 30 | AU23: LIC
A24: =K24&B24 -> LECHIDRG | B24: =VLOOKUP(J24,'Scheme master'!A:M,13,0) -> RG | C24: =VLOOKUP(J24,'Scheme master'!A:K,11,0) -> 10 | D24: =(M24+E24)*C24/10000000 -> 5.8881691 | E24: =SUMIF('PHY rollback'!A:A,J24,'PHY rollback'!G:G) -> 0 | F24: =N24/10000000 -> 12.388425 | G24: =IF(M24<=0,0,Q24) -> 21.0395 | H24: =SUMIF(K:K,K24,F:F)-P24/10000000 -> 0 | I24: =VLOOKUP(K24,'Scheme master'!D:L,9,0) -> Live | J24: LECHIDRG | K24: LECHID | L24: RG | M24: 5888169.1 | N24: 1.2388425e+08 | O24: 21.03952 | P24: 1.3247662e+08 | Q24: 21.0395 | R24: 44286 | S24: 101271 | T24: 35GP | U24: 35 | V24: LI012 | W24: 10 | X24: EQTY | Y24: 21.0395 | Z24: 21.0395 | AA24: 84354 | AB24: LIC MF Children’s Gift Fund | AC24: Regular Plan Growth Option | AD24: 44285 | AE24: 21.1696 | AF24: 21.169558 | AG24: -0.1301 | AH24: -0.6145605 | AI24: -224.3146 | AJ24: -0.13003862 | AK24: -0.61427177 | AL24: -224.2092 | AM24: LIC MF Children’s Gift Fund | AN24: LIC35 | AP24: Regular | AQ24: INF767K01048 | AT24: 30 | AU24: LIC
A25: =K25&B25 -> LUNCLFUMR | B25: =VLOOKUP(J25,'Scheme master'!A:M,13,0) -> UMR | C25: =VLOOKUP(J25,'Scheme master'!A:K,11,0) -> 10 | D25: =(M25+E25)*C25/10000000 -> 9.7729831 | E25: =SUMIF('PHY rollback'!A:A,J25,'PHY rollback'!G:G) -> 0 | F25: =N25/10000000 -> 9.7729831 | G25: =IF(M25<=0,0,Q25) -> 10 | H25: =SUMIF(K:K,K25,F:F)-P25/10000000 -> 0 | I25: =VLOOKUP(K25,'Scheme master'!D:L,9,0) -> Live | J25: LUNCLFURM | K25: LUNCLF | L25: URM | M25: 9772983.1 | N25: 97729831 | O25: 10 | P25: 1.490687e+08 | Q25: 10 | R25: 44286 | S25: 0 | T25: 139GR | U25: 139 | V25: 0 | W25: 10 | X25: DEBT | Y25: 10 | Z25: 10 | AA25: 84309 | AB25: LIC MF Unclaimed Redemption & Div Fund | AC25: Unclaimed Redemption more than 3 yrs | AD25: 44285 | AE25: 10 | AF25: 10 | AG25: 0 | AH25: 0 | AI25: 0 | AJ25: -1.065285e-08 | AK25: -1.065285e-07 | AL25: 0 | AM25: LIC MF Unclaimed Redemption & Dividend Fund | AN25: LIC139 | AP25: Unclaimed | AT25: 30 | AU25: LIC
A26: =K26&B26 -> LUNCLFULR | B26: =VLOOKUP(J26,'Scheme master'!A:M,13,0) -> ULR | C26: =VLOOKUP(J26,'Scheme master'!A:K,11,0) -> 10 | D26: =(M26+E26)*C26/10000000 -> 0.96512356 | E26: =SUMIF('PHY rollback'!A:A,J26,'PHY rollback'!G:G) -> 0 | F26: =N26/10000000 -> 1.2601593 | G26: =IF(M26<=0,0,Q26) -> 13.057 | H26: =SUMIF(K:K,K26,F:F)-P26/10000000 -> 0 | I26: =VLOOKUP(K26,'Scheme master'!D:L,9,0) -> Live | J26: LUNCLFURL | K26: LUNCLF | L26: URL | M26: 965123.56 | N26: 12601593 | O26: 13.056974 | P26: 1.490687e+08 | Q26: 13.057 | R26: 44286 | S26: 0 | T26: 139LR | U26: 139 | V26: 0 | W26: 10 | X26: DEBT | Y26: 13.057 | Z26: 13.057 | AA26: 84307 | AB26: LIC MF Unclaimed Redemption & Div Fund | AC26: Unclaimed Redemption less than 3 yrs | AD26: 44285 | AE26: 13.0491 | AF26: 13.049148 | AG26: 0.0079 | AH26: 0.060540574 | AI26: 22.0973 | AJ26: 0.0078257923 | AK26: 0.059971672 | AL26: 21.8897 | AM26: LIC MF Unclaimed Redemption & Dividend Fund | AN26: LIC139 | AP26: Unclaimed | AT26: 30 | AU26: LIC
A27: =K27&B27 -> LUNCLFUMD | B27: =VLOOKUP(J27,'Scheme master'!A:M,13,0) -> UMD | C27: =VLOOKUP(J27,'Scheme master'!A:K,11,0) -> 10 | D27: =(M27+E27)*C27/10000000 -> 3.3948293 | E27: =SUMIF('PHY rollback'!A:A,J27,'PHY rollback'!G:G) -> 0 | F27: =N27/10000000 -> 3.3948293 | G27: =IF(M27<=0,0,Q27) -> 10 | H27: =SUMIF(K:K,K27,F:F)-P27/10000000 -> 0 | I27: =VLOOKUP(K27,'Scheme master'!D:L,9,0) -> Live | J27: LUNCLFUDM | K27: LUNCLF | L27: UDM | M27: 3394829.3 | N27: 33948293 | O27: 10 | P27: 1.490687e+08 | Q27: 10 | R27: 44286 | S27: 0 | T27: 139GD | U27: 139 | V27: 0 | W27: 10 | X27: DEBT | Y27: 10 | Z27: 10 | AA27: 84308 | AB27: LIC MF Unclaimed Redemption & Div Fund | AC27: Unclaimed Dividend more than 3 yrs | AD27: 44285 | AE27: 10 | AF27: 10 | AG27: 0 | AH27: 0 | AI27: 0 | AJ27: -2.9497e-09 | AK27: -2.9496999e-08 | AL27: 0 | AM27: LIC MF Unclaimed Redemption & Dividend Fund | AN27: LIC139 | AP27: Unclaimed | AT27: 30 | AU27: LIC
A28: =K28&B28 -> LUNCLFULD | B28: =VLOOKUP(J28,'Scheme master'!A:M,13,0) -> ULD | C28: =VLOOKUP(J28,'Scheme master'!A:K,11,0) -> 10 | D28: =(M28+E28)*C28/10000000 -> 0.36699425 | E28: =SUMIF('PHY rollback'!A:A,J28,'PHY rollback'!G:G) -> 0 | F28: =N28/10000000 -> 0.4788986 | G28: =IF(M28<=0,0,Q28) -> 13.0492 | H28: =SUMIF(K:K,K28,F:F)-P28/10000000 -> 0 | I28: =VLOOKUP(K28,'Scheme master'!D:L,9,0) -> Live | J28: LUNCLFUDL | K28: LUNCLF | L28: UDL | M28: 366994.25 | N28: 4788986 | O28: 13.049213 | P28: 1.490687e+08 | Q28: 13.0492 | R28: 44286 | S28: 0 | T28: 139LD | U28: 139 | V28: 0 | W28: 10 | X28: DEBT | Y28: 13.0492 | Z28: 13.0492 | AA28: 84306 | AB28: LIC MF Unclaimed Redemption & Div Fund | AC28: Unclaimed Dividend less than 3 yrs | AD28: 44285 | AE28: 13.0473 | AF28: 13.047325 | AG28: 0.0019 | AH28: 0.0145624 | AI28: 5.3153 | AJ28: 0.0018880568 | AK28: 0.014470835 | AL28: 5.2819 | AM28: LIC MF Unclaimed Redemption & Dividend Fund | AN28: LIC139 | AP28: Unclaimed | AT28: 30 | AU28: LIC
A29: =K29&B29 -> LSPLUSRG | B29: =VLOOKUP(J29,'Scheme master'!A:M,13,0) -> RG | C29: =VLOOKUP(J29,'Scheme master'!A:K,11,0) -> 10 | D29: =(M29+E29)*C29/10000000 -> 139.8337 | E29: =SUMIF('PHY rollback'!A:A,J29,'PHY rollback'!G:G) -> 0 | F29: =N29/10000000 -> 306.69112 | G29: =IF(M29<=0,0,Q29) -> 21.9326 | H29: =SUMIF(K:K,K29,F:F)-P29/10000000 -> 0 | I29: =VLOOKUP(K29,'Scheme master'!D:L,9,0) -> Live | J29: LSPLUSG | K29: LSPLUS | L29: G | M29: 1.398337e+08 | N29: 3.0669112e+09 | O29: 21.932562 | P29: 3.0669112e+09 | Q29: 21.9326 | R29: 44286 | S29: 0 | T29: 0 | U29: 89 | V29: 0 | W29: 10 | X29: DEBT | Y29: 21.9326 | Z29: 21.9326 | AA29: 84378 | AB29: LIC MF Special Unit Scheme | AC29: Growth Option | AD29: 44285 | AE29: 21.9205 | AF29: 21.920528 | AG29: 0.0121 | AH29: 0.055199471 | AI29: 20.1478 | AJ29: 0.012033566 | AK29: 0.054896333 | AL29: 20.0372 | AM29: LIC Special Unit Scheme | AN29: LIC89 | AP29: Growth | AT29: 30 | AU29: LIC
A30: =K30&B30 -> LLIQDFRG | B30: =VLOOKUP(J30,'Scheme master'!A:M,13,0) -> RG | C30: =VLOOKUP(J30,'Scheme master'!A:K,11,0) -> 1000 | D30: =(M30+E30)*C30/10000000 -> 468.97703 | E30: =SUMIF('PHY rollback'!A:A,J30,'PHY rollback'!G:G) -> 0 | F30: =N30/10000000 -> 1736.5602 | G30: =IF(M30<=0,0,Q30) -> 3702.8684 | H30: =SUMIF(K:K,K30,F:F)-P30/10000000 -> 0 | I30: =VLOOKUP(K30,'Scheme master'!D:L,9,0) -> Live | J30: LLIQDFRG | K30: LLIQDF | L30: RG | M30: 4689770.3 | N30: 1.7365602e+10 | O30: 3702.8684 | P30: 6.6578511e+10 | Q30: 3702.8684 | R30: 44286 | S30: 101185 | T30: 36GP | U30: 36 | V30: LI014 | W30: 1000 | X30: LIQD | Y30: 3702.8684 | Z30: 3702.8684 | AA30: 84375 | AB30: LIC MF Liquid Fund | AC30: Regular Plan Growth Option | AD30: 44285 | AE30: 3702.5285 | AF30: 3702.5285 | AG30: 0.3399 | AH30: 0.0091802129 | AI30: 3.3508 | AJ30: 0.33988556 | AK30: 0.0091798229 | AL30: 3.3506 | AM30: LIC MF Liquid Fund | AN30: LIC36 | AP30: Regular | AQ30: INF767K01IS9 | AT30: 30 | AU30: LIC
A31: =K31&B31 -> LLIQDFRDD | B31: =VLOOKUP(J31,'Scheme master'!A:M,13,0) -> RDD | C31: =VLOOKUP(J31,'Scheme master'!A:K,11,0) -> 1000 | D31: =(M31+E31)*C31/10000000 -> 36.292115 | E31: =SUMIF('PHY rollback'!A:A,J31,'PHY rollback'!G:G) -> 0 | F31: =N31/10000000 -> 39.848742 | G31: =IF(M31<=0,0,Q31) -> 1098 | H31: =SUMIF(K:K,K31,F:F)-P31/10000000 -> 0 | I31: =VLOOKUP(K31,'Scheme master'!D:L,9,0) -> Live | J31: LLIQDFRDD | K31: LLIQDF | L31: RDD | M31: 362921.15 | N31: 3.9848742e+08 | O31: 1098 | P31: 6.6578511e+10 | Q31: 1098 | R31: 44286 | S31: 101184 | T31: 36DP | U31: 36 | V31: LI013 | W31: 1000 | X31: LIQD | Y31: 1098 | Z31: 1098 | AA31: 84374 | AB31: LIC MF Liquid Fund | AC31: Regular Daily Dividend Option | AD31: 44285 | AE31: 1098 | AF31: 1098 | AG31: 0 | AH31: 0 | AI31: 0 | AJ31: -2.732329e-08 | AK31: -2.488459e-09 | AL31: 0 | AM31: LIC MF Liquid Fund | AN31: LIC36 | AP31: Regular | AQ31: INF767K01IQ3/INF767K01IR1 | AT31: 30 | AU31: LIC
A32: =K32&B32 -> LLIQDFDG | B32: =VLOOKUP(J32,'Scheme master'!A:M,13,0) -> DG | C32: =VLOOKUP(J32,'Scheme master'!A:K,11,0) -> 1000 | D32: =(M32+E32)*C32/10000000 -> 1288.6054 | E32: =SUMIF('PHY rollback'!A:A,J32,'PHY rollback'!G:G) -> 0 | F32: =N32/10000000 -> 4815.3604 | G32: =IF(M32<=0,0,Q32) -> 3736.8776 | H32: =SUMIF(K:K,K32,F:F)-P32/10000000 -> 0 | I32: =VLOOKUP(K32,'Scheme master'!D:L,9,0) -> Live | J32: LLIQDFGDP | K32: LLIQDF | L32: GDP | M32: 12886054 | N32: 4.8153604e+10 | O32: 3736.8776 | P32: 6.6578511e+10 | Q32: 3736.8776 | R32: 44286 | S32: 120249 | T32: 36G1 | U32: 36 | V32: LI187 | W32: 1000 | X32: LIQD | Y32: 3736.8776 | Z32: 3736.8776 | AA32: 84377 | AB32: LIC MF Liquid Fund | AC32: Direct Plan Growth Option | AD32: 44285 | AE32: 3736.5202 | AF32: 3736.5202 | AG32: 0.3574 | AH32: 0.0095650493 | AI32: 3.4912 | AJ32: 0.35734928 | AK32: 0.0095636919 | AL32: 3.4907 | AM32: LIC MF Liquid Fund | AN32: LIC36 | AP32: Direct | AQ32: INF767K01DN1 | AT32: 30 | AU32: LIC
A33: =K33&B33 -> LLIQDFDDD | B33: =VLOOKUP(J33,'Scheme master'!A:M,13,0) -> DDD | C33: =VLOOKUP(J33,'Scheme master'!A:K,11,0) -> 1000 | D33: =(M33+E33)*C33/10000000 -> 60.183732 | E33: =SUMIF('PHY rollback'!A:A,J33,'PHY rollback'!G:G) -> 0 | F33: =N33/10000000 -> 66.081737 | G33: =IF(M33<=0,0,Q33) -> 1098 | H33: =SUMIF(K:K,K33,F:F)-P33/10000000 -> 0 | I33: =VLOOKUP(K33,'Scheme master'!D:L,9,0) -> Live | J33: LLIQDFDDP | K33: LLIQDF | L33: DDP | M33: 601837.32 | N33: 6.6081737e+08 | O33: 1098 | P33: 6.6578511e+10 | Q33: 1098 | R33: 44286 | S33: 120248 | T33: 36D1 | U33: 36 | V33: LI186 | W33: 1000 | X33: LIQD | Y33: 1098 | Z33: 1098 | AA33: 84376 | AB33: LIC MF Liquid Fund | AC33: Direct Plan Dividend Option | AD33: 44285 | AE33: 1098 | AF33: 1098 | AG33: 0 | AH33: 0 | AI33: 0 | AJ33: 9.89634e-09 | AK33: 9.01306e-10 | AL33: 0 | AM33: LIC MF Liquid Fund | AN33: LIC36 | AP33: Direct | AQ33: INF767K01DL5/INF767K01DM3 | AT33: 30 | AU33: LIC
A34: =K34&B34 -> LEULISRD | B34: =VLOOKUP(J34,'Scheme master'!A:M,13,0) -> RD | C34: =VLOOKUP(J34,'Scheme master'!A:K,11,0) -> 10 | D34: =(M34+E34)*C34/10000000 -> 150.71273 | E34: =SUMIF('PHY rollback'!A:A,J34,'PHY rollback'!G:G) -> 0 | F34: =N34/10000000 -> 336.53548 | G34: =IF(M34<=0,0,Q34) -> 22.3296 | H34: =SUMIF(K:K,K34,F:F)-P34/10000000 -> 0 | I34: =VLOOKUP(K34,'Scheme master'!D:L,9,0) -> Live | J34: LEULISRD | K34: LEULIS | L34: RD | M34: 1.5071273e+08 | N34: 3.3653548e+09 | O34: 22.329599 | P34: 3.4681242e+09 | Q34: 22.3296 | R34: 44286 | S34: 100325 | T34: 02VS | U34: 2 | V34: LI008 | W34: 10 | X34: EQTY | Y34: 22.3296 | Z34: 22.3296 | AA34: 84317 | AB34: LIC MF Unit Linked Insurance Sch(ULIS) | AC34: Regular Plan Dividend Option | AD34: 44285 | AE34: 22.4249 | AF34: 22.424905 | AG34: -0.0953 | AH34: -0.42497402 | AI34: -155.1155 | AJ34: -0.095305556 | AK34: -0.42499871 | AL34: -155.1245 | AM34: LIC MF Unit Linked Insurance Scheme | AN34: LIC02 | AP34: Regular | AQ34: INF767K01964 | AT34: 30 | AU34: LIC
A35: =K35&B35 -> LEULISDD | B35: =VLOOKUP(J35,'Scheme master'!A:M,13,0) -> DD | C35: =VLOOKUP(J35,'Scheme master'!A:K,11,0) -> 10 | D35: =(M35+E35)*C35/10000000 -> 4.3110638 | E35: =SUMIF('PHY rollback'!A:A,J35,'PHY rollback'!G:G) -> 0 | F35: =N35/10000000 -> 10.276934 | G35: =IF(M35<=0,0,Q35) -> 23.8385 | H35: =SUMIF(K:K,K35,F:F)-P35/10000000 -> 0 | I35: =VLOOKUP(K35,'Scheme master'!D:L,9,0) -> Live | J35: LEULISDDP | K35: LEULIS | L35: DDP | M35: 4311063.8 | N35: 1.0276934e+08 | O35: 23.83851 | P35: 3.4681242e+09 | Q35: 23.8385 | R35: 44286 | S35: 120259 | T35: 02V4 | U35: 2 | V35: LI182 | W35: 10 | X35: EQTY | Y35: 23.8385 | Z35: 23.8385 | AA35: 84318 | AB35: LIC MF Unit Linked Insurance Sch(ULIS) | AC35: Direct Plan Dividend Option | AD35: 44285 | AE35: 23.9398 | AF35: 23.939784 | AG35: -0.1013 | AH35: -0.42314472 | AI35: -154.4478 | AJ35: -0.10127395 | AK35: -0.42303617 | AL35: -154.4082 | AM35: LIC MF Unit Linked Insurance Scheme | AN35: LIC02 | AP35: Direct | AQ35: INF767K01DO9 | AT35: 30 | AU35: LIC
A36: =K36&B36 -> LETFSXRG | B36: =VLOOKUP(J36,'Scheme master'!A:M,13,0) -> RG | C36: =VLOOKUP(J36,'Scheme master'!A:K,11,0) -> 10 | D36: =(M36+E36)*C36/10000000 -> 10.402513 | E36: =SUMIF('PHY rollback'!A:A,J36,'PHY rollback'!G:G) -> 0 | F36: =N36/10000000 -> 548.13544 | G36: =IF(M36<=0,0,Q36) -> 526.926 | H36: =SUMIF(K:K,K36,F:F)-P36/10000000 -> 0 | I36: =VLOOKUP(K36,'Scheme master'!D:L,9,0) -> Live | J36: LETFSXG | K36: LETFSX | L36: G | M36: 10402513 | N36: 5.4813544e+09 | O36: 526.92598 | P36: 5.4813544e+09 | Q36: 526.926 | R36: 44286 | S36: 135672 | T36: 176GP | U36: 176 | V36: LI437 | W36: 10 | X36: EQTY | Y36: 526.926 | Z36: 526.926 | AA36: 84344 | AB36: LIC MF ETF-Sensex | AC36: Growth Option | AD36: 44285 | AE36: 533.5919 | AF36: 533.59194 | AG36: -6.6659 | AH36: -1.2492506 | AI36: -455.9765 | AJ36: -6.6659546 | AK36: -1.2492607 | AL36: -455.9802 | AM36: LIC MF Exchange Traded Fund-Sensex | AN36: LIC176 | AP36: Growth | AQ36: INF767K01OT5 | AR36: 539487 | AS36: LICNETFSEN | AT36: 30 | AU36: LIC
A37: =K37&B37 -> LETF50RG | B37: =VLOOKUP(J37,'Scheme master'!A:M,13,0) -> RG | C37: =VLOOKUP(J37,'Scheme master'!A:K,11,0) -> 10 | D37: =(M37+E37)*C37/10000000 -> 42.935671 | E37: =SUMIF('PHY rollback'!A:A,J37,'PHY rollback'!G:G) -> 0 | F37: =N37/10000000 -> 666.8968 | G37: =IF(M37<=0,0,Q37) -> 155.3246 | H37: =SUMIF(K:K,K37,F:F)-P37/10000000 -> 0 | I37: =VLOOKUP(K37,'Scheme master'!D:L,9,0) -> Live | J37: LETF50G | K37: LETF50 | L37: G | M37: 42935671 | N37: 6.668968e+09 | O37: 155.32465 | P37: 6.668968e+09 | Q37: 155.3246 | R37: 44286 | S37: 135607 | T37: 175GP | U37: 175 | V37: LI436 | W37: 10 | X37: EQTY | Y37: 155.3246 | Z37: 155.3246 | AA37: 84343 | AB37: LIC MF ETF-Nifty 50 | AC37: Growth Option | AD37: 44285 | AE37: 156.972 | AF37: 156.97196 | AG37: -1.6474 | AH37: -1.0494865 | AI37: -383.0626 | AJ37: -1.6473108 | AK37: -1.04943 | AL37: -383.042 | AM37: LIC MF ETF-Nifty 50 | AN37: LIC175 | AP37: Growth | AQ37: INF767K01OS7 | AR37: 539480 | AS37: LICNETFN50 | AT37: 30 | AU37: LIC
A38: =K38&B38 -> LDMIPFDDA | B38: =VLOOKUP(J38,'Scheme master'!A:M,13,0) -> DDA | C38: =VLOOKUP(J38,'Scheme master'!A:K,11,0) -> 10 | D38: =(M38+E38)*C38/10000000 -> 0.029307338 | E38: =SUMIF('PHY rollback'!A:A,J38,'PHY rollback'!G:G) -> 0 | F38: =N38/10000000 -> 0.037539665 | G38: =IF(M38<=0,0,Q38) -> 12.809 | H38: =SUMIF(K:K,K38,F:F)-P38/10000000 -> 0 | I38: =VLOOKUP(K38,'Scheme master'!D:L,9,0) -> Live | J38: LDMIPFYDP | K38: LDMIPF | L38: YDP | M38: 29307.338 | N38: 375396.65 | O38: 12.808964 | P38: 8.0134944e+08 | Q38: 12.809 | R38: 44286 | S38: 120275 | T38: 31Y1 | U38: 31 | V38: LI195 | W38: 10 | X38: DEBT | Y38: 12.809 | Z38: 12.6809 | AA38: 84266 | AB38: LIC MF Debt Hybrid Fund | AC38: Direct Plan Annual Dividend Option | AD38: 44285 | AE38: 12.8402 | AF38: 12.840189 | AG38: -0.0312 | AH38: -0.24298687 | AI38: -88.6902 | AJ38: -0.031224262 | AK38: -0.24317604 | AL38: -88.7593 | AM38: LIC MF Debt Hybrid Fund | AN38: LIC31 | AP38: Direct | AQ38: INF767K01ER0/INF767K01EU4 | AT38: 30 | AU38: LIC
A39: =K39&B39 -> LDONTFDD | B39: =VLOOKUP(J39,'Scheme master'!A:M,13,0) -> DD | C39: =VLOOKUP(J39,'Scheme master'!A:K,11,0) -> 1000 | D39: =(M39+E39)*C39/10000000 -> 3.463797 | E39: =SUMIF('PHY rollback'!A:A,J39,'PHY rollback'!G:G) -> 0 | F39: =N39/10000000 -> 3.6934735 | G39: =IF(M39<=0,0,Q39) -> 1066.3077 | H39: =SUMIF(K:K,K39,F:F)-P39/10000000 -> 0 | I39: =VLOOKUP(K39,'Scheme master'!D:L,9,0) -> Live | J39: LDONTFDDP | K39: LDONTF | L39: DDP | M39: 34637.97 | N39: 36934735 | O39: 1066.3077 | P39: 1.5496953e+09 | Q39: 1066.3077 | R39: 44286 | S39: 147513 | T39: 180A1 | U39: 180 | W39: 1000 | X39: LIQD | Y39: 1066.3077 | Z39: 1066.3077 | AA39: 108997 | AB39: LIC MF Overnight Fund | AC39: Direct Plan Dividend Option | AD39: 44285 | AE39: 1066.2127 | AF39: 1066.2127 | AG39: 0.095 | AH39: 0.0089100421 | AI39: 3.2522 | AJ39: 0.095034438 | AK39: 0.008913272 | AL39: 3.2533 | AM39: LIC MF Overnight Fund | AN39: LIC180 | AP39: Direct | AT39: 30 | AU39: LIC
A40: =K40&B40 -> LEINFADD | B40: =VLOOKUP(J40,'Scheme master'!A:M,13,0) -> DD | C40: =VLOOKUP(J40,'Scheme master'!A:K,11,0) -> 10 | D40: =(M40+E40)*C40/10000000 -> 0.10075115 | E40: =SUMIF('PHY rollback'!A:A,J40,'PHY rollback'!G:G) -> 0 | F40: =N40/10000000 -> 0.18638451 | G40: =IF(M40<=0,0,Q40) -> 18.4995 | H40: =SUMIF(K:K,K40,F:F)-P40/10000000 -> 0 | I40: =VLOOKUP(K40,'Scheme master'!D:L,9,0) -> Live | J40: LEINFADDP | K40: LEINFA | L40: DDP | M40: 100751.14 | N40: 1863845.1 | O40: 18.499493 | P40: 6.2496044e+08 | Q40: 18.4995 | R40: 44286 | S40: 120350 | T40: 86D1 | U40: 86 | V40: LI221 | W40: 10 | X40: EQTY | Y40: 18.4995 | Z40: 18.3145 | AA40: 84366 | AB40: LIC MF Infrastructure Fund | AC40: Direct Plan Dividend Option | AD40: 44285 | AE40: 18.5242 | AF40: 18.524174 | AG40: -0.0247 | AH40: -0.13333909 | AI40: -48.6688 | AJ40: -0.024680895 | AK40: -0.13323615 | AL40: -48.6312 | AM40: LIC MF Infrastructure Fund | AN40: LIC86 | AP40: Direct | AQ40: INF767K01GV7/INF767K01GX3 | AT40: 30 | AU40: LIC
A41: =K41&B41 -> LEINFADG | B41: =VLOOKUP(J41,'Scheme master'!A:M,13,0) -> DG | C41: =VLOOKUP(J41,'Scheme master'!A:K,11,0) -> 10 | D41: =(M41+E41)*C41/10000000 -> 2.3158716 | E41: =SUMIF('PHY rollback'!A:A,J41,'PHY rollback'!G:G) -> 0 | F41: =N41/10000000 -> 4.3411293 | G41: =IF(M41<=0,0,Q41) -> 18.7451 | H41: =SUMIF(K:K,K41,F:F)-P41/10000000 -> 0 | I41: =VLOOKUP(K41,'Scheme master'!D:L,9,0) -> Live | J41: LEINFAGDP | K41: LEINFA | L41: GDP | M41: 2315871.6 | N41: 43411293 | O41: 18.745121 | P41: 6.2496044e+08 | Q41: 18.7451 | R41: 44286 | S41: 120351 | T41: 86G1 | U41: 86 | V41: LI222 | W41: 10 | X41: EQTY | Y41: 18.7451 | Z41: 18.5576 | AA41: 84367 | AB41: LIC MF Infrastructure Fund | AC41: Direct Plan Growth Option | AD41: 44285 | AE41: 18.77 | AF41: 18.770022 | AG41: -0.0249 | AH41: -0.1326585 | AI41: -48.4204 | AJ41: -0.024901215 | AK41: -0.13266481 | AL41: -48.4227 | AM41: LIC MF Infrastructure Fund | AN41: LIC86 | AP41: Direct | AQ41: INF767K01GW5 | AT41: 30 | AU41: LIC
A42: =K42&B42 -> LEINFARD | B42: =VLOOKUP(J42,'Scheme master'!A:M,13,0) -> RD | C42: =VLOOKUP(J42,'Scheme master'!A:K,11,0) -> 10 | D42: =(M42+E42)*C42/10000000 -> 2.4537502 | E42: =SUMIF('PHY rollback'!A:A,J42,'PHY rollback'!G:G) -> 0 | F42: =N42/10000000 -> 4.2407034 | G42: =IF(M42<=0,0,Q42) -> 17.2825 | H42: =SUMIF(K:K,K42,F:F)-P42/10000000 -> 0 | I42: =VLOOKUP(K42,'Scheme master'!D:L,9,0) -> Live | J42: LEINFARD | K42: LEINFA | L42: RD | M42: 2453750.2 | N42: 42407034 | O42: 17.282539 | P42: 6.2496044e+08 | Q42: 17.2825 | R42: 44286 | S42: 107764 | T42: 86DP | U42: 86 | V42: LI124 | W42: 10 | X42: EQTY | Y42: 17.2825 | Z42: 17.1097 | AA42: 84364 | AB42: LIC MF Infrastructure Fund | AC42: Regular Plan Dividend Option | AD42: 44285 | AE42: 17.3061 | AF42: 17.306132 | AG42: -0.0236 | AH42: -0.1363681 | AI42: -49.7744 | AJ42: -0.023592716 | AK42: -0.13632576 | AL42: -49.7589 | AM42: LIC MF Infrastructure Fund | AN42: LIC86 | AP42: Regular | AQ42: INF767K01485/INF767K01493 | AT42: 30 | AU42: LIC
A43: =K43&B43 -> LEINFARG | B43: =VLOOKUP(J43,'Scheme master'!A:M,13,0) -> RG | C43: =VLOOKUP(J43,'Scheme master'!A:K,11,0) -> 10 | D43: =(M43+E43)*C43/10000000 -> 31.089711 | E43: =SUMIF('PHY rollback'!A:A,J43,'PHY rollback'!G:G) -> 0 | F43: =N43/10000000 -> 53.727827 | G43: =IF(M43<=0,0,Q43) -> 17.2815 | H43: =SUMIF(K:K,K43,F:F)-P43/10000000 -> 0 | I43: =VLOOKUP(K43,'Scheme master'!D:L,9,0) -> Live | J43: LEINFARG | K43: LEINFA | L43: RG | M43: 31089711 | N43: 5.3727827e+08 | O43: 17.281546 | P43: 6.2496044e+08 | Q43: 17.2815 | R43: 44286 | S43: 107763 | T43: 86GP | U43: 86 | V43: LI125 | W43: 10 | X43: EQTY | Y43: 17.2815 | Z43: 17.1087 | AA43: 84365 | AB43: LIC MF Infrastructure Fund | AC43: Regular Plan Growth Option | AD43: 44285 | AE43: 17.3051 | AF43: 17.305139 | AG43: -0.0236 | AH43: -0.13637598 | AI43: -49.7772 | AJ43: -0.023593624 | AK43: -0.13633883 | AL43: -49.7637 | AM43: LIC MF Infrastructure Fund | AN43: LIC86 | AP43: Regular | AQ43: INF767K01501 | AT43: 30 | AU43: LIC
A44: =K44&B44 -> LEINNFDD | B44: =VLOOKUP(J44,'Scheme master'!A:M,13,0) -> DD | C44: =VLOOKUP(J44,'Scheme master'!A:K,11,0) -> 10 | D44: =(M44+E44)*C44/10000000 -> 0.042070695 | E44: =SUMIF('PHY rollback'!A:A,J44,'PHY rollback'!G:G) -> 0 | F44: =N44/10000000 -> 0.13047532 | G44: =IF(M44<=0,0,Q44) -> 31.0134 | H44: =SUMIF(K:K,K44,F:F)-P44/10000000 -> 0 | I44: =VLOOKUP(K44,'Scheme master'!D:L,9,0) -> Live | J44: LEINNFDDP | K44: LEINNF | L44: DDP | M44: 42070.695 | N44: 1304753.2 | O44: 31.013351 | P44: 4.2942816e+08 | Q44: 31.0134 | R44: 44286 | S44: 120309 | T44: 38D1 | U44: 38 | V44: LI190 | W44: 10 | X44: EQTY | Y44: 31.0134 | Z44: 30.7033 | AA44: 84362 | AB44: LIC MF Index Fund-Nifty Plan | AC44: Direct Plan Dividend Option | AD44: 44285 | AE44: 31.3405 | AF44: 31.340516 | AG44: -0.3271 | AH44: -1.0436975 | AI44: -380.9496 | AJ44: -0.32716468 | AK44: -1.0439033 | AL44: -381.0247 | AM44: LIC MF Index Fund-Nifty Plan | AN44: LIC38 | AP44: Direct | AQ44: INF767K01FG0/INF767K01FH8 | AT44: 30 | AU44: LIC
A45: =K45&B45 -> LEINNFDG | B45: =VLOOKUP(J45,'Scheme master'!A:M,13,0) -> DG | C45: =VLOOKUP(J45,'Scheme master'!A:K,11,0) -> 10 | D45: =(M45+E45)*C45/10000000 -> 2.1559812 | E45: =SUMIF('PHY rollback'!A:A,J45,'PHY rollback'!G:G) -> 0 | F45: =N45/10000000 -> 18.143196 | G45: =IF(M45<=0,0,Q45) -> 84.1528 | H45: =SUMIF(K:K,K45,F:F)-P45/10000000 -> 0 | I45: =VLOOKUP(K45,'Scheme master'!D:L,9,0) -> Live | J45: LEINNFGDP | K45: LEINNF | L45: GDP | M45: 2155981.2 | N45: 1.8143196e+08 | O45: 84.152846 | P45: 4.2942816e+08 | Q45: 84.1528 | R45: 44286 | S45: 120307 | T45: 38G1 | U45: 38 | V45: LI191 | W45: 10 | X45: EQTY | Y45: 84.1528 | Z45: 83.3113 | AA45: 84363 | AB45: LIC MF Index Fund-Nifty Plan | AC45: Direct Plan Growth Option | AD45: 44285 | AE45: 85.0406 | AF45: 85.04058 | AG45: -0.8878 | AH45: -1.0439719 | AI45: -381.0498 | AJ45: -0.88773359 | AK45: -1.0438941 | AL45: -381.0213 | AM45: LIC MF Index Fund-Nifty Plan | AN45: LIC38 | AP45: Direct | AQ45: INF767K01FF2 | AT45: 30 | AU45: LIC
A46: =K46&B46 -> LEINNFRD | B46: =VLOOKUP(J46,'Scheme master'!A:M,13,0) -> RD | C46: =VLOOKUP(J46,'Scheme master'!A:K,11,0) -> 10 | D46: =(M46+E46)*C46/10000000 -> 0.79739138 | E46: =SUMIF('PHY rollback'!A:A,J46,'PHY rollback'!G:G) -> 0 | F46: =N46/10000000 -> 2.3752085 | G46: =IF(M46<=0,0,Q46) -> 29.7872 | H46: =SUMIF(K:K,K46,F:F)-P46/10000000 -> 0 | I46: =VLOOKUP(K46,'Scheme master'!D:L,9,0) -> Live | J46: LEINNFRD | K46: LEINNF | L46: RD | M46: 797391.38 | N46: 23752085 | O46: 29.787236 | P46: 4.2942816e+08 | Q46: 29.7872 | R46: 44286 | S46: 101200 | T46: 38ND | U46: 38 | V46: LI027 | W46: 10 | X46: EQTY | Y46: 29.7872 | Z46: 29.4893 | AA46: 84360 | AB46: LIC MF Index Fund-Nifty Plan | AC46: Regular Plan Dividend Option | AD46: 44285 | AE46: 30.1019 | AF46: 30.101919 | AG46: -0.3147 | AH46: -1.045449 | AI46: -381.5889 | AJ46: -0.31468366 | AK46: -1.045394 | AL46: -381.5688 | AM46: LIC MF Index Fund-Nifty Plan | AN46: LIC38 | AP46: Regular | AQ46: INF767K01154/INF767K01147 | AT46: 30 | AU46: LIC
A47: =K47&B47 -> LDINPFRDD | B47: =VLOOKUP(J47,'Scheme master'!A:M,13,0) -> RDD | C47: =VLOOKUP(J47,'Scheme master'!A:K,11,0) -> 10 | D47: =(M47+E47)*C47/10000000 -> 3.8281529 | E47: =SUMIF('PHY rollback'!A:A,J47,'PHY rollback'!G:G) -> 0 | F47: =N47/10000000 -> 4.0414558 | G47: =IF(M47<=0,0,Q47) -> 10.5572 | H47: =SUMIF(K:K,K47,F:F)-P47/10000000 -> 0 | I47: =VLOOKUP(K47,'Scheme master'!D:L,9,0) -> Live | J47: LDINPFRDD | K47: LDINPF | L47: RDD | M47: 3828152.9 | N47: 40414558 | O47: 10.557195 | P47: 2.1852088e+10 | Q47: 10.5572 | R47: 44286 | S47: 105822 | T47: 72DD | U47: 72 | V47: LI095 | W47: 10 | X47: DEBT | Y47: 10.5572 | Z47: 10.5572 | AA47: 84286 | AB47: LIC MF Banking & PSU Debt Fund | AC47: Regular Daily Dividend Option | AD47: 44285 | AE47: 10.5545 | AF47: 10.554486 | AG47: 0.0027 | AH47: 0.025581506 | AI47: 9.3372 | AJ47: 0.0027096733 | AK47: 0.025673192 | AL47: 9.3707 | AM47: LIC MF Banking & PSU Debt Fund | AN47: LIC72 | AP47: Regular | AQ47: INF767K01519/INF767K01527 | AT47: 30 | AU47: LIC
A48: =K48&B48 -> LDINPFRG | B48: =VLOOKUP(J48,'Scheme master'!A:M,13,0) -> RG | C48: =VLOOKUP(J48,'Scheme master'!A:K,11,0) -> 10 | D48: =(M48+E48)*C48/10000000 -> 208.25209 | E48: =SUMIF('PHY rollback'!A:A,J48,'PHY rollback'!G:G) -> 0 | F48: =N48/10000000 -> 570.8797 | G48: =IF(M48<=0,0,Q48) -> 27.4129 | H48: =SUMIF(K:K,K48,F:F)-P48/10000000 -> 0 | I48: =VLOOKUP(K48,'Scheme master'!D:L,9,0) -> Live | J48: LDINPFRG | K48: LDINPF | L48: RG | M48: 2.0825209e+08 | N48: 5.708797e+09 | O48: 27.412915 | P48: 2.1852088e+10 | Q48: 27.4129 | R48: 44286 | S48: 105823 | T48: 72GP | U48: 72 | V48: LI096 | W48: 10 | X48: DEBT | Y48: 27.4129 | Z48: 27.4129 | AA48: 84289 | AB48: LIC MF Banking & PSU Debt Fund | AC48: Regular Plan Growth Option | AD48: 44285 | AE48: 27.4059 | AF48: 27.40588 | AG48: 0.007 | AH48: 0.025541945 | AI48: 9.3228 | AJ48: 0.0070354009 | AK48: 0.025671137 | AL48: 9.37 | AM48: LIC MF Banking & PSU Debt Fund | AN48: LIC72 | AP48: Regular | AQ48: INF767K01535 | AT48: 30 | AU48: LIC
A49: =K49&B49 -> LDINPFRDM | B49: =VLOOKUP(J49,'Scheme master'!A:M,13,0) -> RDM | C49: =VLOOKUP(J49,'Scheme master'!A:K,11,0) -> 10 | D49: =(M49+E49)*C49/10000000 -> 1.8312151 | E49: =SUMIF('PHY rollback'!A:A,J49,'PHY rollback'!G:G) -> 0 | F49: =N49/10000000 -> 1.9292745 | G49: =IF(M49<=0,0,Q49) -> 10.5355 | H49: =SUMIF(K:K,K49,F:F)-P49/10000000 -> 0 | I49: =VLOOKUP(K49,'Scheme master'!D:L,9,0) -> Live | J49: LDINPFRMD | K49: LDINPF | L49: RMD | M49: 1831215.1 | N49: 19292745 | O49: 10.535488 | P49: 2.1852088e+10 | Q49: 10.5355 | R49: 44286 | S49: 105856 | T49: 72MD | U49: 72 | V49: LI097 | W49: 10 | X49: DEBT | Y49: 10.5355 | Z49: 10.5355 | AA49: 84288 | AB49: LIC MF Banking & PSU Debt Fund | AC49: Regular Plan Monthly Dividend Option | AD49: 44285 | AE49: 10.5328 | AF49: 10.532784 | AG49: 0.0027 | AH49: 0.025634209 | AI49: 9.3565 | AJ49: 0.0027040838 | AK49: 0.02567302 | AL49: 9.3707 | AM49: LIC MF Banking & PSU Debt Fund | AN49: LIC72 | AP49: Regular | AQ49: INF767K01543/INF767K01550 | AT49: 30 | AU49: LIC
A50: =K50&B50 -> LDINPFRDW | B50: =VLOOKUP(J50,'Scheme master'!A:M,13,0) -> RDW | C50: =VLOOKUP(J50,'Scheme master'!A:K,11,0) -> 10 | D50: =(M50+E50)*C50/10000000 -> 1.4273884 | E50: =SUMIF('PHY rollback'!A:A,J50,'PHY rollback'!G:G) -> 0 | F50: =N50/10000000 -> 1.4846676 | G50: =IF(M50<=0,0,Q50) -> 10.4013 | H50: =SUMIF(K:K,K50,F:F)-P50/10000000 -> 0 | I50: =VLOOKUP(K50,'Scheme master'!D:L,9,0) -> Live | J50: LDINPFRWD | K50: LDINPF | L50: RWD | M50: 1427388.4 | N50: 14846676 | O50: 10.401287 | P50: 2.1852088e+10 | Q50: 10.4013 | R50: 44286 | S50: 105857 | T50: 72WD | U50: 72 | V50: LI098 | W50: 10 | X50: DEBT | Y50: 10.4013 | Z50: 10.4013 | AA50: 84287 | AB50: LIC MF Banking & PSU Debt Fund | AC50: Regular Plan Weekly Dividend Option | AD50: 44285 | AE50: 10.3986 | AF50: 10.398617 | AG50: 0.0027 | AH50: 0.025965034 | AI50: 9.4772 | AJ50: 0.0026696588 | AK50: 0.02567321 | AL50: 9.3707 | AM50: LIC MF Banking & PSU Debt Fund | AN50: LIC72 | AP50: Regular | AQ50: INF767K01568/INF767K01576 | AT50: 30 | AU50: LIC
A51: =K51&B51 -> LDINPFDDW | B51: =VLOOKUP(J51,'Scheme master'!A:M,13,0) -> DDW | C51: =VLOOKUP(J51,'Scheme master'!A:K,11,0) -> 10 | D51: =(M51+E51)*C51/10000000 -> 0.019108408 | E51: =SUMIF('PHY rollback'!A:A,J51,'PHY rollback'!G:G) -> 0 | F51: =N51/10000000 -> 0.019289241 | G51: =IF(M51<=0,0,Q51) -> 10.0946 | H51: =SUMIF(K:K,K51,F:F)-P51/10000000 -> 0 | I51: =VLOOKUP(K51,'Scheme master'!D:L,9,0) -> Live | J51: LDINPFWDP | K51: LDINPF | L51: WDP | M51: 19108.408 | N51: 192892.41 | O51: 10.094635 | P51: 2.1852088e+10 | Q51: 10.0946 | R51: 44286 | S51: 120336 | T51: 72W1 | U51: 72 | V51: LI216 | W51: 10 | X51: DEBT | Y51: 10.0946 | Z51: 10.0946 | AA51: 84291 | AB51: LIC MF Banking & PSU Debt Fund | AC51: Direct Plan Weekly Dividend Option | AD51: 44285 | AE51: 10.0919 | AF51: 10.091893 | AG51: 0.0027 | AH51: 0.02675413 | AI51: 9.7653 | AJ51: 0.0027427717 | AK51: 0.027177971 | AL51: 9.92 | AM51: LIC MF Banking & PSU Debt Fund | AN51: LIC72 | AP51: Direct | AQ51: INF767K01GL8/INF767K01GO2 | AT51: 30 | AU51: LIC
... A62: =K62&B62 -> LDBONDRG | B62: =VLOOKUP(J62,'Scheme master'!A:M,13,0) -> RG | C62: =VLOOKUP(J62,'Scheme master'!A:K,11,0) -> 10 | D62: =(M62+E62)*C62/10000000 -> 21.924815 | E62: =SUMIF('PHY rollback'!A:A,J62,'PHY rollback'!G:G) -> 0 | F62: =N62/10000000 -> 124.39297 | G62: =IF(M62<=0,0,Q62) -> 56.7362 | H62: =SUMIF(K:K,K62,F:F)-P62/10000000 -> 0 | I62: =VLOOKUP(K62,'Scheme master'!D:L,9,0) -> Live | J62: LDBONDRG | K62: LDBOND | L62: RG | M62: 21924815 | N62: 1.2439297e+09 | O62: 56.736155 | P62: 1.6985456e+09 | Q62: 56.7362 | R62: 44286 | S62: 100315 | T62: 33GP | U62: 33 | V62: LI002 | W62: 10 | X62: DEBT | Y62: 56.7362 | Z62: 56.1688 | AA62: 84269 | AB62: LIC MF Bond Fund | AC62: Regular Plan Growth Option | AD62: 44285 | AE62: 56.7122 | AF62: 56.712203 | AG62: 0.024 | AH62: 0.042318937 | AI62: 15.4464 | AJ62: 0.023952483 | AK62: 0.042235148 | AL62: 15.4158 | AM62: LIC MF Bond Fund | AN62: LIC33 | AP62: Regular | AQ62: INF767K01923 | AT62: 30 | AU62: LIC
A63: =K63&B63 -> LDGETFRG | B63: =VLOOKUP(J63,'Scheme master'!A:M,13,0) -> RG | C63: =VLOOKUP(J63,'Scheme master'!A:K,11,0) -> 10 | D63: =(M63+E63)*C63/10000000 -> 218.57351 | E63: =SUMIF('PHY rollback'!A:A,J63,'PHY rollback'!G:G) -> 0 | F63: =N63/10000000 -> 475.53086 | G63: =IF(M63<=0,0,Q63) -> 21.7561 | H63: =SUMIF(K:K,K63,F:F)-P63/10000000 -> 0 | I63: =VLOOKUP(K63,'Scheme master'!D:L,9,0) -> Live | J63: LDGETFG | K63: LDGETF | L63: G | M63: 218573513 | N63: 4.7553086e+09 | O63: 21.756107 | P63: 4.7553086e+09 | Q63: 21.7561 | R63: 44286 | S63: 133307 | T63: 168GP | U63: 168 | V63: LI411 | W63: 10 | X63: DEBT | Y63: 21.7561 | Z63: 21.7561 | AA63: 84247 | AB63: LIC MF G-Sec Long Term ETF | AC63: Growth Option | AD63: 44285 | AE63: 21.7429 | AF63: 21.742902 | AG63: 0.0132 | AH63: 0.060709473 | AI63: 22.159 | AJ63: 0.013204185 | AK63: 0.060728716 | AL63: 22.166 | AM63: LIC MF G-Sec Long Term ETF | AN63: LIC168 | AP63: Growth | AQ63: INF767K01MV5 | AS63: LICNETFGSC | AT63: 30 | AU63: LIC
A64: =K64&B64 -> LDGSECDD | B64: =VLOOKUP(J64,'Scheme master'!A:M,13,0) -> DD | C64: =VLOOKUP(J64,'Scheme master'!A:K,11,0) -> 10 | D64: =(M64+E64)*C64/10000000 -> 0.16603308 | E64: =SUMIF('PHY rollback'!A:A,J64,'PHY rollback'!G:G) -> 0 | F64: =N64/10000000 -> 0.24530727 | G64: =IF(M64<=0,0,Q64) -> 14.7746 | H64: =SUMIF(K:K,K64,F:F)-P64/10000000 -> 0 | I64: =VLOOKUP(K64,'Scheme master'!D:L,9,0) -> Live | J64: LDGSECDDP | K64: LDGSEC | L64: DDP | M64: 166033.08 | N64: 2453072.7 | O64: 14.774602 | P64: 4.6218721e+08 | Q64: 14.7746 | R64: 44286 | S64: 120283 | T64: 34D1 | U64: 34 | V64: LI178 | W64: 10 | X64: DEBT | Y64: 14.7746 | Z64: 14.7377 | AA64: 84274 | AB64: LIC MF Govt. Securities Fund | AC64: Direct Plan Dividend Option | AD64: 44285 | AE64: 14.7786 | AF64: 14.778634 | AG64: -0.004 | AH64: -0.027066163 | AI64: -9.8791 | AJ64: -0.0040324493 | AK64: -0.027285669 | AL64: -9.9593 | AM64: LIC MF Govt. Securities Fund | AN64: LIC34 | AP64: Direct | AQ64: INF767K01EY6/INF767K01FA3 | AT64: 30 | AU64: LIC
A65: =K65&B65 -> LDGSECDG | B65: =VLOOKUP(J65,'Scheme master'!A:M,13,0) -> DG | C65: =VLOOKUP(J65,'Scheme master'!A:K,11,0) -> 10 | D65: =(M65+E65)*C65/10000000 -> 3.4559204 | E65: =SUMIF('PHY rollback'!A:A,J65,'PHY rollback'!G:G) -> 0 | F65: =N65/10000000 -> 17.707457 | G65: =IF(M65<=0,0,Q65) -> 51.238 | H65: =SUMIF(K:K,K65,F:F)-P65/10000000 -> 0 | I65: =VLOOKUP(K65,'Scheme master'!D:L,9,0) -> Live | J65: LDGSECGDP | K65: LDGSEC | L65: GDP | M65: 3455920.4 | N65: 1.7707457e+08 | O65: 51.238035 | P65: 4.6218721e+08 | Q65: 51.238 | R65: 44286 | S65: 120282 | T65: 34G1 | U65: 34 | V65: LI179 | W65: 10 | X65: DEBT | Y65: 51.238 | Z65: 51.1099 | AA65: 84275 | AB65: LIC MF Govt. Securities Fund | AC65: Direct Plan Growth Option | AD65: 44285 | AE65: 51.252 | AF65: 51.25199 | AG65: -0.014 | AH65: -0.027316007 | AI65: -9.9703 | AJ65: -0.013955238 | AK65: -0.027228676 | AL65: -9.9385 | AM65: LIC MF Govt. Securities Fund | AN65: LIC34 | AP65: Direct | AQ65: INF767K01EZ3 | AT65: 30 | AU65: LIC
A66: =K66&B66 -> LDGSECPD | B66: =VLOOKUP(J66,'Scheme master'!A:M,13,0) -> PD | C66: =VLOOKUP(J66,'Scheme master'!A:K,11,0) -> 10 | D66: =(M66+E66)*C66/10000000 -> 0.33667677 | E66: =SUMIF('PHY rollback'!A:A,J66,'PHY rollback'!G:G) -> 0 | F66: =N66/10000000 -> 0.60342131 | G66: =IF(M66<=0,0,Q66) -> 17.9229 | H66: =SUMIF(K:K,K66,F:F)-P66/10000000 -> 0 | I66: =VLOOKUP(K66,'Scheme master'!D:L,9,0) -> Live | J66: LDGSECPFD | K66: LDGSEC | L66: PFD | M66: 336676.77 | N66: 6034213.1 | O66: 17.922867 | P66: 4.6218721e+08 | Q66: 17.9229 | R66: 44286 | S66: 100318 | T66: 34PD | U66: 34 | V66: LI024 | W66: 10 | X66: DEBT | Y66: 17.9229 | Z66: 17.8781 | AA66: 84276 | AB66: LIC MF Govt. Securities Fund | AC66: PF Plan-Dividend | AD66: 44285 | AE66: 17.9281 | AF66: 17.928103 | AG66: -0.0052 | AH66: -0.029004747 | AI66: -10.5867 | AJ66: -0.0052354666 | AK66: -0.029202569 | AL66: -10.6589 | AM66: LIC MF Govt. Securities Fund | AN66: LIC34 | AP66: PF | AQ66: INF767K01717/INF767K01725 | AT66: 30 | AU66: LIC
A67: =K67&B67 -> LDGSECPG | B67: =VLOOKUP(J67,'Scheme master'!A:M,13,0) -> PG | C67: =VLOOKUP(J67,'Scheme master'!A:K,11,0) -> 10 | D67: =(M67+E67)*C67/10000000 -> 1.7941124 | E67: =SUMIF('PHY rollback'!A:A,J67,'PHY rollback'!G:G) -> 0 | F67: =N67/10000000 -> 4.9691772 | G67: =IF(M67<=0,0,Q67) -> 27.6971 | H67: =SUMIF(K:K,K67,F:F)-P67/10000000 -> 0 | I67: =VLOOKUP(K67,'Scheme master'!D:L,9,0) -> Live | J67: LDGSECPFG | K67: LDGSEC | L67: PFG | M67: 1794112.4 | N67: 49691772 | O67: 27.697134 | P67: 4.6218721e+08 | Q67: 27.6971 | R67: 44286 | S67: 100319 | T67: 34PG | U67: 34 | V67: LI025 | W67: 10 | X67: DEBT | Y67: 27.6971 | Z67: 27.6279 | AA67: 84277 | AB67: LIC MF Govt. Securities Fund | AC67: PF Plan-Growth | AD67: 44285 | AE67: 27.7052 | AF67: 27.705224 | AG67: -0.0081 | AH67: -0.029236389 | AI67: -10.6713 | AJ67: -0.0080906746 | AK67: -0.029202704 | AL67: -10.659 | AM67: LIC MF Govt. Securities Fund | AN67: LIC34 | AP67: PF | AQ67: INF767K01733 | AT67: 30 | AU67: LIC
A68: =K68&B68 -> LDGSECRD | B68: =VLOOKUP(J68,'Scheme master'!A:M,13,0) -> RD | C68: =VLOOKUP(J68,'Scheme master'!A:K,11,0) -> 10 | D68: =(M68+E68)*C68/10000000 -> 1.190744 | E68: =SUMIF('PHY rollback'!A:A,J68,'PHY rollback'!G:G) -> 0 | F68: =N68/10000000 -> 1.6459736 | G68: =IF(M68<=0,0,Q68) -> 13.8231 | H68: =SUMIF(K:K,K68,F:F)-P68/10000000 -> 0 | I68: =VLOOKUP(K68,'Scheme master'!D:L,9,0) -> Live | J68: LDGSECRD | K68: LDGSEC | L68: RD | M68: 1190744 | N68: 16459736 | O68: 13.823069 | P68: 4.6218721e+08 | Q68: 13.8231 | R68: 44286 | S68: 100316 | T68: 34DP | U68: 34 | V68: LI005 | W68: 10 | X68: DEBT | Y68: 13.8231 | Z68: 13.7885 | AA68: 84272 | AB68: LIC MF Govt. Securities Fund | AC68: Regular Plan Dividend Option | AD68: 44285 | AE68: 13.8271 | AF68: 13.827107 | AG68: -0.004 | AH68: -0.028928698 | AI68: -10.559 | AJ68: -0.0040378881 | AK68: -0.029202697 | AL68: -10.659 | AM68: LIC MF Govt. Securities Fund | AN68: LIC34 | AP68: Regular | AQ68: INF767K01683/INF767K01691 | AT68: 30 | AU68: LIC
A69: =K69&B69 -> LDGSECRG | B69: =VLOOKUP(J69,'Scheme master'!A:M,13,0) -> RG | C69: =VLOOKUP(J69,'Scheme master'!A:K,11,0) -> 10 | D69: =(M69+E69)*C69/10000000 -> 4.3889549 | E69: =SUMIF('PHY rollback'!A:A,J69,'PHY rollback'!G:G) -> 0 | F69: =N69/10000000 -> 21.047385 | G69: =IF(M69<=0,0,Q69) -> 47.9553 | H69: =SUMIF(K:K,K69,F:F)-P69/10000000 -> 0 | I69: =VLOOKUP(K69,'Scheme master'!D:L,9,0) -> Live | J69: LDGSECRG | K69: LDGSEC | L69: RG | M69: 4388954.9 | N69: 2.1047385e+08 | O69: 47.955346 | P69: 4.6218721e+08 | Q69: 47.9553 | R69: 44286 | S69: 100317 | T69: 34GP | U69: 34 | V69: LI006 | W69: 10 | X69: DEBT | Y69: 47.9553 | Z69: 47.8354 | AA69: 84273 | AB69: LIC MF Govt. Securities Fund | AC69: Regular Plan Growth Option | AD69: 44285 | AE69: 47.9694 | AF69: 47.969351 | AG69: -0.0141 | AH69: -0.029393739 | AI69: -10.7287 | AJ69: -0.014004884 | AK69: -0.029195485 | AL69: -10.6564 | AM69: LIC MF Govt. Securities Fund | AN69: LIC34 | AP69: Regular | AQ69: INF767K01709 | AT69: 30 | AU69: LIC
A70: =K70&B70 -> LDINPFDDD | B70: =VLOOKUP(J70,'Scheme master'!A:M,13,0) -> DDD | C70: =VLOOKUP(J70,'Scheme master'!A:K,11,0) -> 10 | D70: =(M70+E70)*C70/10000000 -> 0.54814758 | E70: =SUMIF('PHY rollback'!A:A,J70,'PHY rollback'!G:G) -> 0 | F70: =N70/10000000 -> 0.64118952 | G70: =IF(M70<=0,0,Q70) -> 11.6974 | H70: =SUMIF(K:K,K70,F:F)-P70/10000000 -> 0 | I70: =VLOOKUP(K70,'Scheme master'!D:L,9,0) -> Live | J70: LDINPFDPD | K70: LDINPF | L70: DPD | M70: 548147.58 | N70: 6411895.2 | O70: 11.697389 | P70: 2.1852088e+10 | Q70: 11.6974 | R70: 44286 | S70: 120337 | T70: 72D1 | U70: 72 | V70: LI213 | W70: 10 | X70: DEBT | Y70: 11.6974 | Z70: 11.6974 | AA70: 84290 | AB70: LIC MF Banking & PSU Debt Fund | AC70: Direct Plan Daily Dividend Option | AD70: 44285 | AE70: 11.6942 | AF70: 11.69421 | AG70: 0.0032 | AH70: 0.027363992 | AI70: 9.9879 | AJ70: 0.0031785127 | AK70: 0.027180226 | AL70: 9.9208 | AM70: LIC MF Banking & PSU Debt Fund | AN70: LIC72 | AP70: Direct | AQ70: INF767K01GJ2/INF767K01GM6 | AT70: 30 | AU70: LIC
A71: =K71&B71 -> LDINPFDG | B71: =VLOOKUP(J71,'Scheme master'!A:M,13,0) -> DG | C71: =VLOOKUP(J71,'Scheme master'!A:K,11,0) -> 10 | D71: =(M71+E71)*C71/10000000 -> 555.50938 | E71: =SUMIF('PHY rollback'!A:A,J71,'PHY rollback'!G:G) -> 0 | F71: =N71/10000000 -> 1605.9529 | G71: =IF(M71<=0,0,Q71) -> 28.9096 | H71: =SUMIF(K:K,K71,F:F)-P71/10000000 -> 0 | I71: =VLOOKUP(K71,'Scheme master'!D:L,9,0) -> Live | J71: LDINPFGDP | K71: LDINPF | L71: GDP | M71: 5.5550938e+08 | N71: 1.6059529e+10 | O71: 28.909555 | P71: 2.1852088e+10 | Q71: 28.9096 | R71: 44286 | S71: 120338 | T71: 72G1 | U71: 72 | V71: LI214 | W71: 10 | X71: DEBT | Y71: 28.9096 | Z71: 28.9096 | AA71: 84293 | AB71: LIC MF Banking & PSU Debt Fund | AC71: Direct Plan Growth Option | AD71: 44285 | AE71: 28.9017 | AF71: 28.901699 | AG71: 0.0079 | AH71: 0.027334032 | AI71: 9.9769 | AJ71: 0.0078556655 | AK71: 0.027180635 | AL71: 9.9209 | AM71: LIC MF Banking & PSU Debt Fund | AN71: LIC72 | AP71: Direct | AQ71: INF767K01GI4 | AT71: 30 | AU71: LIC
A72: =K72&B72 -> LDINPFDDM | B72: =VLOOKUP(J72,'Scheme master'!A:M,13,0) -> DDM | C72: =VLOOKUP(J72,'Scheme master'!A:K,11,0) -> 10 | D72: =(M72+E72)*C72/10000000 -> 0.23907254 | E72: =SUMIF('PHY rollback'!A:A,J72,'PHY rollback'!G:G) -> 0 | F72: =N72/10000000 -> 0.26029507 | G72: =IF(M72<=0,0,Q72) -> 10.8877 | H72: =SUMIF(K:K,K72,F:F)-P72/10000000 -> 0 | I72: =VLOOKUP(K72,'Scheme master'!D:L,9,0) -> Live | J72: LDINPFMDP | K72: LDINPF | L72: MDP | M72: 239072.54 | N72: 2602950.7 | O72: 10.887703 | P72: 2.1852088e+10 | Q72: 10.8877 | R72: 44286 | S72: 120339 | T72: 72M1 | U72: 72 | V72: LI215 | W72: 10 | X72: DEBT | Y72: 10.8877 | Z72: 10.8877 | AA72: 84292 | AB72: LIC MF Banking & PSU Debt Fund | AC72: Direct Plan Monthly Dividend Option | AD72: 44285 | AE72: 10.8848 | AF72: 10.884754 | AG72: 0.0029 | AH72: 0.026642658 | AI72: 9.7246 | AJ72: 0.0029485242 | AK72: 0.027088569 | AL72: 9.8873 | AM72: LIC MF Banking & PSU Debt Fund | AN72: LIC72 | AP72: Direct | AQ72: INF767K01GK0/INF767K01GN4 | AT72: 30 | AU72: LIC
A73: =K73&B73 -> LETAXPDG | B73: =VLOOKUP(J73,'Scheme master'!A:M,13,0) -> DG | C73: =VLOOKUP(J73,'Scheme master'!A:K,11,0) -> 10 | D73: =(M73+E73)*C73/10000000 -> 2.7356798 | E73: =SUMIF('PHY rollback'!A:A,J73,'PHY rollback'!G:G) -> 0 | F73: =N73/10000000 -> 24.177428 | G73: =IF(M73<=0,0,Q73) -> 88.3781 | H73: =SUMIF(K:K,K73,F:F)-P73/10000000 -> 0 | I73: =VLOOKUP(K73,'Scheme master'!D:L,9,0) -> Live | J73: LETAXPGDP | K73: LETAXP | L73: GDP | M73: 2735679.8 | N73: 2.4177428e+08 | O73: 88.378134 | P73: 3.3518192e+09 | Q73: 88.3781 | R73: 44286 | S73: 120270 | T73: 28G1 | U73: 28 | V73: LI181 | W73: 10 | X73: EQTY | Y73: 88.3781 | Z73: 88.3781 | AA73: 84349 | AB73: LIC MF Tax Plan | AC73: Direct Plan Growth Option | AD73: 44285 | AE73: 88.8583 | AF73: 88.858257 | AG73: -0.4802 | AH73: -0.54041097 | AI73: -197.25 | AJ73: -0.48012326 | AK73: -0.54032487 | AL73: -197.2186 | AM73: LIC MF Tax Plan | AN73: LIC28 | AP73: Direct | AQ73: INF767K01EM1 | AT73: 30 | AU73: LIC
A74: =K74&B74 -> LETAXPRD | B74: =VLOOKUP(J74,'Scheme master'!A:M,13,0) -> RD | C74: =VLOOKUP(J74,'Scheme master'!A:K,11,0) -> 10 | D74: =(M74+E74)*C74/10000000 -> 15.101472 | E74: =SUMIF('PHY rollback'!A:A,J74,'PHY rollback'!G:G) -> 0 | F74: =N74/10000000 -> 28.895814 | G74: =IF(M74<=0,0,Q74) -> 19.1344 | H74: =SUMIF(K:K,K74,F:F)-P74/10000000 -> 0 | I74: =VLOOKUP(K74,'Scheme master'!D:L,9,0) -> Live | J74: LETAXPRD | K74: LETAXP | L74: RD | M74: 15101472 | N74: 2.8895814e+08 | O74: 19.134435 | P74: 3.3518192e+09 | Q74: 19.1344 | R74: 44286 | S74: 100864 | T74: 28DP | U74: 28 | V74: LI031 | W74: 10 | X74: EQTY | Y74: 19.1344 | Z74: 19.1344 | AA74: 84346 | AB74: LIC MF Tax Plan | AC74: Regular Plan Dividend Option | AD74: 44285 | AE74: 19.2391 | AF74: 19.239051 | AG74: -0.1047 | AH74: -0.54420425 | AI74: -198.6346 | AJ74: -0.10461544 | AK74: -0.54376614 | AL74: -198.4746 | AM74: LIC MF Tax Plan | AN74: LIC28 | AP74: Regular | AQ74: INF767K01931/INF767K01949 | AT74: 30 | AU74: LIC
A75: =K75&B75 -> LETAXPRG | B75: =VLOOKUP(J75,'Scheme master'!A:M,13,0) -> RG | C75: =VLOOKUP(J75,'Scheme master'!A:K,11,0) -> 10 | D75: =(M75+E75)*C75/10000000 -> 34.520039 | E75: =SUMIF('PHY rollback'!A:A,J75,'PHY rollback'!G:G) -> 0 | F75: =N75/10000000 -> 280.93855 | G75: =IF(M75<=0,0,Q75) -> 81.3842 | H75: =SUMIF(K:K,K75,F:F)-P75/10000000 -> 0 | I75: =VLOOKUP(K75,'Scheme master'!D:L,9,0) -> Live | J75: LETAXPRG | K75: LETAXP | L75: RG | M75: 34520039 | N75: 2.8093855e+09 | O75: 81.384194 | P75: 3.3518192e+09 | Q75: 81.3842 | R75: 44286 | S75: 100865 | T75: 28GP | U75: 28 | V75: LI007 | W75: 10 | X75: EQTY | Y75: 81.3842 | Z75: 81.3842 | AA75: 84347 | AB75: LIC MF Tax Plan | AC75: Regular Plan Growth Option | AD75: 44285 | AE75: 81.8292 | AF75: 81.829243 | AG75: -0.445 | AH75: -0.54381566 | AI75: -198.4927 | AJ75: -0.44504952 | AK75: -0.54387589 | AL75: -198.5147 | AM75: LIC MF Tax Plan | AN75: LIC28 | AP75: Regular | AQ75: INF767K01956 | AT75: 30 | AU75: LIC
... A84: =K84&B84 -> LEMIDFRG | B84: =VLOOKUP(J84,'Scheme master'!A:M,13,0) -> RG | C84: =VLOOKUP(J84,'Scheme master'!A:K,11,0) -> 10 | D84: =(M84+E84)*C84/10000000 -> 418.15286 | E84: =SUMIF('PHY rollback'!A:A,J84,'PHY rollback'!G:G) -> 0 | F84: =N84/10000000 -> 808.66657 | G84: =IF(M84<=0,0,Q84) -> 19.339 | H84: =SUMIF(K:K,K84,F:F)-P84/10000000 -> 0 | I84: =VLOOKUP(K84,'Scheme master'!D:L,9,0) -> Live | J84: LEMIDFRG | K84: LEMIDF | L84: RG | M84: 4.1815286e+08 | N84: 8.0866657e+09 | O84: 19.339018 | P84: 1.0282728e+10 | Q84: 19.339 | R84: 44286 | S84: 133711 | T84: 170GP | U84: 170 | V84: LI417 | W84: 10 | X84: EQTY | Y84: 19.339 | Z84: 19.1456 | AA84: 84336 | AB84: LIC MF Large & Mid Cap Fund | AC84: Regular Plan Growth Option | AD84: 44285 | AE84: 19.3804 | AF84: 19.380437 | AG84: -0.0414 | AH84: -0.21361788 | AI84: -77.9705 | AJ84: -0.04141964 | AK84: -0.21371881 | AL84: -78.0074 | AM84: LIC MF Large & Mid Cap Fund | AN84: LIC170 | AP84: Regular | AQ84: INF767K01NB5 | AT84: 30 | AU84: LIC
A85: =K85&B85 -> LET100RG | B85: =VLOOKUP(J85,'Scheme master'!A:M,13,0) -> RG | C85: =VLOOKUP(J85,'Scheme master'!A:K,11,0) -> 10 | D85: =(M85+E85)*C85/10000000 -> 26.644242 | E85: =SUMIF('PHY rollback'!A:A,J85,'PHY rollback'!G:G) -> 0 | F85: =N85/10000000 -> 412.98293 | G85: =IF(M85<=0,0,Q85) -> 154.9989 | H85: =SUMIF(K:K,K85,F:F)-P85/10000000 -> 0 | I85: =VLOOKUP(K85,'Scheme master'!D:L,9,0) -> Live | J85: LET100G | K85: LET100 | L85: G | M85: 26644242 | N85: 4.1298293e+09 | O85: 154.99894 | P85: 4.1298293e+09 | Q85: 154.9989 | R85: 44286 | S85: 136473 | T85: 177GP | U85: 177 | V85: LI438 | W85: 10 | X85: EQTY | Y85: 154.9989 | Z85: 154.9989 | AA85: 84345 | AB85: LIC MF ETF-Nifty 100 | AC85: Growth Option | AD85: 44285 | AE85: 156.3272 | AF85: 156.32721 | AG85: -1.3283 | AH85: -0.84969218 | AI85: -310.1376 | AJ85: -1.3282653 | AK85: -0.84966992 | AL85: -310.1295 | AM85: LIC MF ETF-Nifty 100 | AN85: LIC177 | AP85: Growth | AQ85: INF767K01PC8 | AR85: 539784 | AS85: LICNFNHGP | AT85: 30 | AU85: LIC
A86: =K86&B86 -> LETAXPDD | B86: =VLOOKUP(J86,'Scheme master'!A:M,13,0) -> DD | C86: =VLOOKUP(J86,'Scheme master'!A:K,11,0) -> 10 | D86: =(M86+E86)*C86/10000000 -> 0.53889291 | E86: =SUMIF('PHY rollback'!A:A,J86,'PHY rollback'!G:G) -> 0 | F86: =N86/10000000 -> 1.1701246 | G86: =IF(M86<=0,0,Q86) -> 21.7135 | H86: =SUMIF(K:K,K86,F:F)-P86/10000000 -> 0 | I86: =VLOOKUP(K86,'Scheme master'!D:L,9,0) -> Live | J86: LETAXPDDP | K86: LETAXP | L86: DDP | M86: 538892.91 | N86: 11701246 | O86: 21.71349 | P86: 3.3518192e+09 | Q86: 21.7135 | R86: 44286 | S86: 120269 | T86: 28D1 | U86: 28 | V86: LI180 | W86: 10 | X86: EQTY | Y86: 21.7135 | Z86: 21.7135 | AA86: 84348 | AB86: LIC MF Tax Plan | AC86: Direct Plan Dividend Option | AD86: 44285 | AE86: 21.8315 | AF86: 21.831459 | AG86: -0.118 | AH86: -0.5405034 | AI86: -197.2837 | AJ86: -0.11796913 | AK86: -0.540363 | AL86: -197.2325 | AM86: LIC MF Tax Plan | AN86: LIC28 | AP86: Direct | AQ86: INF767K01EL3/INF767K01EN9 | AT86: 30 | AU86: LIC
A87: =K87&B87 -> LDUSTFRG | B87: =VLOOKUP(J87,'Scheme master'!A:M,13,0) -> RG | C87: =VLOOKUP(J87,'Scheme master'!A:K,11,0) -> 1000 | D87: =(M87+E87)*C87/10000000 -> 58.16122 | E87: =SUMIF('PHY rollback'!A:A,J87,'PHY rollback'!G:G) -> 0 | F87: =N87/10000000 -> 61.404795 | G87: =IF(M87<=0,0,Q87) -> 1055.7687 | H87: =SUMIF(K:K,K87,F:F)-P87/10000000 -> 0 | I87: =VLOOKUP(K87,'Scheme master'!D:L,9,0) -> Live | J87: LDUSTFRG | K87: LDUSTF | L87: RG | M87: 581612.2 | N87: 6.1404795e+08 | O87: 1055.7687 | P87: 8.4264819e+08 | Q87: 1055.7687 | R87: 44286 | S87: 147770 | T87: 181GP | U87: 181 | W87: 1000 | X87: DEBT | Y87: 1055.7687 | Z87: 1055.7687 | AA87: 113192 | AB87: LIC MF Ultra Short Term Fund | AC87: Regular Plan Growth Option | AD87: 44285 | AE87: 1055.6398 | AF87: 1055.6398 | AG87: 0.1289 | AH87: 0.012210604 | AI87: 4.4569 | AJ87: 0.1288443 | AK87: 0.012205328 | AL87: 4.4549 | AM87: LICMF Ultra Short Term Fund | AN87: LIC181 | AP87: Regular | AT87: 30 | AU87: LIC
A88: =K88&B88 -> LDUSTFRDM | B88: =VLOOKUP(J88,'Scheme master'!A:M,13,0) -> RDM | C88: =VLOOKUP(J88,'Scheme master'!A:K,11,0) -> 1000 | D88: =(M88+E88)*C88/10000000 -> 0.0038879 | E88: =SUMIF('PHY rollback'!A:A,J88,'PHY rollback'!G:G) -> 0 | F88: =N88/10000000 -> 0.004104668 | G88: =IF(M88<=0,0,Q88) -> 1055.7545 | H88: =SUMIF(K:K,K88,F:F)-P88/10000000 -> 0 | I88: =VLOOKUP(K88,'Scheme master'!D:L,9,0) -> Live | J88: LDUSTFRMD | K88: LDUSTF | L88: RMD | M88: 38.879 | N88: 41046.68 | O88: 1055.7545 | P88: 8.4264819e+08 | Q88: 1055.7545 | R88: 44286 | S88: 147768 | T88: 181MD | U88: 181 | W88: 1000 | X88: DEBT | Y88: 1055.7545 | Z88: 1055.7545 | AA88: 113195 | AB88: LIC MF Ultra Short Term Fund | AC88: Regular Plan Monthly Dividend Option | AD88: 44285 | AE88: 1055.6257 | AF88: 1055.6257 | AG88: 0.1288 | AH88: 0.012201294 | AI88: 4.4535 | AJ88: 0.12886134 | AK88: 0.012207106 | AL88: 4.4556 | AM88: LICMF Ultra Short Term Fund | AN88: LIC181 | AP88: Regular | AT88: 30 | AU88: LIC
A89: =K89&B89 -> LDUSTFRDW | B89: =VLOOKUP(J89,'Scheme master'!A:M,13,0) -> RDW | C89: =VLOOKUP(J89,'Scheme master'!A:K,11,0) -> 1000 | D89: =(M89+E89)*C89/10000000 -> 0.0020152 | E89: =SUMIF('PHY rollback'!A:A,J89,'PHY rollback'!G:G) -> 0 | F89: =N89/10000000 -> 0.002041589 | G89: =IF(M89<=0,0,Q89) -> 1013.095 | H89: =SUMIF(K:K,K89,F:F)-P89/10000000 -> 0 | I89: =VLOOKUP(K89,'Scheme master'!D:L,9,0) -> Live | J89: LDUSTFRWD | K89: LDUSTF | L89: RWD | M89: 20.152 | N89: 20415.89 | O89: 1013.095 | P89: 8.4264819e+08 | Q89: 1013.095 | R89: 44286 | S89: 147767 | T89: 181WD | U89: 181 | W89: 1000 | X89: DEBT | Y89: 1013.095 | Z89: 1013.095 | AA89: 113193 | AB89: LIC MF Ultra Short Term Fund | AC89: Regular Plan Weekly Dividend Option | AD89: 44285 | AE89: 1012.9714 | AF89: 1012.9714 | AG89: 0.1236 | AH89: 0.012201727 | AI89: 4.4536 | AJ89: 0.12356094 | AK89: 0.01219787 | AL89: 4.4522 | AM89: LICMF Ultra Short Term Fund | AN89: LIC181 | AP89: Regular | AT89: 30 | AU89: LIC
A90: =K90&B90 -> LDSAPFRDM | B90: =VLOOKUP(J90,'Scheme master'!A:M,13,0) -> RDM | C90: =VLOOKUP(J90,'Scheme master'!A:K,11,0) -> 10 | D90: =(M90+E90)*C90/10000000 -> 0.92001105 | E90: =SUMIF('PHY rollback'!A:A,J90,'PHY rollback'!G:G) -> 0 | F90: =N90/10000000 -> 1.00011 | G90: =IF(M90<=0,0,Q90) -> 10.8706 | H90: =SUMIF(K:K,K90,F:F)-P90/10000000 -> 0 | I90: =VLOOKUP(K90,'Scheme master'!D:L,9,0) -> Live | J90: LDSAPFRMD | K90: LDSAPF | L90: RMD | M90: 920011.05 | N90: 10001100 | O90: 10.87063 | P90: 8.4473015e+09 | Q90: 10.8706 | R90: 44286 | S90: 101829 | T90: 40DP | U90: 40 | V90: LI021 | W90: 10 | X90: DEBT | Y90: 10.8706 | Z90: 10.8706 | AA90: 84280 | AB90: LIC MF Savings Fund | AC90: Regular Plan Monthly Dividend Option | AD90: 44285 | AE90: 10.8676 | AF90: 10.867569 | AG90: 0.003 | AH90: 0.027604991 | AI90: 10.0758 | AJ90: 0.0030616406 | AK90: 0.028172268 | AL90: 10.2829 | AM90: LIC MF Savings Fund | AN90: LIC40 | AP90: Regular | AQ90: INF767K01AM9/INF767K01AN7 | AT90: 30 | AU90: LIC
A91: =K91&B91 -> LDSAPFRDW | B91: =VLOOKUP(J91,'Scheme master'!A:M,13,0) -> RDW | C91: =VLOOKUP(J91,'Scheme master'!A:K,11,0) -> 10 | D91: =(M91+E91)*C91/10000000 -> 3.9351279 | E91: =SUMIF('PHY rollback'!A:A,J91,'PHY rollback'!G:G) -> 0 | F91: =N91/10000000 -> 4.2541663 | G91: =IF(M91<=0,0,Q91) -> 10.8107 | H91: =SUMIF(K:K,K91,F:F)-P91/10000000 -> 0 | I91: =VLOOKUP(K91,'Scheme master'!D:L,9,0) -> Live | J91: LDSAPFRWD | K91: LDSAPF | L91: RWD | M91: 3935127.9 | N91: 42541663 | O91: 10.810745 | P91: 8.4473015e+09 | Q91: 10.8107 | R91: 44286 | S91: 111675 | T91: 40WD | U91: 40 | V91: LI153 | W91: 10 | X91: DEBT | Y91: 10.8107 | Z91: 10.8107 | AA91: 84279 | AB91: LIC MF Savings Fund | AC91: Regular Plan Weekly Dividend Option | AD91: 44285 | AE91: 10.8077 | AF91: 10.8077 | AG91: 0.003 | AH91: 0.027757987 | AI91: 10.1317 | AJ91: 0.0030447411 | AK91: 0.028171961 | AL91: 10.2828 | AM91: LIC MF Savings Fund | AN91: LIC40 | AP91: Regular | AQ91: INF767K01AP2/INF767K01AQ0 | AT91: 30 | AU91: LIC
A92: =K92&B92 -> LDSAPFDDW | B92: =VLOOKUP(J92,'Scheme master'!A:M,13,0) -> DDW | C92: =VLOOKUP(J92,'Scheme master'!A:K,11,0) -> 10 | D92: =(M92+E92)*C92/10000000 -> 0.005686014 | E92: =SUMIF('PHY rollback'!A:A,J92,'PHY rollback'!G:G) -> 0 | F92: =N92/10000000 -> 0.006564265 | G92: =IF(M92<=0,0,Q92) -> 11.5446 | H92: =SUMIF(K:K,K92,F:F)-P92/10000000 -> 0 | I92: =VLOOKUP(K92,'Scheme master'!D:L,9,0) -> Live | J92: LDSAPFWDP | K92: LDSAPF | L92: WDP | M92: 5686.014 | N92: 65642.65 | O92: 11.544581 | P92: 8.4473015e+09 | Q92: 11.5446 | R92: 44286 | S92: 120318 | T92: 40W1 | U92: 40 | V92: LI201 | W92: 10 | X92: DEBT | Y92: 11.5446 | Z92: 11.5446 | AA92: 84283 | AB92: LIC MF Savings Fund | AC92: Direct Plan Weekly Dividend Option | AD92: 44285 | AE92: 11.5412 | AF92: 11.541164 | AG92: 0.0034 | AH92: 0.029459675 | AI92: 10.7528 | AJ92: 0.0034171566 | AK92: 0.029608422 | AL92: 10.8071 | AM92: LIC MF Savings Fund | AN92: LIC40 | AP92: Direct | AQ92: INF767K01JJ6/INF767K01JK4 | AT92: 30 | AU92: LIC
A93: =K93&B93 -> LDSTDFDD | B93: =VLOOKUP(J93,'Scheme master'!A:M,13,0) -> DD | C93: =VLOOKUP(J93,'Scheme master'!A:K,11,0) -> 10 | D93: =(M93+E93)*C93/10000000 -> 0.11810349 | E93: =SUMIF('PHY rollback'!A:A,J93,'PHY rollback'!G:G) -> 0 | F93: =N93/10000000 -> 0.14148637 | G93: =IF(M93<=0,0,Q93) -> 11.9799 | H93: =SUMIF(K:K,K93,F:F)-P93/10000000 -> 0 | I93: =VLOOKUP(K93,'Scheme master'!D:L,9,0) -> Live | J93: LDSTDFDDP | K93: LDSTDF | L93: DDP | M93: 118103.49 | N93: 1414863.7 | O93: 11.979864 | P93: 3.7625593e+09 | Q93: 11.9799 | R93: 44286 | S93: 145953 | T93: 179D1 | U93: 179 | W93: 10 | X93: DEBT | Y93: 11.9799 | Z93: 11.9799 | AA93: 102833 | AB93: LIC MF Short Term Debt Fund | AC93: Direct Plan Dividend Option | AD93: 44285 | AE93: 11.9733 | AF93: 11.973265 | AG93: 0.0066 | AH93: 0.055122648 | AI93: 20.1198 | AJ93: 0.0065980269 | AK93: 0.055106328 | AL93: 20.1138 | AM93: LIC MF Short Term Debt Fund | AN93: LIC179 | AP93: Direct | AT93: 30 | AU93: LIC
A94: =K94&B94 -> LDSTDFDG | B94: =VLOOKUP(J94,'Scheme master'!A:M,13,0) -> DG | C94: =VLOOKUP(J94,'Scheme master'!A:K,11,0) -> 10 | D94: =(M94+E94)*C94/10000000 -> 111.17994 | E94: =SUMIF('PHY rollback'!A:A,J94,'PHY rollback'!G:G) -> 0 | F94: =N94/10000000 -> 133.19272 | G94: =IF(M94<=0,0,Q94) -> 11.9799 | H94: =SUMIF(K:K,K94,F:F)-P94/10000000 -> 0 | I94: =VLOOKUP(K94,'Scheme master'!D:L,9,0) -> Live | J94: LDSTDFGDP | K94: LDSTDF | L94: GDP | M94: 1.1117994e+08 | N94: 1.3319272e+09 | O94: 11.979924 | P94: 3.7625593e+09 | Q94: 11.9799 | R94: 44286 | S94: 145954 | T94: 179G1 | U94: 179 | W94: 10 | X94: DEBT | Y94: 11.9799 | Z94: 11.9799 | AA94: 102834 | AB94: LIC MF Short Term Debt Fund | AC94: Direct Plan Growth Option | AD94: 44285 | AE94: 11.9733 | AF94: 11.973314 | AG94: 0.0066 | AH94: 0.055122648 | AI94: 20.1198 | AJ94: 0.0066101588 | AK94: 0.05520743 | AL94: 20.1507 | AM94: LIC MF Short Term Debt Fund | AN94: LIC179 | AP94: Direct | AT94: 30 | AU94: LIC
A95: =K95&B95 -> LDSTDFRD | B95: =VLOOKUP(J95,'Scheme master'!A:M,13,0) -> RD | C95: =VLOOKUP(J95,'Scheme master'!A:K,11,0) -> 10 | D95: =(M95+E95)*C95/10000000 -> 0.13275881 | E95: =SUMIF('PHY rollback'!A:A,J95,'PHY rollback'!G:G) -> 0 | F95: =N95/10000000 -> 0.15546477 | G95: =IF(M95<=0,0,Q95) -> 11.7103 | H95: =SUMIF(K:K,K95,F:F)-P95/10000000 -> 0 | I95: =VLOOKUP(K95,'Scheme master'!D:L,9,0) -> Live | J95: LDSTDFRD | K95: LDSTDF | L95: RD | M95: 132758.81 | N95: 1554647.7 | O95: 11.710316 | P95: 3.7625593e+09 | Q95: 11.7103 | R95: 44286 | S95: 145951 | T95: 179DP | U95: 179 | W95: 10 | X95: DEBT | Y95: 11.7103 | Z95: 11.7103 | AA95: 102831 | AB95: LIC MF Short Term Debt Fund | AC95: Regular Plan Dividend Option | AD95: 44285 | AE95: 11.7042 | AF95: 11.704203 | AG95: 0.0061 | AH95: 0.052118043 | AI95: 19.0231 | AJ95: 0.0061131395 | AK95: 0.052230292 | AL95: 19.0641 | AM95: LIC MF Short Term Debt Fund | AN95: LIC179 | AP95: Regular | AT95: 30 | AU95: LIC
A96: =K96&B96 -> LDSTDFRG | B96: =VLOOKUP(J96,'Scheme master'!A:M,13,0) -> RG | C96: =VLOOKUP(J96,'Scheme master'!A:K,11,0) -> 10 | D96: =(M96+E96)*C96/10000000 -> 207.3107 | E96: =SUMIF('PHY rollback'!A:A,J96,'PHY rollback'!G:G) -> 0 | F96: =N96/10000000 -> 242.76627 | G96: =IF(M96<=0,0,Q96) -> 11.7103 | H96: =SUMIF(K:K,K96,F:F)-P96/10000000 -> 0 | I96: =VLOOKUP(K96,'Scheme master'!D:L,9,0) -> Live | J96: LDSTDFRG | K96: LDSTDF | L96: RG | M96: 2.073107e+08 | N96: 2.4276627e+09 | O96: 11.710262 | P96: 3.7625593e+09 | Q96: 11.7103 | R96: 44286 | S96: 145952 | T96: 179GP | U96: 179 | W96: 10 | X96: DEBT | Y96: 11.7103 | Z96: 11.7103 | AA96: 102832 | AB96: LIC MF Short Term Debt Fund | AC96: Regular Plan Growth Option | AD96: 44285 | AE96: 11.7042 | AF96: 11.70416 | AG96: 0.0061 | AH96: 0.052118043 | AI96: 19.0231 | AJ96: 0.0061019951 | AK96: 0.052135266 | AL96: 19.0294 | AM96: LIC MF Short Term Debt Fund | AN96: LIC179 | AP96: Regular | AT96: 30 | AU96: LIC
A97: =K97&B97 -> LDUSTFDDD | B97: =VLOOKUP(J97,'Scheme master'!A:M,13,0) -> DDD | C97: =VLOOKUP(J97,'Scheme master'!A:K,11,0) -> 1000 | D97: =(M97+E97)*C97/10000000 -> 0.0026204 | E97: =SUMIF('PHY rollback'!A:A,J97,'PHY rollback'!G:G) -> 0 | F97: =N97/10000000 -> 0.002630386 | G97: =IF(M97<=0,0,Q97) -> 1003.8109 | H97: =SUMIF(K:K,K97,F:F)-P97/10000000 -> 0 | I97: =VLOOKUP(K97,'Scheme master'!D:L,9,0) -> Live | J97: LDUSTFDPD | K97: LDUSTF | L97: DPD | M97: 26.204 | N97: 26303.86 | O97: 1003.8109 | P97: 8.4264819e+08 | Q97: 1003.8109 | R97: 44286 | S97: 147771 | T97: 181D1 | U97: 181 | W97: 1000 | X97: DEBT | Y97: 1003.8109 | Z97: 1003.8109 | AA97: 113198 | AB97: LIC MF Ultra Short Term Fund | AC97: Direct Plan Daily Dividend Option | AD97: 44285 | AE97: 1003.6826 | AF97: 1003.6826 | AG97: 0.1283 | AH97: 0.012782926 | AI97: 4.6658 | AJ97: 0.1282247 | AK97: 0.012775423 | AL97: 4.663 | AM97: LICMF Ultra Short Term Fund | AN97: LIC181 | AP97: Direct | AT97: 30 | AU97: LIC
A98: =K98&B98 -> LDUSTFDG | B98: =VLOOKUP(J98,'Scheme master'!A:M,13,0) -> DG | C98: =VLOOKUP(J98,'Scheme master'!A:K,11,0) -> 1000 | D98: =(M98+E98)*C98/10000000 -> 21.557767 | E98: =SUMIF('PHY rollback'!A:A,J98,'PHY rollback'!G:G) -> 0 | F98: =N98/10000000 -> 22.835095 | G98: =IF(M98<=0,0,Q98) -> 1059.2514 | H98: =SUMIF(K:K,K98,F:F)-P98/10000000 -> 0 | I98: =VLOOKUP(K98,'Scheme master'!D:L,9,0) -> Live | J98: LDUSTFGDP | K98: LDUSTF | L98: GDP | M98: 215577.67 | N98: 2.2835095e+08 | O98: 1059.2514 | P98: 8.4264819e+08 | Q98: 1059.2514 | R98: 44286 | S98: 147772 | T98: 181G1 | U98: 181 | W98: 1000 | X98: DEBT | Y98: 1059.2514 | Z98: 1059.2514 | AA98: 113196 | AB98: LIC MF Ultra Short Term Fund | AC98: Direct Plan Growth Option | AD98: 44285 | AE98: 1059.1164 | AF98: 1059.1164 | AG98: 0.135 | AH98: 0.012746474 | AI98: 4.6525 | AJ98: 0.13506558 | AK98: 0.012752667 | AL98: 4.6547 | AM98: LICMF Ultra Short Term Fund | AN98: LIC181 | AP98: Direct | AT98: 30 | AU98: LIC
A99: =K99&B99 -> LDUSTFDDM | B99: =VLOOKUP(J99,'Scheme master'!A:M,13,0) -> DDM | C99: =VLOOKUP(J99,'Scheme master'!A:K,11,0) -> 1000 | D99: =(M99+E99)*C99/10000000 -> 0.0127578 | E99: =SUMIF('PHY rollback'!A:A,J99,'PHY rollback'!G:G) -> 0 | F99: =N99/10000000 -> 0.013513515 | G99: =IF(M99<=0,0,Q99) -> 1059.2355 | H99: =SUMIF(K:K,K99,F:F)-P99/10000000 -> 0 | I99: =VLOOKUP(K99,'Scheme master'!D:L,9,0) -> Live | J99: LDUSTFMDP | K99: LDUSTF | L99: MDP | M99: 127.578 | N99: 135135.15 | O99: 1059.2355 | P99: 8.4264819e+08 | Q99: 1059.2355 | R99: 44286 | S99: 147773 | T99: 181M1 | U99: 181 | W99: 1000 | X99: DEBT | Y99: 1059.2355 | Z99: 1059.2355 | AA99: 113199 | AB99: LIC MF Ultra Short Term Fund | AC99: Direct Plan Monthly Dividend Option | AD99: 44285 | AE99: 1059.1006 | AF99: 1059.1006 | AG99: 0.1349 | AH99: 0.012737223 | AI99: 4.6491 | AJ99: 0.13497625 | AK99: 0.012744423 | AL99: 4.6517 | AM99: LICMF Ultra Short Term Fund | AN99: LIC181 | AP99: Direct | AT99: 30 | AU99: LIC
A100: =K100&B100 -> LDUSTFRDD | B100: =VLOOKUP(J100,'Scheme master'!A:M,13,0) -> RDD | C100: =VLOOKUP(J100,'Scheme master'!A:K,11,0) -> 1000 | D100: =(M100+E100)*C100/10000000 -> 0.0020781 | E100: =SUMIF('PHY rollback'!A:A,J100,'PHY rollback'!G:G) -> 0 | F100: =N100/10000000 -> 0.002111972 | G100: =IF(M100<=0,0,Q100) -> 1016.2995 | H100: =SUMIF(K:K,K100,F:F)-P100/10000000 -> 0 | I100: =VLOOKUP(K100,'Scheme master'!D:L,9,0) -> Live | J100: LDUSTFRDD | K100: LDUSTF | L100: RDD | M100: 20.781 | N100: 21119.72 | O100: 1016.2995 | P100: 8.4264819e+08 | Q100: 1016.2995 | R100: 44286 | S100: 147766 | T100: 181DD | U100: 181 | W100: 1000 | X100: DEBT | Y100: 1016.2995 | Z100: 1016.2995 | AA100: 113194 | AB100: LIC MF Ultra Short Term Fund | AC100: Regular Daily Dividend Option | AD100: 44285 | AE100: 1016.1763 | AF100: 1016.1763 | AG100: 0.1232 | AH100: 0.01212388 | AI100: 4.4252 | AJ100: 0.12318945 | AK100: 0.012122842 | AL100: 4.4248 | AM100: LICMF Ultra Short Term Fund | AN100: LIC181 | AP100: Regular | AT100: 30 | AU100: LIC
A101: =K101&B101 -> LDUSTFDDW | B101: =VLOOKUP(J101,'Scheme master'!A:M,13,0) -> DDW | C101: =VLOOKUP(J101,'Scheme master'!A:K,11,0) -> 1000 | D101: =(M101+E101)*C101/10000000 -> 0.000513 | E101: =SUMIF('PHY rollback'!A:A,J101,'PHY rollback'!G:G) -> 0 | F101: =N101/10000000 -> 0.00052704 | G101: =IF(M101<=0,0,Q101) -> 1027.3684 | H101: =SUMIF(K:K,K101,F:F)-P101/10000000 -> 0 | I101: =VLOOKUP(K101,'Scheme master'!D:L,9,0) -> Live | J101: LDUSTFWDP | K101: LDUSTF | L101: WDP | M101: 5.13 | N101: 5270.4 | O101: 1027.3684 | P101: 8.4264819e+08 | Q101: 1027.3684 | R101: 44286 | S101: 147769 | T101: 181W1 | U101: 181 | W101: 1000 | X101: DEBT | Y101: 1027.3684 | Z101: 1027.3684 | AA101: 113197 | AB101: LIC MF Ultra Short Term Fund | AC101: Direct Plan Weekly Dividend Option | AD101: 44285 | AE101: 1027.2378 | AF101: 1027.2378 | AG101: 0.1306 | AH101: 0.012713707 | AI101: 4.6405 | AJ101: 0.13060429 | AK101: 0.012714124 | AL101: 4.6407 | AM101: LICMF Ultra Short Term Fund | AN101: LIC181 | AP101: Direct | AT101: 30 | AU101: LIC
A102: =K102&B102 -> LEBFSFDD | B102: =VLOOKUP(J102,'Scheme master'!A:M,13,0) -> DD | C102: =VLOOKUP(J102,'Scheme master'!A:K,11,0) -> 10 | D102: =(M102+E102)*C102/10000000 -> 0.17364629 | E102: =SUMIF('PHY rollback'!A:A,J102,'PHY rollback'!G:G) -> 0 | F102: =N102/10000000 -> 0.22691899 | G102: =IF(M102<=0,0,Q102) -> 13.0679 | H102: =SUMIF(K:K,K102,F:F)-P102/10000000 -> 0 | I102: =VLOOKUP(K102,'Scheme master'!D:L,9,0) -> Live | J102: LEBFSFDDP | K102: LEBFSF | L102: DDP | M102: 173646.29 | N102: 2269189.9 | O102: 13.067886 | P102: 5.7844965e+08 | Q102: 13.0679 | R102: 44286 | S102: 133908 | T102: 171D1 | U102: 171 | V102: LI422 | W102: 10 | X102: EQTY | Y102: 13.0679 | Z102: 12.9372 | AA102: 84341 | AB102: LIC MF Banking and Financial Ser Fund | AC102: Direct Plan Dividend Option | AD102: 44285 | AE102: 13.2868 | AF102: 13.286825 | AG102: -0.2189 | AH102: -1.6474998 | AI102: -601.3374 | AJ102: -0.21893895 | AK102: -1.6477898 | AL102: -601.4433 | AM102: LIC MF Banking and Financial Services Fund | AN102: LIC171 | AP102: Direct | AQ102: INF767K01NJ8/INF767K01NL4 | AT102: 30 | AU102: LIC
A103: =K103&B103 -> LEBFSFDG | B103: =VLOOKUP(J103,'Scheme master'!A:M,13,0) -> DG | C103: =VLOOKUP(J103,'Scheme master'!A:K,11,0) -> 10 | D103: =(M103+E103)*C103/10000000 -> 4.5872621 | E103: =SUMIF('PHY rollback'!A:A,J103,'PHY rollback'!G:G) -> 0 | F103: =N103/10000000 -> 6.0176535 | G103: =IF(M103<=0,0,Q103) -> 13.1182 | H103: =SUMIF(K:K,K103,F:F)-P103/10000000 -> 0 | I103: =VLOOKUP(K103,'Scheme master'!D:L,9,0) -> Live | J103: LEBFSFGDP | K103: LEBFSF | L103: GDP | M103: 4587262.1 | N103: 60176535 | O103: 13.118181 | P103: 5.7844965e+08 | Q103: 13.1182 | R103: 44286 | S103: 134017 | T103: 171G1 | U103: 171 | V103: LI423 | W103: 10 | X103: EQTY | Y103: 13.1182 | Z103: 12.987 | AA103: 84342 | AB103: LIC MF Banking and Financial Ser Fund | AC103: Direct Plan Growth Option | AD103: 44285 | AE103: 13.338 | AF103: 13.337978 | AG103: -0.2198 | AH103: -1.6479232 | AI103: -601.492 | AJ103: -0.21979753 | AK103: -1.6479074 | AL103: -601.4862 | AM103: LIC MF Banking and Financial Services Fund | AN103: LIC171 | AP103: Direct | AQ103: INF767K01NK6 | AT103: 30 | AU103: LIC
A104: =K104&B104 -> LEBFSFRD | B104: =VLOOKUP(J104,'Scheme master'!A:M,13,0) -> RD | C104: =VLOOKUP(J104,'Scheme master'!A:K,11,0) -> 10 | D104: =(M104+E104)*C104/10000000 -> 1.7866604 | E104: =SUMIF('PHY rollback'!A:A,J104,'PHY rollback'!G:G) -> 0 | F104: =N104/10000000 -> 2.2010335 | G104: =IF(M104<=0,0,Q104) -> 12.3193 | H104: =SUMIF(K:K,K104,F:F)-P104/10000000 -> 0 | I104: =VLOOKUP(K104,'Scheme master'!D:L,9,0) -> Live | J104: LEBFSFRD | K104: LEBFSF | L104: RD | M104: 1786660.3 | N104: 22010335 | O104: 12.319261 | P104: 5.7844965e+08 | Q104: 12.3193 | R104: 44286 | S104: 134015 | T104: 171DP | U104: 171 | V104: LI420 | W104: 10 | X104: EQTY | Y104: 12.3193 | Z104: 12.1961 | AA104: 84339 | AB104: LIC MF Banking and Financial Ser Fund | AC104: Regular Plan Dividend Option | AD104: 44285 | AE104: 12.5261 | AF104: 12.526069 | AG104: -0.2068 | AH104: -1.6509528 | AI104: -602.5978 | AJ104: -0.20680834 | AK104: -1.6510234 | AL104: -602.6235 | AM104: LIC MF Banking and Financial Services Fund | AN104: LIC171 | AP104: Regular | AQ104: INF767K01NG4/INF767K01NI0 | AT104: 30 | AU104: LIC
A105: =K105&B105 -> LEBFSFRG | B105: =VLOOKUP(J105,'Scheme master'!A:M,13,0) -> RG | C105: =VLOOKUP(J105,'Scheme master'!A:K,11,0) -> 10 | D105: =(M105+E105)*C105/10000000 -> 40.092633 | E105: =SUMIF('PHY rollback'!A:A,J105,'PHY rollback'!G:G) -> 0 | F105: =N105/10000000 -> 49.399359 | G105: =IF(M105<=0,0,Q105) -> 12.3213 | H105: =SUMIF(K:K,K105,F:F)-P105/10000000 -> 0 | I105: =VLOOKUP(K105,'Scheme master'!D:L,9,0) -> Live | J105: LEBFSFRG | K105: LEBFSF | L105: RG | M105: 40092633 | N105: 4.9399359e+08 | O105: 12.321306 | P105: 5.7844965e+08 | Q105: 12.3213 | R105: 44286 | S105: 134016 | T105: 171GP | U105: 171 | V105: LI421 | W105: 10 | X105: EQTY | Y105: 12.3213 | Z105: 12.1981 | AA105: 84340 | AB105: LIC MF Banking and Financial Ser Fund | AC105: Regular Plan Growth Option | AD105: 44285 | AE105: 12.5281 | AF105: 12.52815 | AG105: -0.2068 | AH105: -1.6506893 | AI105: -602.5016 | AJ105: -0.20684388 | AK105: -1.6510329 | AL105: -602.627 | AM105: LIC MF Banking and Financial Services Fund | AN105: LIC171 | AP105: Regular | AQ105: INF767K01NH2 | AT105: 30 | AU105: LIC
A106: =K106&B106 -> LEARBFDG | B106: =VLOOKUP(J106,'Scheme master'!A:M,13,0) -> DG | C106: =VLOOKUP(J106,'Scheme master'!A:K,11,0) -> 10 | D106: =(M106+E106)*C106/10000000 -> 11.052194 | E106: =SUMIF('PHY rollback'!A:A,J106,'PHY rollback'!G:G) -> 0 | F106: =N106/10000000 -> 12.288426 | G106: =IF(M106<=0,0,Q106) -> 11.1185 | H106: =SUMIF(K:K,K106,F:F)-P106/10000000 -> 0 | I106: =VLOOKUP(K106,'Scheme master'!D:L,9,0) -> Live | J106: LEARBFGDP | K106: LEARBF | L106: GDP | M106: 11052194 | N106: 1.2288426e+08 | O106: 11.11854 | P106: 3.2963045e+08 | Q106: 11.1185 | R106: 44286 | S106: 145895 | T106: 178G1 | U106: 178 | W106: 10 | X106: EQTY | Y106: 11.1185 | Z106: 11.1185 | AA106: 102466 | AB106: LIC MF Arbitrage Fund | AC106: Direct Plan Growth Option | AD106: 44285 | AE106: 11.1186 | AF106: 11.118573 | AG106: -0.0001 | AH106: -0.00089939381 | AI106: -0.3283 | AJ106: -3.2475905e-05 | AK106: -0.000292087 | AL106: -0.1066 | AM106: LIC MF Arbitrage Fund | AN106: LIC178 | AP106: Direct | AT106: 30 | AU106: LIC
A107: =K107&B107 -> LEARBFDDM | B107: =VLOOKUP(J107,'Scheme master'!A:M,13,0) -> DDM | C107: =VLOOKUP(J107,'Scheme master'!A:K,11,0) -> 10 | D107: =(M107+E107)*C107/10000000 -> 0.016260181 | E107: =SUMIF('PHY rollback'!A:A,J107,'PHY rollback'!G:G) -> 0 | F107: =N107/10000000 -> 0.016439265 | G107: =IF(M107<=0,0,Q107) -> 10.1101 | H107: =SUMIF(K:K,K107,F:F)-P107/10000000 -> 0 | I107: =VLOOKUP(K107,'Scheme master'!D:L,9,0) -> Live | J107: LEARBFMDP | K107: LEARBF | L107: MDP | M107: 16260.181 | N107: 164392.65 | O107: 10.110137 | P107: 3.2963045e+08 | Q107: 10.1101 | R107: 44286 | S107: 145894 | T107: 178M1 | U107: 178 | W107: 10 | X107: EQTY | Y107: 10.1101 | Z107: 10.1101 | AA107: 102465 | AB107: LIC MF Arbitrage Fund | AC107: Direct Plan Monthly Dividend Option | AD107: 44285 | AE107: 10.1102 | AF107: 10.110168 | AG107: -0.0001 | AH107: -0.00098910012 | AI107: -0.361 | AJ107: -3.1779642e-05 | AK107: -0.00031433346 | AL107: -0.1147 | AM107: LIC MF Arbitrage Fund | AN107: LIC178 | AP107: Direct | AT107: 30 | AU107: LIC
A108: =K108&B108 -> LEARBFRG | B108: =VLOOKUP(J108,'Scheme master'!A:M,13,0) -> RG | C108: =VLOOKUP(J108,'Scheme master'!A:K,11,0) -> 10 | D108: =(M108+E108)*C108/10000000 -> 17.975703 | E108: =SUMIF('PHY rollback'!A:A,J108,'PHY rollback'!G:G) -> 0 | F108: =N108/10000000 -> 19.71899 | G108: =IF(M108<=0,0,Q108) -> 10.9698 | H108: =SUMIF(K:K,K108,F:F)-P108/10000000 -> 0 | I108: =VLOOKUP(K108,'Scheme master'!D:L,9,0) -> Live | J108: LEARBFRG | K108: LEARBF | L108: RG | M108: 17975703 | N108: 1.971899e+08 | O108: 10.969802 | P108: 3.2963045e+08 | Q108: 10.9698 | R108: 44286 | S108: 145890 | T108: 178GP | U108: 178 | W108: 10 | X108: EQTY | Y108: 10.9698 | Z108: 10.9698 | AA108: 102463 | AB108: LIC MF Arbitrage Fund | AC108: Regular Plan Growth Option | AD108: 44285 | AE108: 10.97 | AF108: 10.969999 | AG108: -0.0002 | AH108: -0.0018231541 | AI108: -0.6655 | AJ108: -0.00019641892 | AK108: -0.00179051 | AL108: -0.6535 | AM108: LIC MF Arbitrage Fund | AN108: LIC178 | AP108: Regular | AT108: 30 | AU108: LIC
A109: =K109&B109 -> LEARBFRDM | B109: =VLOOKUP(J109,'Scheme master'!A:M,13,0) -> RDM | C109: =VLOOKUP(J109,'Scheme master'!A:K,11,0) -> 10 | D109: =(M109+E109)*C109/10000000 -> 0.10680736 | E109: =SUMIF('PHY rollback'!A:A,J109,'PHY rollback'!G:G) -> 0 | F109: =N109/10000000 -> 0.11447101 | G109: =IF(M109<=0,0,Q109) -> 10.7175 | H109: =SUMIF(K:K,K109,F:F)-P109/10000000 -> 0 | I109: =VLOOKUP(K109,'Scheme master'!D:L,9,0) -> Live | J109: LEARBFRMD | K109: LEARBF | L109: RMD | M109: 106807.36 | N109: 1144710.1 | O109: 10.717521 | P109: 3.2963045e+08 | Q109: 10.7175 | R109: 44286 | S109: 145892 | T109: 178MD | U109: 178 | W109: 10 | X109: EQTY | Y109: 10.7175 | Z109: 10.7175 | AA109: 102462 | AB109: LIC MF Arbitrage Fund | AC109: Regular Plan Monthly Dividend Option | AD109: 44285 | AE109: 10.7177 | AF109: 10.717713 | AG109: -0.0002 | AH109: -0.001866072 | AI109: -0.6811 | AJ109: -0.00019193433 | AK109: -0.0017908143 | AL109: -0.6536 | AM109: LIC MF Arbitrage Fund | AN109: LIC178 | AP109: Regular | AT109: 30 | AU109: LIC
A110: =K110&B110 -> LEARBFRDW | B110: =VLOOKUP(J110,'Scheme master'!A:M,13,0) -> RDW | C110: =VLOOKUP(J110,'Scheme master'!A:K,11,0) -> 10 | D110: =(M110+E110)*C110/10000000 -> 0.56180629 | E110: =SUMIF('PHY rollback'!A:A,J110,'PHY rollback'!G:G) -> 0 | F110: =N110/10000000 -> 0.59958431 | G110: =IF(M110<=0,0,Q110) -> 10.6724 | H110: =SUMIF(K:K,K110,F:F)-P110/10000000 -> 0 | I110: =VLOOKUP(K110,'Scheme master'!D:L,9,0) -> Live | J110: LEARBFRWD | K110: LEARBF | L110: RWD | M110: 561806.29 | N110: 5995843.1 | O110: 10.672438 | P110: 3.2963045e+08 | Q110: 10.6724 | R110: 44286 | S110: 145893 | T110: 178WD | U110: 178 | W110: 10 | X110: EQTY | Y110: 10.6724 | Z110: 10.6724 | AA110: 102461 | AB110: LIC MF Arbitrage Fund | AC110: Regular Plan Weekly Dividend Option | AD110: 44285 | AE110: 10.6726 | AF110: 10.672629 | AG110: -0.0002 | AH110: -0.0018739576 | AI110: -0.684 | AJ110: -0.00019109789 | AK110: -0.0017905418 | AL110: -0.6535 | AM110: LIC MF Arbitrage Fund | AN110: LIC178 | AP110: Regular | AT110: 30 | AU110: LIC
A111: =K111&B111 -> LEARBFDDW | B111: =VLOOKUP(J111,'Scheme master'!A:M,13,0) -> DDW | C111: =VLOOKUP(J111,'Scheme master'!A:K,11,0) -> 10 | D111: =(M111+E111)*C111/10000000 -> 0.21547197 | E111: =SUMIF('PHY rollback'!A:A,J111,'PHY rollback'!G:G) -> 0 | F111: =N111/10000000 -> 0.22513467 | G111: =IF(M111<=0,0,Q111) -> 10.4484 | H111: =SUMIF(K:K,K111,F:F)-P111/10000000 -> 0 | I111: =VLOOKUP(K111,'Scheme master'!D:L,9,0) -> Live | J111: LEARBFWDP | K111: LEARBF | L111: WDP | M111: 215471.97 | N111: 2251346.7 | O111: 10.448443 | P111: 3.2963045e+08 | Q111: 10.4484 | R111: 44286 | S111: 145891 | T111: 178W1 | U111: 178 | W111: 10 | X111: EQTY | Y111: 10.4484 | Z111: 10.4484 | AA111: 102464 | AB111: LIC MF Arbitrage Fund | AC111: Direct Plan Weekly Dividend Option | AD111: 44285 | AE111: 10.4485 | AF111: 10.448476 | AG111: -0.0001 | AH111: -0.00095707518 | AI111: -0.3493 | AJ111: -3.2440415e-05 | AK111: -0.00031047987 | AL111: -0.1133 | AM111: LIC MF Arbitrage Fund | AN111: LIC178 | AP111: Direct | AT111: 30 | AU111: LIC
A112: =K112&B112 -> LEBALFDD | B112: =VLOOKUP(J112,'Scheme master'!A:M,13,0) -> DD | C112: =VLOOKUP(J112,'Scheme master'!A:K,11,0) -> 10 | D112: =(M112+E112)*C112/10000000 -> 25.028417 | E112: =SUMIF('PHY rollback'!A:A,J112,'PHY rollback'!G:G) -> 0 | F112: =N112/10000000 -> 39.557763 | G112: =IF(M112<=0,0,Q112) -> 15.8051 | H112: =SUMIF(K:K,K112,F:F)-P112/10000000 -> 0 | I112: =VLOOKUP(K112,'Scheme master'!D:L,9,0) -> Live | J112: LEBALFDDP | K112: LEBALF | L112: DDP | M112: 25028417 | N112: 3.9557763e+08 | O112: 15.80514 | P112: 4.3477935e+09 | Q112: 15.8051 | R112: 44286 | S112: 120260 | T112: 08D1 | U112: 8 | V112: LI183 | W112: 10 | X112: EQTY | Y112: 15.8051 | Z112: 15.647 | AA112: 84315 | AB112: LIC MF Equity Hybrid Fund | AC112: Direct Plan Dividend Option | AD112: 44285 | AE112: 15.8861 | AF112: 15.886113 | AG112: -0.081 | AH112: -0.50987971 | AI112: -186.1061 | AJ112: -0.080973262 | AK112: -0.50971098 | AL112: -186.0445 | AM112: LIC MF Equity Hybrid Fund | AN112: LIC08 | AP112: Direct | AQ112: INF767K01EC2/INF767K01EE8 | AT112: 30 | AU112: LIC
A113: =K113&B113 -> LEBALFDG | B113: =VLOOKUP(J113,'Scheme master'!A:M,13,0) -> DG | C113: =VLOOKUP(J113,'Scheme master'!A:K,11,0) -> 10 | D113: =(M113+E113)*C113/10000000 -> 5.5823721 | E113: =SUMIF('PHY rollback'!A:A,J113,'PHY rollback'!G:G) -> 0 | F113: =N113/10000000 -> 74.236861 | G113: =IF(M113<=0,0,Q113) -> 132.9844 | H113: =SUMIF(K:K,K113,F:F)-P113/10000000 -> 0 | I113: =VLOOKUP(K113,'Scheme master'!D:L,9,0) -> Live | J113: LEBALFGDP | K113: LEBALF | L113: GDP | M113: 5582372.1 | N113: 7.4236861e+08 | O113: 132.98444 | P113: 4.3477935e+09 | Q113: 132.9844 | R113: 44286 | S113: 120261 | T113: 08G1 | U113: 8 | V113: LI184 | W113: 10 | X113: EQTY | Y113: 132.9844 | Z113: 131.6546 | AA113: 84316 | AB113: LIC MF Equity Hybrid Fund | AC113: Direct Plan Growth Option | AD113: 44285 | AE113: 133.6657 | AF113: 133.66573 | AG113: -0.6813 | AH113: -0.50970443 | AI113: -186.0421 | AJ113: -0.68129338 | AK113: -0.50969937 | AL113: -186.0403 | AM113: LIC MF Equity Hybrid Fund | AN113: LIC08 | AP113: Direct | AQ113: INF767K01ED0 | AT113: 30 | AU113: LIC
A114: =K114&B114 -> LEBALFRD | B114: =VLOOKUP(J114,'Scheme master'!A:M,13,0) -> RD | C114: =VLOOKUP(J114,'Scheme master'!A:K,11,0) -> 10 | D114: =(M114+E114)*C114/10000000 -> 62.236735 | E114: =SUMIF('PHY rollback'!A:A,J114,'PHY rollback'!G:G) -> 0 | F114: =N114/10000000 -> 88.373886 | G114: =IF(M114<=0,0,Q114) -> 14.1996 | H114: =SUMIF(K:K,K114,F:F)-P114/10000000 -> 0 | I114: =VLOOKUP(K114,'Scheme master'!D:L,9,0) -> Live | J114: LEBALFRD | K114: LEBALF | L114: RD | M114: 62236735 | N114: 8.8373886e+08 | O114: 14.199634 | P114: 4.3477935e+09 | Q114: 14.1996 | R114: 44286 | S114: 100321 | T114: 08DP | U114: 8 | V114: LI023 | W114: 10 | X114: EQTY | Y114: 14.1996 | Z114: 14.0576 | AA114: 84313 | AB114: LIC MF Equity Hybrid Fund | AC114: Regular Plan Dividend Option | AD114: 44285 | AE114: 14.2729 | AF114: 14.272858 | AG114: -0.0733 | AH114: -0.51356066 | AI114: -187.4496 | AJ114: -0.073223436 | AK114: -0.51302576 | AL114: -187.2544 | AM114: LIC MF Equity Hybrid Fund | AN114: LIC08 | AP114: Regular | AQ114: INF767K01022/INF767K01014 | AT114: 30 | AU114: LIC
A115: =K115&B115 -> LEBALFRG | B115: =VLOOKUP(J115,'Scheme master'!A:M,13,0) -> RG | C115: =VLOOKUP(J115,'Scheme master'!A:K,11,0) -> 10 | D115: =(M115+E115)*C115/10000000 -> 18.933354 | E115: =SUMIF('PHY rollback'!A:A,J115,'PHY rollback'!G:G) -> 0 | F115: =N115/10000000 -> 232.61083 | G115: =IF(M115<=0,0,Q115) -> 122.8577 | H115: =SUMIF(K:K,K115,F:F)-P115/10000000 -> 0 | I115: =VLOOKUP(K115,'Scheme master'!D:L,9,0) -> Live | J115: LEBALFRG | K115: LEBALF | L115: RG | M115: 18933354 | N115: 2.3261083e+09 | O115: 122.8577 | P115: 4.3477935e+09 | Q115: 122.8577 | R115: 44286 | S115: 100323 | T115: 08GP | U115: 8 | V115: LI011 | W115: 10 | X115: EQTY | Y115: 122.8577 | Z115: 121.6291 | AA115: 84314 | AB115: LIC MF Equity Hybrid Fund | AC115: Regular Plan Growth Option | AD115: 44285 | AE115: 123.4913 | AF115: 123.49127 | AG115: -0.6336 | AH115: -0.51307258 | AI115: -187.2715 | AJ115: -0.63356701 | AK115: -0.513046 | AL115: -187.2618 | AM115: LIC MF Equity Hybrid Fund | AN115: LIC08 | AP115: Regular | AQ115: INF767K01030 | AT115: 30 | AU115: LIC
J116: 44105 | K116: Page -1 of 1 | L116: 0.4091088

Sheet Mapping
B1: ACC_GRP | C1: ACC_GRP_DESC | D1: ACC_NO | E1: ACC_DESC | F1: HY financials mapping | G1: Expenses mapping | H1: AUM mapping
A2: =LEFT(D2,1) -> 1 | B2: 101000 | C2: COST EQUITIES | D2: 101100 | E2: Investment - Equities | F2: Ignore | G2: Ignore | H2: AUM
A3: =LEFT(D3,1) -> 1 | B3: 102000 | C3: COST BONDS | D3: 102110 | E3: Investment - Treasury Bills | F3: Ignore | G3: Ignore | H3: AUM
A4: =LEFT(D4,1) -> 1 | B4: 102000 | C4: COST BONDS | D4: 102120 | E4: Investment - Corp Bond/Debent. | F4: Ignore | G4: Ignore | H4: AUM
A5: =LEFT(D5,1) -> 1 | B5: 102000 | C5: COST BONDS | D5: 102130 | E5: Investment - Government Bonds | F5: Ignore | G5: Ignore | H5: AUM
A6: =LEFT(D6,1) -> 1 | B6: 102000 | C6: COST BONDS | D6: 102135 | E6: Investment - SDLs | F6: Ignore | G6: Ignore | H6: AUM
A7: =LEFT(D7,1) -> 1 | B7: 102000 | C7: COST BONDS | D7: 102145 | E7: Investment - Zero Coupon Bond | F7: Ignore | G7: Ignore | H7: AUM
A8: =LEFT(D8,1) -> 1 | B8: 102000 | C8: COST BONDS | D8: 102180 | E8: Investment - Commercial Paper | F8: Ignore | G8: Ignore | H8: AUM
A9: =LEFT(D9,1) -> 1 | B9: 102000 | C9: COST BONDS | D9: 102190 | E9: Investment - Cert of Deposits | F9: Ignore | G9: Ignore | H9: AUM
A10: =LEFT(D10,1) -> 1 | B10: 102000 | C10: COST BONDS | D10: 102230 | E10: Investment - Repo Deposit | F10: Ignore | G10: Ignore | H10: AUM
A11: =LEFT(D11,1) -> 1 | B11: 105000 | C11: COST FUNDS | D11: 105100 | E11: Investment Mutual Fund | F11: Ignore | G11: Ignore | H11: AUM
A12: =LEFT(D12,1) -> 1 | B12: 110000 | C12: DEPOSIT | D12: 102220 | E12: Investment - Fixed Deposit | F12: Ignore | G12: Ignore | H12: AUM
A13: =LEFT(D13,1) -> 1 | B13: 110000 | C13: DEPOSIT | D13: 110100 | E13: Investment - CBLO | F13: Ignore | G13: Ignore | H13: AUM
... A19: =LEFT(D19,1) -> 1 | B19: 110000 | C19: DEPOSIT | D19: 110123 | E19: Margin Deposit For Sec Segment | F19: Ignore | G19: Ignore | H19: AUM
A20: =LEFT(D20,1) -> 1 | B20: 110000 | C20: DEPOSIT | D20: 110125 | E20: Default Margin Deposit -Treps | F20: Ignore | G20: Ignore | H20: AUM | I20: Added in September 2021
A21: =LEFT(D21,1) -> 1 | B21: 110000 | C21: DEPOSIT | D21: 110126 | E21: Default Margin Dep For Sec Seg | F21: Ignore | G21: Ignore | H21: AUM | I21: Added in September 2021
A22: =LEFT(D22,1) -> 1 | B22: 110000 | C22: DEPOSIT | D22: 110247 | E22: Investment- TREPS | F22: Ignore | G22: Ignore | H22: AUM
A23: =LEFT(D23,1) -> 1 | B23: 132000 | C23: RECEIVABLES | D23: 110141 | E23: Red Rec - Floating Rate Notes | F23: Ignore | G23: Ignore | H23: AUM
A24: =LEFT(D24,1) -> 1 | B24: 132000 | C24: RECEIVABLES | D24: 110142 | E24: Red Receivable - Debentures | F24: Ignore | G24: Ignore | H24: AUM
A25: =LEFT(D25,1) -> 1 | B25: 132000 | C25: RECEIVABLES | D25: 132100 | E25: Dividend Receivable | F25: Ignore | G25: Ignore | H25: AUM
A26: =LEFT(D26,1) -> 1 | B26: 132000 | C26: RECEIVABLES | D26: 132113 | E26: Receivable From Karvy | F26: Ignore | G26: Ignore | H26: AUM
A27: =LEFT(D27,1) -> 1 | B27: 132000 | C27: RECEIVABLES | D27: 132121 | E27: Sub. Rec. Control Account | F27: Ignore | G27: Ignore | H27: AUM
A28: =LEFT(D28,1) -> 1 | B28: 132000 | C28: RECEIVABLES | D28: 132124 | E28: Switch in Receivable Ct | F28: Ignore | G28: Ignore | H28: AUM
A29: =LEFT(D29,1) -> 1 | B29: 132000 | C29: RECEIVABLES | D29: 132150 | E29: Due From Broker - Equities | F29: Ignore | G29: Ignore | H29: AUM
A30: =LEFT(D30,1) -> 1 | B30: 132000 | C30: RECEIVABLES | D30: 132160 | E30: Due From Broker - Bonds | F30: Ignore | G30: Ignore | H30: AUM
A31: =LEFT(D31,1) -> 1 | B31: 132000 | C31: RECEIVABLES | D31: 132166 | E31: Receivable from Issuer | F31: Ignore | G31: Ignore | H31: AUM
A32: =LEFT(D32,1) -> 1 | B32: 132000 | C32: RECEIVABLES | D32: 132170 | E32: Coupon Receivable | F32: Ignore | G32: Ignore | H32: AUM
A33: =LEFT(D33,1) -> 1 | B33: 132000 | C33: RECEIVABLES | D33: 132220 | E33: Other Receivable | F33: Ignore | G33: Ignore | H33: AUM
... A37: =LEFT(D37,1) -> 1 | B37: 140000 | C37: BANK & OTHER DEPOSITS | D37: 132237 | E37: CCIL Settlement A/C | F37: Ignore | G37: Ignore | H37: AUM
A38: =LEFT(D38,1) -> 1 | B38: 140000 | C38: BANK & OTHER DEPOSITS | D38: 140101 | E38: SBI Bank Collection A/c | F38: Ignore | G38: Ignore | H38: AUM | I38: Added in September 2020
A39: =LEFT(D39,1) -> 1 | B39: 140000 | C39: BANK & OTHER DEPOSITS | D39: 140122 | E39: SCB Collection A/c. | F39: Ignore | G39: Ignore | H39: AUM | I39: Added in September 2020
A40: =LEFT(D40,1) -> 1 | B40: 140000 | C40: BANK & OTHER DEPOSITS | D40: 140130 | E40: Cash in Bank | F40: Ignore | G40: Ignore | H40: AUM
A41: =LEFT(D41,1) -> 1 | B41: 140000 | C41: BANK & OTHER DEPOSITS | D41: 140166 | E41: Corporation Bank Collection | F41: Ignore | G41: Ignore | H41: AUM | I41: Added in September 2020
A42: =LEFT(D42,1) -> 1 | B42: 140000 | C42: BANK & OTHER DEPOSITS | D42: 140167 | E42: Saraswat Bank Collection A/c. | F42: Ignore | G42: Ignore | H42: AUM | I42: Added in September 2020
A43: =LEFT(D43,1) -> 1 | B43: 140000 | C43: BANK & OTHER DEPOSITS | D43: 140168 | E43: Punjab National Bank | F43: Ignore | G43: Ignore | H43: AUM | I43: Added in September 2020
A44: =LEFT(D44,1) -> 1 | B44: 140000 | C44: BANK & OTHER DEPOSITS | D44: 140183 | E44: Axis Collection | F44: Ignore | G44: Ignore | H44: AUM | I44: Added in September 2020
A45: =LEFT(D45,1) -> 1 | B45: 140000 | C45: BANK & OTHER DEPOSITS | D45: 140311 | E45: HDFC Bank Redemption A/C | F45: Ignore | G45: Ignore | H45: AUM | I45: Added in September 2020
A46: =LEFT(D46,1) -> 1 | B46: 140000 | C46: BANK & OTHER DEPOSITS | D46: 140317 | E46: Yes Bank Redemption A/C | F46: Ignore | G46: Ignore | H46: AUM | I46: Added in September 2021
A47: =LEFT(D47,1) -> 1 | B47: 140000 | C47: BANK & OTHER DEPOSITS | D47: 140330 | E47: HDFC Current Account | F47: Ignore | G47: Ignore | H47: AUM
A48: =LEFT(D48,1) -> 1 | B48: 140000 | C48: BANK & OTHER DEPOSITS | D48: 140366 | E48: HDFC BANK SIP COLLECTION ACC | F48: Ignore | G48: Ignore | H48: AUM | I48: Added in September 2020
A49: =LEFT(D49,1) -> 1 | B49: 140000 | C49: BANK & OTHER DEPOSITS | D49: 140372 | E49: HDFC Bank Ltd | F49: Ignore | G49: Ignore | H49: AUM
A50: =LEFT(D50,1) -> 1 | B50: 140000 | C50: BANK & OTHER DEPOSITS | D50: 140375 | E50: HDFC Common Collection A/c | F50: Ignore | G50: Ignore | H50: AUM | I50: Added in September 2020
A51: =LEFT(D51,1) -> 1 | B51: 140000 | C51: BANK & OTHER DEPOSITS | D51: 140379 | E51: SCB Refund Account | F51: Ignore | G51: Ignore | H51: AUM | I51: Added in September 2020
A52: =LEFT(D52,1) -> 1 | B52: 140000 | C52: BANK & OTHER DEPOSITS | D52: 140390 | E52: HSBC COLL PMC Account | F52: Ignore | G52: Ignore | H52: AUM | I52: Added in September 2020
A53: =LEFT(D53,1) -> 1 | B53: 140000 | C53: BANK & OTHER DEPOSITS | D53: 140415 | E53: Citibank Collection A/c | F53: Ignore | G53: Ignore | H53: AUM | I53: Added in September 2020
A54: =LEFT(D54,1) -> 1 | B54: 140000 | C54: BANK & OTHER DEPOSITS | D54: 140419 | E54: Ratnakar Bank (RBL) Redemption | F54: Ignore | G54: Ignore | H54: AUM
A55: =LEFT(D55,1) -> 1 | B55: 140000 | C55: BANK & OTHER DEPOSITS | D55: 140500 | E55: Standard Chartered Bank- India | F55: Ignore | G55: Ignore | H55: AUM
A56: =LEFT(D56,1) -> 1 | B56: 140000 | C56: BANK & OTHER DEPOSITS | D56: 140520 | E56: IDBI Bank Collection | F56: Ignore | G56: Ignore | H56: AUM | I56: Added in September 2020
A57: =LEFT(D57,1) -> 1 | B57: 140000 | C57: BANK & OTHER DEPOSITS | D57: 140527 | E57: ICICI Bank Ltd- Collection | F57: Ignore | G57: Ignore | H57: AUM | I57: Added in September 2020
A58: =LEFT(D58,1) -> 1 | B58: 140000 | C58: BANK & OTHER DEPOSITS | D58: 140537 | E58: Yes Bank Collection A/c | F58: Ignore | G58: Ignore | H58: AUM | I58: Added in September 2020
A59: =LEFT(D59,1) -> 1 | B59: 140000 | C59: BANK & OTHER DEPOSITS | D59: 140540 | E59: Kotak Bank - Collection | F59: Ignore | G59: Ignore | H59: AUM | I59: Added in September 2020
A60: =LEFT(D60,1) -> 1 | B60: 140000 | C60: BANK & OTHER DEPOSITS | D60: 140542 | E60: Indusind Bank - Collection | F60: Ignore | G60: Ignore | H60: AUM | I60: Added in September 2020
A61: =LEFT(D61,1) -> 1 | B61: 140000 | C61: BANK & OTHER DEPOSITS | D61: 140543 | E61: IDFC Bank - Collection | F61: Ignore | G61: Ignore | H61: AUM | I61: Added in September 2021
A62: =LEFT(D62,1) -> 1 | B62: 140000 | C62: BANK & OTHER DEPOSITS | D62: 140548 | E62: Ratnakar Bank Collection A/C | F62: Ignore | G62: Ignore | H62: AUM | I62: Added in September 2020
A63: =LEFT(D63,1) -> 1 | B63: 140000 | C63: BANK & OTHER DEPOSITS | D63: 140549 | E63: Karnataka Bank Collection A/C | F63: Ignore | G63: Ignore | H63: AUM | I63: Added in September 2020
A64: =LEFT(D64,1) -> 1 | B64: 140000 | C64: BANK & OTHER DEPOSITS | D64: 140551 | E64: IDBI Bk A/C KYC Withheld Brok | F64: Ignore | G64: Ignore | H64: AUM
A65: =LEFT(D65,1) -> 1 | B65: 152000 | C65: ACCRUED INCOME | D65: 152120 | E65: Int Accrual - Corporate Bonds | F65: Ignore | G65: Ignore | H65: AUM
A66: =LEFT(D66,1) -> 1 | B66: 152000 | C66: ACCRUED INCOME | D66: 152130 | E66: Int Accrual - Government Bonds | F66: Ignore | G66: Ignore | H66: AUM
A67: =LEFT(D67,1) -> 1 | B67: 152000 | C67: ACCRUED INCOME | D67: 152135 | E67: Int. Accrual - State Dev Loans | F67: Ignore | G67: Ignore | H67: AUM
A68: =LEFT(D68,1) -> 1 | B68: 152000 | C68: ACCRUED INCOME | D68: 152145 | E68: Amort Receivable-ZCB | F68: Ignore | G68: Ignore | H68: AUM
A69: =LEFT(D69,1) -> 1 | B69: 152000 | C69: ACCRUED INCOME | D69: 152180 | E69: Amort Receivable-CP | F69: Ignore | G69: Ignore | H69: AUM
A70: =LEFT(D70,1) -> 1 | B70: 152000 | C70: ACCRUED INCOME | D70: 152181 | E70: Amort Receivable-CD | F70: Ignore | G70: Ignore | H70: AUM
A71: =LEFT(D71,1) -> 1 | B71: 152000 | C71: ACCRUED INCOME | D71: 152191 | E71: Int. Accrual -Fixed Deposit | F71: Ignore | G71: Ignore | H71: AUM
A72: =LEFT(D72,1) -> 1 | B72: 152000 | C72: ACCRUED INCOME | D72: 152229 | E72: Int. Accrual -Margin Deposit | F72: Ignore | G72: Ignore | H72: AUM
A73: =LEFT(D73,1) -> 1 | B73: 152000 | C73: ACCRUED INCOME | D73: 152230 | E73: Int. Accrual - Repo Deposits | F73: Ignore | G73: Ignore | H73: AUM
A74: =LEFT(D74,1) -> 1 | B74: 152000 | C74: ACCRUED INCOME | D74: 152232 | E74: Amort Receivable - CBLO | F74: Ignore | G74: Ignore | H74: AUM
A75: =LEFT(D75,1) -> 1 | B75: 152000 | C75: ACCRUED INCOME | D75: 152248 | E75: Amort Receivable - TREPS | F75: Ignore | G75: Ignore | H75: AUM
A76: =LEFT(D76,1) -> 1 | B76: 152000 | C76: ACCRUED INCOME | D76: 152317 | E76: Receivable from Investors | F76: Ignore | G76: Ignore | H76: AUM | I76: Added in September 2020
A77: =LEFT(D77,1) -> 1 | B77: 152000 | C77: ACCRUED INCOME | D77: 153001 | E77: Amortisation/Accretion-Bills | F77: Ignore | G77: Ignore | H77: AUM
A78: =LEFT(D78,1) -> 1 | B78: 160000 | C78: UNREALISED GAIN/LOSS | D78: 161100 | E78: Prov Unr P/L - Equities | F78: Ignore | G78: Ignore | H78: AUM
A79: =LEFT(D79,1) -> 1 | B79: 160000 | C79: UNREALISED GAIN/LOSS | D79: 161120 | E79: Prov Unr P/L - Rights | F79: Ignore | G79: Ignore | H79: AUM
A80: =LEFT(D80,1) -> 1 | B80: 160000 | C80: UNREALISED GAIN/LOSS | D80: 162110 | E80: Prov Unr P/L - Treasury Bills | F80: Ignore | G80: Ignore | H80: AUM
A81: =LEFT(D81,1) -> 1 | B81: 160000 | C81: UNREALISED GAIN/LOSS | D81: 162120 | E81: Prov Unr P/L - CorpBond/Debent | F81: Ignore | G81: Ignore | H81: AUM
A82: =LEFT(D82,1) -> 1 | B82: 160000 | C82: UNREALISED GAIN/LOSS | D82: 162130 | E82: Prov Unr P/L - Government Bond | F82: Ignore | G82: Ignore | H82: AUM
A83: =LEFT(D83,1) -> 1 | B83: 160000 | C83: UNREALISED GAIN/LOSS | D83: 162135 | E83: Prov Unr P/L - SDLs | F83: Ignore | G83: Ignore | H83: AUM
A84: =LEFT(D84,1) -> 1 | B84: 160000 | C84: UNREALISED GAIN/LOSS | D84: 162145 | E84: Prov Unr P/L -ZCB | F84: Ignore | G84: Ignore | H84: AUM
A85: =LEFT(D85,1) -> 1 | B85: 160000 | C85: UNREALISED GAIN/LOSS | D85: 162180 | E85: Prov Unr P/L -Commercial Paper | F85: Ignore | G85: Ignore | H85: AUM
A86: =LEFT(D86,1) -> 1 | B86: 160000 | C86: UNREALISED GAIN/LOSS | D86: 162190 | E86: Prov Unr P/L - Cert of Deposit | F86: Ignore | G86: Ignore | H86: AUM
A87: =LEFT(D87,1) -> 1 | B87: 160000 | C87: UNREALISED GAIN/LOSS | D87: 163120 | E87: Prov Unrealised P/L - Futures | F87: Ignore | G87: Ignore | H87: AUM
A88: =LEFT(D88,1) -> 1 | B88: 160000 | C88: UNREALISED GAIN/LOSS | D88: 165100 | E88: Prov Unr P/L - Fund of Funds | F88: Ignore | G88: Ignore | H88: AUM
A89: =LEFT(D89,1) -> 2 | B89: 212000 | C89: OTHER PAYABLES | D89: 210122 | E89: Stamp Duty Pay on Debt Trades | F89: Ignore | G89: Ignore | H89: AUM | I89: Added in March 2021
A90: =LEFT(D90,1) -> 2 | B90: 212000 | C90: OTHER PAYABLES | D90: 210123 | E90: Stamp Duty Pay on Units | F90: Ignore | G90: Ignore | H90: AUM | I90: Added in September 2020
A91: =LEFT(D91,1) -> 2 | B91: 212000 | C91: OTHER PAYABLES | D91: 210124 | E91: TDS on Dividend | F91: Ignore | G91: Ignore | H91: AUM | I91: Added in September 2020
A92: =LEFT(D92,1) -> 2 | B92: 212000 | C92: OTHER PAYABLES | D92: 210151 | E92: Payable-Tds on Works Contract | F92: Ignore | G92: Ignore | H92: AUM
A93: =LEFT(D93,1) -> 2 | B93: 212000 | C93: OTHER PAYABLES | D93: 210159 | E93: Dhanaraksha89 -Maturity Bonus | F93: Ignore | G93: Ignore | H93: AUM
A94: =LEFT(D94,1) -> 2 | B94: 212000 | C94: OTHER PAYABLES | D94: 210160 | E94: LIC - Due to Insurance Premium | F94: Ignore | G94: Ignore | H94: AUM
A95: =LEFT(D95,1) -> 2 | B95: 212000 | C95: OTHER PAYABLES | D95: 210161 | E95: Outstanding Death Claims | F95: Ignore | G95: Ignore | H95: AUM
A96: =LEFT(D96,1) -> 2 | B96: 212000 | C96: OTHER PAYABLES | D96: 210164 | E96: Payable - Withhold Brokerage | F96: Ignore | G96: Ignore | H96: AUM
A97: =LEFT(D97,1) -> 2 | B97: 212000 | C97: OTHER PAYABLES | D97: 210168 | E97: KYC Withheld Brokerage Payable | F97: Ignore | G97: Ignore | H97: AUM
A98: =LEFT(D98,1) -> 2 | B98: 212000 | C98: OTHER PAYABLES | D98: 211101 | E98: Subscription Pending allotment | F98: Ignore | G98: Ignore | H98: AUM | I98: Added in September 2020
A99: =LEFT(D99,1) -> 2 | B99: 212000 | C99: OTHER PAYABLES | D99: 211114 | E99: Client Servicing Fees Payable | F99: Ignore | G99: Ignore | H99: AUM
A100: =LEFT(D100,1) -> 2 | B100: 212000 | C100: OTHER PAYABLES | D100: 212100 | E100: Dividend Payable | F100: Ignore | G100: Ignore | H100: AUM
A101: =LEFT(D101,1) -> 2 | B101: 212000 | C101: OTHER PAYABLES | D101: 212101 | E101: TDS Payable - Expenses | F101: Ignore | G101: Ignore | H101: AUM
A102: =LEFT(D102,1) -> 2 | B102: 212000 | C102: OTHER PAYABLES | D102: 212109 | E102: Trustee Fees- Payable | F102: Ignore | G102: Ignore | H102: AUM | I102: Added in March 2021
A103: =LEFT(D103,1) -> 2 | B103: 212000 | C103: OTHER PAYABLES | D103: 212112 | E103: CGST Payable | F103: Ignore | G103: Ignore | H103: AUM
A104: =LEFT(D104,1) -> 2 | B104: 212000 | C104: OTHER PAYABLES | D104: 212113 | E104: SGST Payable | F104: Ignore | G104: Ignore | H104: AUM
A105: =LEFT(D105,1) -> 2 | B105: 212000 | C105: OTHER PAYABLES | D105: 212114 | E105: IGST Payable | F105: Ignore | G105: Ignore | H105: AUM
A106: =LEFT(D106,1) -> 2 | B106: 212000 | C106: OTHER PAYABLES | D106: 212117 | E106: Maintenance Charges | F106: Ignore | G106: Ignore | H106: AUM | I106: Added in September 2020
A107: =LEFT(D107,1) -> 2 | B107: 212000 | C107: OTHER PAYABLES | D107: 212118 | E107: Trustee Exp Payable | F107: Ignore | G107: Ignore | H107: AUM | I107: Added in September 2021
A108: =LEFT(D108,1) -> 2 | B108: 212000 | C108: OTHER PAYABLES | D108: 212121 | E108: Redemption Payable Ct | F108: Ignore | G108: Ignore | H108: AUM
...

Sheet TB
G1: TRIAL BALANCE MOVEMENT REPORT FROM 31-March-2021 TO 30-September-2021 | H1: Opening Date in | I1: 44469 | J1: Closing Date in | K1: 44287
A2: Concatenate | B2: Mapping | C2: Expense mapping | D2: Net amount | E2: Cl amount | F2: AUM | G2: NAV_GRP | H2: FUND_ID | I2: FUND_DESC | J2: ACC_GRP | K2: ACC_GRP_DESC | L2: ACC_NO | M2: ACC_SUFFIX | N2: ACC_DESC | O2: ACC_CURRENCY | P2: OP_BAL_DB | Q2: OP_BAL_CR | R2: MOVEMENT_DB | S2: MOVEMENT_CR | T2: CLO_BAL_DB | U2: CLO_BAL_CR | V2: OP_BAL_DB_FUND_CURR | W2: OP_BAL_CR_FUND_CURR | X2: MOVEMENT_DB_FUND_CURR | Y2: MOVEMENT_CR_FUND_CURR | Z2: CLO_BAL_DB_FUND_CURR | AA2: CLO_BAL_CR_FUND_CURR
A3: =H3&B3 -> LDBONDIgnore | B3: =VLOOKUP(L3,Mapping!D:F,3,0) -> Ignore | C3: =VLOOKUP(L3,Mapping!D:G,4,0) -> Ignore | D3: =(X3+Y3)/10000000 -> -54.928794 | E3: =(Z3+AA3)/10000000 -> -54.928794 | F3: =VLOOKUP(L3,Mapping!D:H,5,0) -> AUM | G3: LIC | H3: LDBOND | I3: LIC MF Bond Fund | J3: 102000 | K3: COST BONDS | L3: 102110 | M3: 0 | N3: Investment - Treasury Bills | O3: INR | P3: 0 | Q3: 0 | R3: -5.4928794e+08 | S3: 0 | T3: -5.4928794e+08 | U3: 0 | V3: 0 | W3: 0 | X3: -5.4928794e+08 | Y3: 0 | Z3: -5.4928794e+08 | AA3: 0
A4: =H4&B4 -> LDBONDIgnore | B4: =VLOOKUP(L4,Mapping!D:F,3,0) -> Ignore | C4: =VLOOKUP(L4,Mapping!D:G,4,0) -> Ignore | D4: =(X4+Y4)/10000000 -> -15.17626 | E4: =(Z4+AA4)/10000000 -> -15.17626 | F4: =VLOOKUP(L4,Mapping!D:H,5,0) -> AUM | G4: LIC | H4: LDBOND | I4: LIC MF Bond Fund | J4: 102000 | K4: COST BONDS | L4: 102120 | M4: 0 | N4: Investment - Corp Bond/Debent. | O4: INR | P4: 0 | Q4: 0 | R4: -151762604 | S4: 0 | T4: -151762604 | U4: 0 | V4: 0 | W4: 0 | X4: -151762604 | Y4: 0 | Z4: -151762604 | AA4: 0
A5: =H5&B5 -> LDBONDIgnore | B5: =VLOOKUP(L5,Mapping!D:F,3,0) -> Ignore | C5: =VLOOKUP(L5,Mapping!D:G,4,0) -> Ignore | D5: =(X5+Y5)/10000000 -> 109.85974 | E5: =(Z5+AA5)/10000000 -> -53.069176 | F5: =VLOOKUP(L5,Mapping!D:H,5,0) -> AUM | G5: LIC | H5: LDBOND | I5: LIC MF Bond Fund | J5: 102000 | K5: COST BONDS | L5: 102130 | M5: 0 | N5: Investment - Government Bonds | O5: INR | P5: -1.6292892e+09 | Q5: 0 | R5: 0 | S5: 1.0985974e+09 | T5: -5.3069176e+08 | U5: 0 | V5: -1.6292892e+09 | W5: 0 | X5: 0 | Y5: 1.0985974e+09 | Z5: -5.3069176e+08 | AA5: 0
A6: =H6&B6 -> LDBONDIgnore | B6: =VLOOKUP(L6,Mapping!D:F,3,0) -> Ignore | C6: =VLOOKUP(L6,Mapping!D:G,4,0) -> Ignore | D6: =(X6+Y6)/10000000 -> 0 | E6: =(Z6+AA6)/10000000 -> -0.538 | F6: =VLOOKUP(L6,Mapping!D:H,5,0) -> AUM | G6: LIC | H6: LDBOND | I6: LIC MF Bond Fund | J6: 102000 | K6: COST BONDS | L6: 102135 | M6: 0 | N6: Investment - SDLs | O6: INR | P6: -5380000 | Q6: 0 | R6: 0 | S6: 0 | T6: -5380000 | U6: 0 | V6: -5380000 | W6: 0 | X6: 0 | Y6: 0 | Z6: -5380000 | AA6: 0
A7: =H7&B7 -> LDBONDIgnore | B7: =VLOOKUP(L7,Mapping!D:F,3,0) -> Ignore | C7: =VLOOKUP(L7,Mapping!D:G,4,0) -> Ignore | D7: =(X7+Y7)/10000000 -> 0 | E7: =(Z7+AA7)/10000000 -> 6e-09 | F7: =VLOOKUP(L7,Mapping!D:H,5,0) -> AUM | G7: LIC | H7: LDBOND | I7: LIC MF Bond Fund | J7: 105000 | K7: COST FUNDS | L7: 105100 | M7: 0 | N7: Investment Mutual Fund | O7: INR | P7: 0 | Q7: 0.06 | R7: 0 | S7: 0 | T7: 0 | U7: 0.06 | V7: 0 | W7: 0.06 | X7: 0 | Y7: 0 | Z7: 0 | AA7: 0.06
A8: =H8&B8 -> LDBONDIgnore | B8: =VLOOKUP(L8,Mapping!D:F,3,0) -> Ignore | C8: =VLOOKUP(L8,Mapping!D:G,4,0) -> Ignore | D8: =(X8+Y8)/10000000 -> -0.077707353 | E8: =(Z8+AA8)/10000000 -> -0.12001169 | F8: =VLOOKUP(L8,Mapping!D:H,5,0) -> AUM | G8: LIC | H8: LDBOND | I8: LIC MF Bond Fund | J8: 110000 | K8: DEPOSIT | L8: 110116 | M8: 0 | N8: Margin Deposit For CCIL | O8: INR | P8: -423043.36 | Q8: 0 | R8: -777073.53 | S8: 0 | T8: -1200116.9 | U8: 0 | V8: -423043.36 | W8: 0 | X8: -777073.53 | Y8: 0 | Z8: -1200116.9 | AA8: 0
A9: =H9&B9 -> LDBONDIgnore | B9: =VLOOKUP(L9,Mapping!D:F,3,0) -> Ignore | C9: =VLOOKUP(L9,Mapping!D:G,4,0) -> Ignore | D9: =(X9+Y9)/10000000 -> 0.24051446 | E9: =(Z9+AA9)/10000000 -> -0.0979689 | F9: =VLOOKUP(L9,Mapping!D:H,5,0) -> AUM | G9: LIC | H9: LDBOND | I9: LIC MF Bond Fund | J9: 110000 | K9: DEPOSIT | L9: 110123 | M9: 0 | N9: Margin Deposit For Sec Segment | O9: INR | P9: -3384833.6 | Q9: 0 | R9: 0 | S9: 2405144.6 | T9: -979689 | U9: 0 | V9: -3384833.6 | W9: 0 | X9: 0 | Y9: 2405144.6 | Z9: -979689 | AA9: 0
A10: =H10&B10 -> LDBONDIgnore | B10: =VLOOKUP(L10,Mapping!D:F,3,0) -> Ignore | C10: =VLOOKUP(L10,Mapping!D:G,4,0) -> Ignore | D10: =(X10+Y10)/10000000 -> -0.020602943 | E10: =(Z10+AA10)/10000000 -> -0.020602943 | F10: =VLOOKUP(L10,Mapping!D:H,5,0) -> AUM | G10: LIC | H10: LDBOND | I10: LIC MF Bond Fund | J10: 110000 | K10: DEPOSIT | L10: 110125 | M10: 0 | N10: Default Margin Deposit -Treps | O10: INR | P10: 0 | Q10: 0 | R10: -206029.43 | S10: 0 | T10: -206029.43 | U10: 0 | V10: 0 | W10: 0 | X10: -206029.43 | Y10: 0 | Z10: -206029.43 | AA10: 0
A11: =H11&B11 -> LDBONDIgnore | B11: =VLOOKUP(L11,Mapping!D:F,3,0) -> Ignore | C11: =VLOOKUP(L11,Mapping!D:G,4,0) -> Ignore | D11: =(X11+Y11)/10000000 -> -0.002074341 | E11: =(Z11+AA11)/10000000 -> -0.002074341 | F11: =VLOOKUP(L11,Mapping!D:H,5,0) -> AUM | G11: LIC | H11: LDBOND | I11: LIC MF Bond Fund | J11: 110000 | K11: DEPOSIT | L11: 110126 | M11: 0 | N11: Default Margin Dep For Sec Seg | O11: INR | P11: 0 | Q11: 0 | R11: -20743.41 | S11: 0 | T11: -20743.41 | U11: 0 | V11: 0 | W11: 0 | X11: -20743.41 | Y11: 0 | Z11: -20743.41 | AA11: 0
A12: =H12&B12 -> LDBONDIgnore | B12: =VLOOKUP(L12,Mapping!D:F,3,0) -> Ignore | C12: =VLOOKUP(L12,Mapping!D:G,4,0) -> Ignore | D12: =(X12+Y12)/10000000 -> -16.58024 | E12: =(Z12+AA12)/10000000 -> -34.762841 | F12: =VLOOKUP(L12,Mapping!D:H,5,0) -> AUM | G12: LIC | H12: LDBOND | I12: LIC MF Bond Fund | J12: 110000 | K12: DEPOSIT | L12: 110247 | M12: 0 | N12: Investment- TREPS | O12: INR | P12: -1.8182601e+08 | Q12: 0 | R12: -1.658024e+08 | S12: 0 | T12: -3.4762841e+08 | U12: 0 | V12: -1.8182601e+08 | W12: 0 | X12: -1.658024e+08 | Y12: 0 | Z12: -3.4762841e+08 | AA12: 0
A13: =H13&B13 -> LDBONDIgnore | B13: =VLOOKUP(L13,Mapping!D:F,3,0) -> Ignore | C13: =VLOOKUP(L13,Mapping!D:G,4,0) -> Ignore | D13: =(X13+Y13)/10000000 -> -0.00242929 | E13: =(Z13+AA13)/10000000 -> -0.002528833 | F13: =VLOOKUP(L13,Mapping!D:H,5,0) -> AUM | G13: LIC | H13: LDBOND | I13: LIC MF Bond Fund | J13: 132000 | K13: RECEIVABLES | L13: 132121 | M13: 0 | N13: Sub. Rec. Control Account | O13: INR | P13: -995.43 | Q13: 0 | R13: -24292.9 | S13: 0 | T13: -25288.33 | U13: 0 | V13: -995.43 | W13: 0 | X13: -24292.9 | Y13: 0 | Z13: -25288.33 | AA13: 0
A14: =H14&B14 -> LDBONDIgnore | B14: =VLOOKUP(L14,Mapping!D:F,3,0) -> Ignore | C14: =VLOOKUP(L14,Mapping!D:G,4,0) -> Ignore | D14: =(X14+Y14)/10000000 -> 0.0001 | E14: =(Z14+AA14)/10000000 -> 0.000100053 | F14: =VLOOKUP(L14,Mapping!D:H,5,0) -> AUM | G14: LIC | H14: LDBOND | I14: LIC MF Bond Fund | J14: 132000 | K14: RECEIVABLES | L14: 132124 | M14: 0 | N14: Switch in Receivable Ct | O14: INR | P14: 0 | Q14: 0.53 | R14: 0 | S14: 1000 | T14: 0 | U14: 1000.53 | V14: 0 | W14: 0.53 | X14: 0 | Y14: 1000 | Z14: 0 | AA14: 1000.53
... A3162: =H3162&B3162 -> LUNCLF6.3 | B3162: =VLOOKUP(L3162,Mapping!D:F,3,0) -> 6.3 | C3162: =VLOOKUP(L3162,Mapping!D:G,4,0) -> Mirror | D3162: =(X3162+Y3162)/10000000 -> -2.5e-06 | E3162: =(Z3162+AA3162)/10000000 -> -2.5e-06 | F3162: =VLOOKUP(L3162,Mapping!D:H,5,0) -> 0 | G3162: LIC | H3162: LUNCLF | I3162: LIC MF Unclaimed Redemption & Div Fund | J3162: 550000 | K3162: FEES | L3162: 555204 | M3162: 0 | N3162: Printing & Stationary Exp | O3162: INR | P3162: 0 | Q3162: 0 | R3162: -25 | S3162: 0 | T3162: -25 | U3162: 0 | V3162: 0 | W3162: 0 | X3162: -25 | Y3162: 0 | Z3162: -25 | AA3162: 0
G3163: 44476 | H3163: 0.85143519 | I3163: 1

Sheet HY financials
C3: LIC Mutual Fund
C4: Unaudited half yearly financial results for the period ended
C5: September 30, 2021
C6: [Persuant to regulation 59 of Securities and Exchange Board of India
C7: (Mutual Funds) Regulations, 1996]
C9: Sr no | D9: Particulars | E9: LIC MF Unit Linked Insurance Scheme (ULIS) | F9: LIC MF Equity Hybrid Fund | G9: LIC MF Flexi Cap Fund | H9: LIC MF Large Cap Fund | I9: LIC MF Tax Plan | J9: LIC MF Debt Hybrid Fund | K9: LIC MF Bond Fund | L9: LIC MF Government Securities Fund | M9: LIC MF Children's Gift Fund | N9: LIC MF Liquid Fund | O9: LIC MF Index Fund - Sensex Plan | P9: LIC MF Index Fund - Nifty Plan | Q9: LIC MF Savings Fund | R9: LIC MF Banking & PSU Debt Fund | S9: LIC MF Infrastructure Fund | T9: LIC MF G-Sec Long Term Exchange Traded Fund | U9: LIC MF Large & Mid Cap Fund | V9: LIC MF Banking and Financial Services Fund | W9: LIC MF Exchange Traded Fund - Nifty 50 | X9: LIC MF Exchange Traded Fund - Sensex | Y9: LIC MF Exchange Traded Fund - Nifty 100 | Z9: LIC MF Arbitrage Fund | AA9: LIC MF Short Term Debt Fund | AB9: LIC MF Overnight Fund | AC9: LIC MF Ultra Short Term Fund
C10: 1.1 | D10: Unit capital at the beginning of the half year period [Rs. in crores] | E10: 155.02379 | F10: 111.78088 | G10: 71.685832 | H10: 147.278 | I10: 52.896084 | J10: 18.073739 | K10: 34.219681 | L10: 11.332442 | M10: 6.2665849 | N10: 1854.0582 | O10: 4.4174364 | P10: 5.7563999 | Q10: 285.22102 | R10: 771.65456 | S10: 35.960084 | T10: 218.57351 | U10: 525.63195 | V10: 46.640202 | W10: 42.935671 | X10: 10.402513 | Y10: 26.644242 | Z10: 29.928242 | AA10: 318.7415 | AB10: 145.37473 | AC10: 79.742859
C11: 1.2 | D11: Unit capital at the end of the period [Rs. in crores] | E11: 155.04814 | F11: 108.91088 | G11: 72.617323 | H11: 155.15923 | I11: 51.631437 | J11: 17.745078 | K11: 28.021158 | L11: 16.259169 | M11: 6.0685988 | N11: 2592.4051 | O11: 4.5954185 | P11: 5.6284311 | Q11: 480.69429 | R11: 677.01794 | S11: 36.420625 | T11: 413.47351 | U11: 614.74695 | V11: 43.951743 | W11: 34.485671 | X11: 8.540151 | Y11: 26.644242 | Z11: 32.685113 | AA11: 329.25965 | AB11: 492.2098 | AC11: 83.89278
C13: 2 | D13: Reserves & surplus [Rs. in crores] | E13: 264.78 | F13: 378.7 | G13: 355.08 | H13: 491.05 | I13: 359.24 | J13: 66.1 | K13: 109.52 | L13: 56.1 | M13: 8.64 | N13: 7016.42 | O13: 38.07 | P13: 44.8 | Q13: 1046.17 | R13: 1281.85 | S13: 42.24 | T13: 513.78 | U13: 888 | V13: 17.84 | W13: 612.04 | X13: 531.92 | Y13: 473.57 | Z13: 4 | AA13: 67.75 | AB13: 40.48 | AC13: 6.26
C15: 3.1 | D15: Total net assets at the beginning of the half year period [Rs. in crores] | E15: 346.81242 | F15: 434.77935 | G15: 358.97607 | H15: 501.61801 | I15: 335.18192 | J15: 80.134944 | K15: 169.85456 | L15: 46.218721 | M15: 13.247662 | N15: 6657.8511 | O15: 33.736433 | P15: 42.942816 | Q15: 844.73015 | R15: 2185.2088 | S15: 62.496044 | T15: 475.53086 | U15: 1028.2728 | V15: 57.844965 | W15: 666.8968 | X15: 548.13544 | Y15: 412.98293 | Z15: 32.963045 | AA15: 376.25593 | AB15: 154.96953 | AC15: 84.264819
C16: 3.2 | D16: Total net assets at the end of the period [Rs. in crores] | E16: 419.8317 | F16: 487.60889 | G16: 427.70275 | H16: 646.21104 | I16: 410.87053 | J16: 83.846304 | K16: 137.54192 | L16: 72.364003 | M16: 14.712927 | N16: 9608.8292 | O16: 42.673611 | P16: 50.425832 | Q16: 1526.8646 | R16: 1958.8685 | S16: 78.657696 | T16: 927.25398 | U16: 1502.752 | V16: 61.785393 | W16: 646.52611 | X16: 540.45662 | Y16: 500.21276 | Z16: 36.688485 | AA16: 397.01082 | AB16: 532.68583 | AC16: 90.150879
C18: 4.1 | D18: NAV at the beginning of the half year period [Rs.]
D19: Growth Option | E19: 0 | F19: 122.8577 | G19: 57.3698 | H19: 33.7944 | I19: 81.3842 | J19: 63.339 | K19: 56.7362 | L19: 47.9553 | M19: 21.0395 | N19: 3702.8684 | O19: 91.9067 | P19: 80.7471 | Q19: 31.3582 | R19: 27.4129 | S19: 17.2815 | T19: 21.7561 | U19: 19.339 | V19: 12.3213 | W19: 155.3246 | X19: 526.926 | Y19: 154.9989 | Z19: 10.9698 | AA19: 11.7103 | AB19: 1064.1915 | AC19: 1055.7687
D20: IDCW Option | E20: 22.3296 | F20: 14.1996 | G20: 18.7759 | H20: 20.4091 | I20: 19.1344 | J20: 0 | K20: 12.4362 | L20: 13.8231 | M20: 0 | N20: 0 | O20: 31.5017 | P20: 29.7872 | Q20: 0 | R20: 0 | S20: 17.2825 | T20: 0 | U20: 17.0181 | V20: 12.3193 | W20: 0 | X20: 0 | Y20: 0 | Z20: 0 | AA20: 11.7103 | AB20: 1064.545 | AC20: 0
D21: Daily IDCW Option | E21: 0 | F21: 0 | G21: 0 | H21: 0 | I21: 0 | J21: 0 | K21: 0 | L21: 0 | M21: 0 | N21: 1098 | O21: 0 | P21: 0 | Q21: 10.4547 | R21: 10.5572 | S21: 0 | T21: 0 | U21: 0 | V21: 0 | W21: 0 | X21: 0 | Y21: 0 | Z21: 0 | AA21: 0 | AB21: 1000 | AC21: 1016.2995
D22: Weekly IDCW Option | E22: 0 | F22: 0 | G22: 0 | H22: 0 | I22: 0 | J22: 0 | K22: 0 | L22: 0 | M22: 0 | N22: 0 | O22: 0 | P22: 0 | Q22: 10.8107 | R22: 10.4013 | S22: 0 | T22: 0 | U22: 0 | V22: 0 | W22: 0 | X22: 0 | Y22: 0 | Z22: 10.6724 | AA22: 0 | AB22: 0 | AC22: 1013.095
D23: Fortnightly IDCW Option | E23: 0 | F23: 0 | G23: 0 | H23: 0 | I23: 0 | J23: 0 | K23: 0 | L23: 0 | M23: 0 | N23: 0 | O23: 0 | P23: 0 | Q23: 0 | R23: 0 | S23: 0 | T23: 0 | U23: 0 | V23: 0 | W23: 0 | X23: 0 | Y23: 0 | Z23: 0 | AA23: 0 | AB23: 0 | AC23: 0
D24: Monthly IDCW Option | E24: 0 | F24: 0 | G24: 0 | H24: 0 | I24: 0 | J24: 11.5654 | K24: 0 | L24: 0 | M24: 0 | N24: 0 | O24: 0 | P24: 0 | Q24: 10.8706 | R24: 10.5355 | S24: 0 | T24: 0 | U24: 0 | V24: 0 | W24: 0 | X24: 0 | Y24: 0 | Z24: 10.7175 | AA24: 0 | AB24: 0 | AC24: 1055.7545
D25: Quarterly IDCW Option | E25: 0 | F25: 0 | G25: 0 | H25: 0 | I25: 0 | J25: 11.8069 | K25: 0 | L25: 0 | M25: 0 | N25: 0 | O25: 0 | P25: 0 | Q25: 0 | R25: 0 | S25: 0 | T25: 0 | U25: 0 | V25: 0 | W25: 0 | X25: 0 | Y25: 0 | Z25: 0 | AA25: 0 | AB25: 0 | AC25: 0
D26: Half Yearly IDCW Option | E26: 0 | F26: 0 | G26: 0 | H26: 0 | I26: 0 | J26: 0 | K26: 0 | L26: 0 | M26: 0 | N26: 0 | O26: 0 | P26: 0 | Q26: 0 | R26: 0 | S26: 0 | T26: 0 | U26: 0 | V26: 0 | W26: 0 | X26: 0 | Y26: 0 | Z26: 0 | AA26: 0 | AB26: 0 | AC26: 0
D27: Yearly IDCW Option | E27: 0 | F27: 0 | G27: 0 | H27: 0 | I27: 0 | J27: 12.0422 | K27: 0 | L27: 0 | M27: 0 | N27: 0 | O27: 0 | P27: 0 | Q27: 0 | R27: 0 | S27: 0 | T27: 0 | U27: 0 | V27: 0 | W27: 0 | X27: 0 | Y27: 0 | Z27: 0 | AA27: 0 | AB27: 0 | AC27: 0
D28: Direct Plan - Growth Option | E28: 0 | F28: 132.9844 | G28: 60.8182 | H28: 36.4913 | I28: 88.3781 | J28: 67.4877 | K28: 59.4038 | L28: 51.238 | M28: 22.7062 | N28: 3736.8776 | O28: 95.7534 | P28: 84.1528 | Q28: 33.1245 | R28: 28.9096 | S28: 18.7451 | T28: 0 | U28: 20.9565 | V28: 13.1182 | W28: 0 | X28: 0 | Y28: 0 | Z28: 11.1185 | AA28: 11.9799 | AB28: 1066.5558 | AC28: 1059.2514
D29: Direct Plan - IDCW Option | E29: 23.8385 | F29: 15.8051 | G29: 22.2864 | H29: 24.0632 | I29: 21.7135 | J29: 0 | K29: 14.3571 | L29: 14.7746 | M29: 0 | N29: 0 | O29: 32.1063 | P29: 31.0134 | Q29: 0 | R29: 0 | S29: 18.4995 | T29: 0 | U29: 18.1919 | V29: 13.0679 | W29: 0 | X29: 0 | Y29: 0 | Z29: 0 | AA29: 11.9799 | AB29: 1066.3077 | AC29: 0
D30: Direct Plan - Daily IDCW Option | E30: 0 | F30: 0 | G30: 0 | H30: 0 | I30: 0 | J30: 0 | K30: 0 | L30: 0 | M30: 0 | N30: 1098 | O30: 0 | P30: 0 | Q30: 10.1 | R30: 11.6974 | S30: 0 | T30: 0 | U30: 0 | V30: 0 | W30: 0 | X30: 0 | Y30: 0 | Z30: 0 | AA30: 0 | AB30: 1000 | AC30: 1003.8109
... D38: PF Plan - IDCW Option | E38: 0 | F38: 0 | G38: 0 | H38: 0 | I38: 0 | J38: 0 | K38: 0 | L38: 17.9229 | M38: 0 | N38: 0 | O38: 0 | P38: 0 | Q38: 0 | R38: 0 | S38: 0 | T38: 0 | U38: 0 | V38: 0 | W38: 0 | X38: 0 | Y38: 0 | Z38: 0 | AA38: 0 | AB38: 0 | AC38: 0
C40: 4.2 | D40: NAV at the end of the period [Rs.]
D41: Growth Option | E41: 0 | F41: 138.0185 | G41: 66.956 | H41: 41.2507 | I41: 100.6146 | J41: 66.9112 | K41: 57.8089 | L41: 48.9534 | M41: 24.1158 | N41: 3762.5674 | O41: 109.819 | P41: 96.92 | Q41: 31.9139 | R41: 27.9566 | S41: 21.4345 | T41: 22.426 | U41: 24.1238 | V41: 13.9522 | W41: 187.4767 | X41: 632.842 | Y41: 187.7377 | Z41: 11.1578 | AA41: 11.9592 | AB41: 1080.4615 | AC41: 1073.0975
D42: IDCW Option | E42: 27.0217 | F42: 15.4154 | G42: 21.9133 | H42: 24.9129 | I42: 23.1259 | J42: 0 | K42: 12.6713 | L42: 14.1108 | M42: 0 | N42: 0 | O42: 37.6412 | P42: 35.7533 | Q42: 0 | R42: 0 | S42: 21.4359 | T42: 0 | U42: 21.0788 | V42: 13.9499 | W42: 0 | X42: 0 | Y42: 0 | Z42: 0 | AA42: 11.9592 | AB42: 1080.868 | AC42: 0
D43: Daily IDCW Option | E43: 0 | F43: 0 | G43: 0 | H43: 0 | I43: 0 | J43: 0 | K43: 0 | L43: 0 | M43: 0 | N43: 1000.1 | O43: 0 | P43: 0 | Q43: 10.446 | R43: 10.7666 | S43: 0 | T43: 0 | U43: 0 | V43: 0 | W43: 0 | X43: 0 | Y43: 0 | Z43: 0 | AA43: 0 | AB43: 1002.8264 | AC43: 1007.2508
D44: Weekly IDCW Option | E44: 0 | F44: 0 | G44: 0 | H44: 0 | I44: 0 | J44: 0 | K44: 0 | L44: 0 | M44: 0 | N44: 0 | O44: 0 | P44: 0 | Q44: 10.9574 | R44: 10.0403 | S44: 0 | T44: 0 | U44: 0 | V44: 0 | W44: 0 | X44: 0 | Y44: 0 | Z44: 10.8553 | AA44: 0 | AB44: 0 | AC44: 1009.1293
D45: Fortnightly IDCW Option | E45: 0 | F45: 0 | G45: 0 | H45: 0 | I45: 0 | J45: 0 | K45: 0 | L45: 0 | M45: 0 | N45: 0 | O45: 0 | P45: 0 | Q45: 0 | R45: 0 | S45: 0 | T45: 0 | U45: 0 | V45: 0 | W45: 0 | X45: 0 | Y45: 0 | Z45: 0 | AA45: 0 | AB45: 0 | AC45: 0
D46: Monthly IDCW Option | E46: 0 | F46: 0 | G46: 0 | H46: 0 | I46: 0 | J46: 12.0662 | K46: 0 | L46: 0 | M46: 0 | N46: 0 | O46: 0 | P46: 0 | Q46: 11.0633 | R46: 10.5629 | S46: 0 | T46: 0 | U46: 0 | V46: 0 | W46: 0 | X46: 0 | Y46: 0 | Z46: 10.9012 | AA46: 0 | AB46: 0 | AC46: 1073.1054
D47: Quarterly IDCW Option | E47: 0 | F47: 0 | G47: 0 | H47: 0 | I47: 0 | J47: 12.2933 | K47: 0 | L47: 0 | M47: 0 | N47: 0 | O47: 0 | P47: 0 | Q47: 0 | R47: 0 | S47: 0 | T47: 0 | U47: 0 | V47: 0 | W47: 0 | X47: 0 | Y47: 0 | Z47: 0 | AA47: 0 | AB47: 0 | AC47: 0
D48: Half Yearly IDCW Option | E48: 0 | F48: 0 | G48: 0 | H48: 0 | I48: 0 | J48: 0 | K48: 0 | L48: 0 | M48: 0 | N48: 0 | O48: 0 | P48: 0 | Q48: 0 | R48: 0 | S48: 0 | T48: 0 | U48: 0 | V48: 0 | W48: 0 | X48: 0 | Y48: 0 | Z48: 0 | AA48: 0 | AB48: 0 | AC48: 0
D49: Yearly IDCW Option | E49: 0 | F49: 0 | G49: 0 | H49: 0 | I49: 0 | J49: 12.7213 | K49: 0 | L49: 0 | M49: 0 | N49: 0 | O49: 0 | P49: 0 | Q49: 0 | R49: 0 | S49: 0 | T49: 0 | U49: 0 | V49: 0 | W49: 0 | X49: 0 | Y49: 0 | Z49: 0 | AA49: 0 | AB49: 0 | AC49: 0
D50: Direct Plan - Growth Option | E50: 0 | F50: 150.3155 | G50: 71.3318 | H50: 44.8995 | I50: 109.9622 | J50: 71.5739 | K50: 60.5812 | L50: 52.4934 | M50: 26.1598 | N50: 3799.7927 | O50: 114.7548 | P50: 101.3387 | Q50: 33.803 | R50: 29.5643 | S50: 23.4026 | T50: 0 | U50: 26.3567 | V50: 14.9533 | W50: 0 | X50: 0 | Y50: 0 | Z50: 11.3506 | AA50: 12.2992 | AB50: 1083.5688 | AC50: 1077.6543
D51: Direct Plan - IDCW Option | E51: 28.9585 | F51: 17.2271 | G51: 25.6127 | H51: 29.0761 | I51: 26.483 | J51: 0 | K51: 14.6401 | L51: 15.1351 | M51: 0 | N51: 0 | O51: 38.4766 | P51: 37.3467 | Q51: 0 | R51: 0 | S51: 23.0753 | T51: 0 | U51: 22.4443 | V51: 14.8872 | W51: 0 | X51: 0 | Y51: 0 | Z51: 0 | AA51: 12.2992 | AB51: 1083.3145 | AC51: 0
D52: Direct Plan - Daily IDCW Option | E52: 0 | F52: 0 | G52: 0 | H52: 0 | I52: 0 | J52: 0 | K52: 0 | L52: 0 | M52: 0 | N52: 1013.6 | O52: 0 | P52: 0 | Q52: 10.0411 | R52: 11.9623 | S52: 0 | T52: 0 | U52: 0 | V52: 0 | W52: 0 | X52: 0 | Y52: 0 | Z52: 0 | AA52: 0 | AB52: 1003.2065 | AC52: 0
... D60: PF Plan - IDCW Option | E60: 0 | F60: 0 | G60: 0 | H60: 0 | I60: 0 | J60: 0 | K60: 0 | L60: 18.2959 | M60: 0 | N60: 0 | O60: 0 | P60: 0 | Q60: 0 | R60: 0 | S60: 0 | T60: 0 | U60: 0 | V60: 0 | W60: 0 | X60: 0 | Y60: 0 | Z60: 0 | AA60: 0 | AB60: 0 | AC60: 0
C62: 4.3 | D62: Dividend paid per unit during the half year [Rs.]
D63: IDCW Option
D64: i) Individual | E64: 0 | F64: 0.5 | G64: 0 | H64: 0 | I64: 0.5 | J64: 0 | K64: 0 | L64: 0 | M64: 0 | N64: 0 | O64: 0 | P64: 0 | Q64: 0 | R64: 0 | S64: 0 | T64: 0 | U64: 0.15 | V64: 0 | W64: 0 | X64: 0 | Y64: 0 | Z64: 0 | AA64: 0 | AB64: 0 | AC64: 0
D65: ii) Non-individual | E65: 0 | F65: 0.5 | G65: 0 | H65: 0 | I65: 0.5 | J65: 0 | K65: 0 | L65: 0 | M65: 0 | N65: 0 | O65: 0 | P65: 0 | Q65: 0 | R65: 0 | S65: 0 | T65: 0 | U65: 0.15 | V65: 0 | W65: 0 | X65: 0 | Y65: 0 | Z65: 0 | AA65: 0 | AB65: 0 | AC65: 0
D66: Daily IDCW Option
D67: i) Individual | E67: 0 | F67: 0 | G67: 0 | H67: 0 | I67: 0 | J67: 0 | K67: 0 | L67: 0 | M67: 0 | N67: 114.57106 | O67: 0 | P67: 0 | Q67: 0.19205462 | R67: 0 | S67: 0 | T67: 0 | U67: 0 | V67: 0 | W67: 0 | X67: 0 | Y67: 0 | Z67: 0 | AA67: 0 | AB67: 12.425871 | AC67: 25.428261
D68: ii) Non-individual | E68: 0 | F68: 0 | G68: 0 | H68: 0 | I68: 0 | J68: 0 | K68: 0 | L68: 0 | M68: 0 | N68: 114.57106 | O68: 0 | P68: 0 | Q68: 0.19205462 | R68: 0 | S68: 0 | T68: 0 | U68: 0 | V68: 0 | W68: 0 | X68: 0 | Y68: 0 | Z68: 0 | AA68: 0 | AB68: 12.425871 | AC68: 25.428261
D69: Weekly IDCW Option
D70: i) Individual | E70: 0 | F70: 0 | G70: 0 | H70: 0 | I70: 0 | J70: 0 | K70: 0 | L70: 0 | M70: 0 | N70: 0 | O70: 0 | P70: 0 | Q70: 0.04423 | R70: 0.55905202 | S70: 0 | T70: 0 | U70: 0 | V70: 0 | W70: 0 | X70: 0 | Y70: 0 | Z70: 0 | AA70: 0 | AB70: 0 | AC70: 20.39369
D71: ii) Non-individual | E71: 0 | F71: 0 | G71: 0 | H71: 0 | I71: 0 | J71: 0 | K71: 0 | L71: 0 | M71: 0 | N71: 0 | O71: 0 | P71: 0 | Q71: 0.04423 | R71: 0.55905202 | S71: 0 | T71: 0 | U71: 0 | V71: 0 | W71: 0 | X71: 0 | Y71: 0 | Z71: 0 | AA71: 0 | AB71: 0 | AC71: 20.39369
D72: Fortnightly IDCW Option
D73: i) Individual | E73: 0 | F73: 0 | G73: 0 | H73: 0 | I73: 0 | J73: 0 | K73: 0 | L73: 0 | M73: 0 | N73: 0 | O73: 0 | P73: 0 | Q73: 0 | R73: 0 | S73: 0 | T73: 0 | U73: 0 | V73: 0 | W73: 0 | X73: 0 | Y73: 0 | Z73: 0 | AA73: 0 | AB73: 0 | AC73: 0
D74: ii) Non-individual | E74: 0 | F74: 0 | G74: 0 | H74: 0 | I74: 0 | J74: 0 | K74: 0 | L74: 0 | M74: 0 | N74: 0 | O74: 0 | P74: 0 | Q74: 0 | R74: 0 | S74: 0 | T74: 0 | U74: 0 | V74: 0 | W74: 0 | X74: 0 | Y74: 0 | Z74: 0 | AA74: 0 | AB74: 0 | AC74: 0
D75: Monthly IDCW Option
D76: i) Individual | E76: 0 | F76: 0 | G76: 0 | H76: 0 | I76: 0 | J76: 0.15 | K76: 0 | L76: 0 | M76: 0 | N76: 0 | O76: 0 | P76: 0 | Q76: 0 | R76: 0.18 | S76: 0 | T76: 0 | U76: 0 | V76: 0 | W76: 0 | X76: 0 | Y76: 0 | Z76: 0 | AA76: 0 | AB76: 0 | AC76: 0
D77: ii) Non-individual | E77: 0 | F77: 0 | G77: 0 | H77: 0 | I77: 0 | J77: 0.15 | K77: 0 | L77: 0 | M77: 0 | N77: 0 | O77: 0 | P77: 0 | Q77: 0 | R77: 0.18 | S77: 0 | T77: 0 | U77: 0 | V77: 0 | W77: 0 | X77: 0 | Y77: 0 | Z77: 0 | AA77: 0 | AB77: 0 | AC77: 0
D78: Quarterly IDCW Option
D79: i) Individual | E79: 0 | F79: 0 | G79: 0 | H79: 0 | I79: 0 | J79: 0.18 | K79: 0 | L79: 0 | M79: 0 | N79: 0 | O79: 0 | P79: 0 | Q79: 0 | R79: 0 | S79: 0 | T79: 0 | U79: 0 | V79: 0 | W79: 0 | X79: 0 | Y79: 0 | Z79: 0 | AA79: 0 | AB79: 0 | AC79: 0
D80: ii) Non-individual | E80: 0 | F80: 0 | G80: 0 | H80: 0 | I80: 0 | J80: 0.18 | K80: 0 | L80: 0 | M80: 0 | N80: 0 | O80: 0 | P80: 0 | Q80: 0 | R80: 0 | S80: 0 | T80: 0 | U80: 0 | V80: 0 | W80: 0 | X80: 0 | Y80: 0 | Z80: 0 | AA80: 0 | AB80: 0 | AC80: 0
D81: Half Yearly IDCW Option
D82: i) Individual | E82: 0 | F82: 0 | G82: 0 | H82: 0 | I82: 0 | J82: 0 | K82: 0 | L82: 0 | M82: 0 | N82: 0 | O82: 0 | P82: 0 | Q82: 0 | R82: 0 | S82: 0 | T82: 0 | U82: 0 | V82: 0 | W82: 0 | X82: 0 | Y82: 0 | Z82: 0 | AA82: 0 | AB82: 0 | AC82: 0
D83: ii) Non-individual | E83: 0 | F83: 0 | G83: 0 | H83: 0 | I83: 0 | J83: 0 | K83: 0 | L83: 0 | M83: 0 | N83: 0 | O83: 0 | P83: 0 | Q83: 0 | R83: 0 | S83: 0 | T83: 0 | U83: 0 | V83: 0 | W83: 0 | X83: 0 | Y83: 0 | Z83: 0 | AA83: 0 | AB83: 0 | AC83: 0
D84: Yearly IDCW Option
D85: i) Individual | E85: 0 | F85: 0 | G85: 0 | H85: 0 | I85: 0 | J85: 0 | K85: 0 | L85: 0 | M85: 0 | N85: 0 | O85: 0 | P85: 0 | Q85: 0 | R85: 0 | S85: 0 | T85: 0 | U85: 0 | V85: 0 | W85: 0 | X85: 0 | Y85: 0 | Z85: 0 | AA85: 0 | AB85: 0 | AC85: 0
D86: ii) Non-individual | E86: 0 | F86: 0 | G86: 0 | H86: 0 | I86: 0 | J86: 0 | K86: 0 | L86: 0 | M86: 0 | N86: 0 | O86: 0 | P86: 0 | Q86: 0 | R86: 0 | S86: 0 | T86: 0 | U86: 0 | V86: 0 | W86: 0 | X86: 0 | Y86: 0 | Z86: 0 | AA86: 0 | AB86: 0 | AC86: 0
D87: Direct Plan - IDCW Option
D88: i) Individual | E88: 0 | F88: 0.6 | G88: 0.5 | H88: 0.5 | I88: 0.5 | J88: 0 | K88: 0 | L88: 0 | M88: 0 | N88: 0 | O88: 0 | P88: 0 | Q88: 0 | R88: 0 | S88: 0 | T88: 0 | U88: 0.4 | V88: 0 | W88: 0 | X88: 0 | Y88: 0 | Z88: 0 | AA88: 0 | AB88: 0 | AC88: 0
D89: ii) Non-individual | E89: 0 | F89: 0.6 | G89: 0.5 | H89: 0.5 | I89: 0.5 | J89: 0 | K89: 0 | L89: 0 | M89: 0 | N89: 0 | O89: 0 | P89: 0 | Q89: 0 | R89: 0 | S89: 0 | T89: 0 | U89: 0.4 | V89: 0 | W89: 0 | X89: 0 | Y89: 0 | Z89: 0 | AA89: 0 | AB89: 0 | AC89: 0
D90: Direct Plan - Daily IDCW Option
D91: i) Individual | E91: 0 | F91: 0 | G91: 0 | H91: 0 | I91: 0 | J91: 0 | K91: 0 | L91: 0 | M91: 0 | N91: 101.68433 | O91: 0 | P91: 0 | Q91: 0.26163365 | R91: 0 | S91: 0 | T91: 0 | U91: 0 | V91: 0 | W91: 0 | X91: 0 | Y91: 0 | Z91: 0 | AA91: 0 | AB91: 12.820273 | AC91: 8.740721
D92: ii) Non-individual | E92: 0 | F92: 0 | G92: 0 | H92: 0 | I92: 0 | J92: 0 | K92: 0 | L92: 0 | M92: 0 | N92: 101.68433 | O92: 0 | P92: 0 | Q92: 0.26163365 | R92: 0 | S92: 0 | T92: 0 | U92: 0 | V92: 0 | W92: 0 | X92: 0 | Y92: 0 | Z92: 0 | AA92: 0 | AB92: 12.820273 | AC92: 8.740721
D93: Direct Plan - Weekly IDCW Option
D94: i) Individual | E94: 0 | F94: 0 | G94: 0 | H94: 0 | I94: 0 | J94: 0 | K94: 0 | L94: 0 | M94: 0 | N94: 0 | O94: 0 | P94: 0 | Q94: 0 | R94: 0.30312459 | S94: 0 | T94: 0 | U94: 0 | V94: 0 | W94: 0 | X94: 0 | Y94: 0 | Z94: 0 | AA94: 0 | AB94: 15.196146 | AC94: 0
D95: ii) Non-individual | E95: 0 | F95: 0 | G95: 0 | H95: 0 | I95: 0 | J95: 0 | K95: 0 | L95: 0 | M95: 0 | N95: 0 | O95: 0 | P95: 0 | Q95: 0 | R95: 0.30312459 | S95: 0 | T95: 0 | U95: 0 | V95: 0 | W95: 0 | X95: 0 | Y95: 0 | Z95: 0 | AA95: 0 | AB95: 15.196146 | AC95: 0
D96: Direct Plan - Fortnightly IDCW Option
D97: i) Individual | E97: 0 | F97: 0 | G97: 0 | H97: 0 | I97: 0 | J97: 0 | K97: 0 | L97: 0 | M97: 0 | N97: 0 | O97: 0 | P97: 0 | Q97: 0 | R97: 0 | S97: 0 | T97: 0 | U97: 0 | V97: 0 | W97: 0 | X97: 0 | Y97: 0 | Z97: 0 | AA97: 0 | AB97: 0 | AC97: 0
D98: ii) Non-individual | E98: 0 | F98: 0 | G98: 0 | H98: 0 | I98: 0 | J98: 0 | K98: 0 | L98: 0 | M98: 0 | N98: 0 | O98: 0 | P98: 0 | Q98: 0 | R98: 0 | S98: 0 | T98: 0 | U98: 0 | V98: 0 | W98: 0 | X98: 0 | Y98: 0 | Z98: 0 | AA98: 0 | AB98: 0 | AC98: 0
D99: Direct Plan - Monthly IDCW Option
D100: i) Individual | E100: 0 | F100: 0 | G100: 0 | H100: 0 | I100: 0 | J100: 0.06 | K100: 0 | L100: 0 | M100: 0 | N100: 0 | O100: 0 | P100: 0 | Q100: 0 | R100: 0 | S100: 0 | T100: 0 | U100: 0 | V100: 0 | W100: 0 | X100: 0 | Y100: 0 | Z100: 0 | AA100: 0 | AB100: 0 | AC100: 0
D101: ii) Non-individual | E101: 0 | F101: 0 | G101: 0 | H101: 0 | I101: 0 | J101: 0.06 | K101: 0 | L101: 0 | M101: 0 | N101: 0 | O101: 0 | P101: 0 | Q101: 0 | R101: 0 | S101: 0 | T101: 0 | U101: 0 | V101: 0 | W101: 0 | X101: 0 | Y101: 0 | Z101: 0 | AA101: 0 | AB101: 0 | AC101: 0
D102: Direct Plan - Quarterly IDCW Option
D103: i) Individual | E103: 0 | F103: 0 | G103: 0 | H103: 0 | I103: 0 | J103: 0 | K103: 0 | L103: 0 | M103: 0 | N103: 0 | O103: 0 | P103: 0 | Q103: 0 | R103: 0 | S103: 0 | T103: 0 | U103: 0 | V103: 0 | W103: 0 | X103: 0 | Y103: 0 | Z103: 0 | AA103: 0 | AB103: 0 | AC103: 0
D104: ii) Non-individual | E104: 0 | F104: 0 | G104: 0 | H104: 0 | I104: 0 | J104: 0 | K104: 0 | L104: 0 | M104: 0 | N104: 0 | O104: 0 | P104: 0 | Q104: 0 | R104: 0 | S104: 0 | T104: 0 | U104: 0 | V104: 0 | W104: 0 | X104: 0 | Y104: 0 | Z104: 0 | AA104: 0 | AB104: 0 | AC104: 0
D105: Direct Plan - Half Yearly IDCW Option
D106: i) Individual | E106: 0 | F106: 0 | G106: 0 | H106: 0 | I106: 0 | J106: 0 | K106: 0 | L106: 0 | M106: 0 | N106: 0 | O106: 0 | P106: 0 | Q106: 0 | R106: 0 | S106: 0 | T106: 0 | U106: 0 | V106: 0 | W106: 0 | X106: 0 | Y106: 0 | Z106: 0 | AA106: 0 | AB106: 0 | AC106: 0
D107: ii) Non-individual | E107: 0 | F107: 0 | G107: 0 | H107: 0 | I107: 0 | J107: 0 | K107: 0 | L107: 0 | M107: 0 | N107: 0 | O107: 0 | P107: 0 | Q107: 0 | R107: 0 | S107: 0 | T107: 0 | U107: 0 | V107: 0 | W107: 0 | X107: 0 | Y107: 0 | Z107: 0 | AA107: 0 | AB107: 0 | AC107: 0
D108: Direct Plan - Yearly IDCW Option
D109: i) Individual | E109: 0 | F109: 0 | G109: 0 | H109: 0 | I109: 0 | J109: 0 | K109: 0 | L109: 0 | M109: 0 | N109: 0 | O109: 0 | P109: 0 | Q109: 0 | R109: 0 | S109: 0 | T109: 0 | U109: 0 | V109: 0 | W109: 0 | X109: 0 | Y109: 0 | Z109: 0 | AA109: 0 | AB109: 0 | AC109: 0
D110: ii) Non-individual | E110: 0 | F110: 0 | G110: 0 | H110: 0 | I110: 0 | J110: 0 | K110: 0 | L110: 0 | M110: 0 | N110: 0 | O110: 0 | P110: 0 | Q110: 0 | R110: 0 | S110: 0 | T110: 0 | U110: 0 | V110: 0 | W110: 0 | X110: 0 | Y110: 0 | Z110: 0 | AA110: 0 | AB110: 0 | AC110: 0
D111: PF Plan - IDCW Option
D112: i) Individual | E112: 0 | F112: 0 | G112: 0 | H112: 0 | I112: 0 | J112: 0 | K112: 0 | L112: 0 | M112: 0 | N112: 0 | O112: 0 | P112: 0 | Q112: 0 | R112: 0 | S112: 0 | T112: 0 | U112: 0 | V112: 0 | W112: 0 | X112: 0 | Y112: 0 | Z112: 0 | AA112: 0 | AB112: 0 | AC112: 0
D113: ii) Non-individual | E113: 0 | F113: 0 | G113: 0 | H113: 0 | I113: 0 | J113: 0 | K113: 0 | L113: 0 | M113: 0 | N113: 0 | O113: 0 | P113: 0 | Q113: 0 | R113: 0 | S113: 0 | T113: 0 | U113: 0 | V113: 0 | W113: 0 | X113: 0 | Y113: 0 | Z113: 0 | AA113: 0 | AB113: 0 | AC113: 0
D115: Income
C116: 5.1 | D116: Dividend [Rs. in Crores] | E116: 1.1609631 | F116: 1.9916592 | G116: 2.2376696 | H116: 2.6991117 | I116: 1.8141538 | J116: 0.1780022 | K116: 0 | L116: 0 | M116: 0.07947608 | N116: 0 | O116: 0.2546528 | P116: 0.38136555 | Q116: 0 | R116: 0 | S116: 0.31302354 | T116: 0 | U116: 5.9875816 | V116: 0.24243984 | W116: 4.0838433 | X116: 3.4040324 | Y116: 3.5382148 | Z116: 0.1767189 | AA116: 0 | AB116: 0 | AC116: 0
C117: 5.2 | D117: Interest income [Rs. in Crores] | E117: 1.4168507 | F117: 2.6075593 | G117: 0.19425692 | H117: 0.31567321 | I117: 0.17559836 | J117: 1.5575387 | K117: 4.0603352 | L117: 1.3614332 | M117: 0.045552173 | N117: 126.17647 | O117: 0.005098698 | P117: 0.005655737 | Q117: 32.769512 | R117: 62.162002 | S117: 0.039244169 | T117: 22.024707 | U117: 0.73884687 | V117: 0.036949962 | W117: 0.022492057 | X117: 0.004061905 | Y117: 0.004087896 | Z117: 0.038893147 | AA117: 13.709709 | AB117: 5.2549575 | AC117: 2.283306
C118: 5.3 | D118: Profit/ (loss) on sale/ redemption of investments (other than inter scheme transfer/ sale) [Rs. in Crores] | E118: 17.573792 | F118: 11.501745 | G118: 21.480512 | H118: 12.261476 | I118: 8.9918293 | J118: 1.012948 | K118: -0.21571962 | L118: 0.14286319 | M118: 0.74975856 | N118: -0.5996951 | O118: 1.9142248 | P118: 2.5194039 | Q118: -0.28585894 | R118: -1.5813838 | S118: 8.4701944 | T118: -5.4863669 | U118: 87.596212 | V118: 3.7872609 | W118: 99.634487 | X118: 44.360758 | Y118: 6.7132067 | Z118: 4.1538656 | AA118: 0.38939671 | AB118: -0.000354 | AC118: -0.20460315
C119: 5.4 | D119: Profit/ (loss) on inter-scheme transfer/ sale of investments [Rs. in Crores] | E119: 0 | F119: 0 | G119: 0 | H119: 0 | I119: 0 | J119: 0 | K119: 0 | L119: 0 | M119: 0 | N119: 0 | O119: 0 | P119: 0 | Q119: 0 | R119: 0 | S119: 0 | T119: 0 | U119: 0 | V119: 0 | W119: 0 | X119: 0 | Y119: 0 | Z119: 0 | AA119: 0 | AB119: 0 | AC119: 0
C120: 5.5 | D120: Other income (Indicating nature) [Rs. in Crores] | E120: 0.01343721 | F120: 0.053435995 | G120: 0.046365089 | H120: 0.13166843 | I120: 1.665e-06 | J120: 0.006699598 | K120: 0.001541274 | L120: 0.000285582 | M120: 9.0834e-05 | N120: 0.01651364 | O120: 0.003186458 | P120: 0.001514676 | Q120: 0.012760573 | R120: 0.001438629 | S120: 0.006944042 | T120: -2.8182e-05 | U120: 0.38632657 | V120: 0.023615538 | W120: 0 | X120: 0 | Y120: 0 | Z120: 0.000691206 | AA120: 0.001692318 | AB120: -1.1729e-05 | AC120: -0.001787256
C121: 5.6 | D121: Total income (5.1 to 5.5) [Rs. in Crores] | E121: 20.16 | F121: 16.15 | G121: 23.96 | H121: 15.41 | I121: 10.98 | J121: 2.76 | K121: 3.84 | L121: 1.5 | M121: 0.88 | N121: 125.6 | O121: 2.17 | P121: 2.91 | Q121: 32.49 | R121: 60.58 | S121: 8.83 | T121: 16.53 | U121: 94.72 | V121: 4.09 | W121: 103.73 | X121: 47.76 | Y121: 10.25 | Z121: 4.37 | AA121: 14.1 | AB121: 5.25 | AC121: 2.08
D123: Expenses
C124: 6.1 | D124: Management fees (Incl of GST) [Rs. in Crores] | E124: 0 | F124: 2.8473724 | G124: 3.34859 | H124: 3.3721261 | I124: 2.284628 | J124: 0.57957018 | K124: 0.71520053 | L124: 0.16375767 | M124: 0.070359445 | N124: 2.2198549 | O124: 0.044581107 | P124: 0.042054475 | Q124: 1.742491 | R124: 2.5705018 | S124: 0.45264468 | T124: 0.70535369 | U124: 4.9442221 | V124: 0.39892286 | W124: 0.040685621 | X124: 0.028566353 | Y124: 0.39500137 | Z124: 0.030388249 | AA124: 0.89694171 | AB124: 0.039082921 | AC124: 0.01
...

Sheet CHY simnav
L1: STANDARD CHARTERED BANK REGIONAL FUND ADMINISTRATION SERVICE | M1: PLAN LEVEL NAV REPORT FROM 30/09/2021 TO 30/09/2021
A2: Concatenate | B2: HY plan code | C2: Face value | D2: Unit capital | E2: Rollback | F2: Net asset | G2: NAV per unit | H2: Check | I2: TB AUM | J2: Difference | K2: Status | L2: Fund_ID_Share_Type | M2: Fund_ID | N2: Share_Type | O2: Outstanding_Units | P2: Plan_Level_Net_Assets | Q2: Unrounded_NAV | R2: Total_Net_Assets | S2: Net_Asset_Per_Units | T2: Nav_Date | U2: Amfi_Code | V2: RNT_Code | W2: RNT_Scheme_Code | X2: Press_Code | Y2: Benchmark_Index | Z2: Fund_Type | AA2: Sub_Price | AB2: Red_Price | AC2: Sec_ID | AD2: Fund_Desc | AE2: Share_Class_Desc | AF2: Per_Nav_Date | AG2: Net_Asset_Per_Unit_Pre_Rounded | AH2: Net_Asset_Per_Unit_Pre_UnRounded | AI2: Movement_Rounded_Nav | AJ2: Per_Movement_rounded | AK2: Annual_Return_Rounded | AL2: Movement_UnRounded_Nav | AM2: Per_Movement_UnRounded | AN2: Annualised_Return_Unrounded | AO2: IN_FA_FF_10 | AP2: IN_FA_FF_11 | AQ2: IN_FA_FF_12 | AR2: IN_FA_FF_01 | AS2: IN_FA_FF_02 | AT2: IN_FA_FF_03 | AU2: IN_FA_FF_09 | AV2: ClientID | AW2: AMC_Group
A3: =M3&B3 -> LDUSTFRG | B3: =VLOOKUP(L3,'Scheme master'!A:M,13,0) -> RG | C3: =VLOOKUP(M3,'Scheme master'!D:L,8,0) -> 1000 | D3: =(O3+E3)*C3/10000000 -> 56.048337 | E3: =SUMIF('CHY rollback'!A:A,L3,'CHY rollback'!G:G) -> 0 | F3: =P3/10000000 -> 60.145329 | G3: =IF(O3<=0,0,S3) -> 1073.0975 | H3: =SUMIF(M:M,M3,F:F)-R3/10000000 -> 0 | I3: =SUMIFS(TB!E:E,TB!H:H,M3,TB!F:F,"AUM") -> -90.150879 | J3: =(SUMIF(M:M,M3,F:F)+I3)*10000000 -> -1.4210855e-07 | K3: =VLOOKUP(M3,'Scheme master'!D:L,9,0) -> Live | L3: LDUSTFRG | M3: LDUSTF | N3: RG | O3: 560483.37 | P3: 6.0145329e+08 | Q3: 1073.0975 | R3: 9.0150879e+08 | S3: 1073.0975 | T3: 44469 | U3: 147770 | V3: 181GP | W3: 181 | Y3: 1000 | Z3: DEBT | AA3: 1073.0975 | AB3: 1073.0975 | AC3: 113192 | AD3: LIC MF Ultra Short Term Fund | AE3: Regular Plan Growth Option | AF3: 44468 | AG3: 1072.992 | AH3: 1072.992 | AI3: 0.1055 | AJ3: 0.0098323193 | AK3: 3.5888 | AL3: 0.10549883 | AM3: 0.0098322105 | AN3: 3.5888 | AO3: LICMF Ultra Short Term Fund | AP3: LIC181 | AR3: Regular | AV3: 30 | AW3: LIC
A4: =M4&B4 -> LDUSTFRDM | B4: =VLOOKUP(L4,'Scheme master'!A:M,13,0) -> RDM | C4: =VLOOKUP(M4,'Scheme master'!D:L,8,0) -> 1000 | D4: =(O4+E4)*C4/10000000 -> 0.1923899 | E4: =SUMIF('CHY rollback'!A:A,L4,'CHY rollback'!G:G) -> 0 | F4: =P4/10000000 -> 0.20645465 | G4: =IF(O4<=0,0,S4) -> 1073.1054 | H4: =SUMIF(M:M,M4,F:F)-R4/10000000 -> 0 | I4: =SUMIFS(TB!E:E,TB!H:H,M4,TB!F:F,"AUM") -> -90.150879 | J4: =(SUMIF(M:M,M4,F:F)+I4)*10000000 -> -1.4210855e-07 | K4: =VLOOKUP(M4,'Scheme master'!D:L,9,0) -> Live | L4: LDUSTFRMD | M4: LDUSTF | N4: RMD | O4: 1923.899 | P4: 2064546.5 | Q4: 1073.1054 | R4: 9.0150879e+08 | S4: 1073.1054 | T4: 44469 | U4: 147768 | V4: 181MD | W4: 181 | Y4: 1000 | Z4: DEBT | AA4: 1073.1054 | AB4: 1073.1054 | AC4: 113195 | AD4: LIC MF Ultra Short Term Fund | AE4: Regular Plan Monthly IDCW Option | AF4: 44468 | AG4: 1072.9999 | AH4: 1072.9999 | AI4: 0.1055 | AJ4: 0.009832247 | AK4: 3.5888 | AL4: 0.10548891 | AM4: 0.0098312126 | AN4: 3.5884 | AO4: LICMF Ultra Short Term Fund | AP4: LIC181 | AR4: Regular | AV4: 30 | AW4: LIC
A5: =M5&B5 -> LDUSTFRDW | B5: =VLOOKUP(L5,'Scheme master'!A:M,13,0) -> RDW | C5: =VLOOKUP(M5,'Scheme master'!D:L,8,0) -> 1000 | D5: =(O5+E5)*C5/10000000 -> 0.0010474 | E5: =SUMIF('CHY rollback'!A:A,L5,'CHY rollback'!G:G) -> 0 | F5: =P5/10000000 -> 0.001056962 | G5: =IF(O5<=0,0,S5) -> 1009.1293 | H5: =SUMIF(M:M,M5,F:F)-R5/10000000 -> 0 | I5: =SUMIFS(TB!E:E,TB!H:H,M5,TB!F:F,"AUM") -> -90.150879 | J5: =(SUMIF(M:M,M5,F:F)+I5)*10000000 -> -1.4210855e-07 | K5: =VLOOKUP(M5,'Scheme master'!D:L,9,0) -> Live | L5: LDUSTFRWD | M5: LDUSTF | N5: RWD | O5: 10.474 | P5: 10569.62 | Q5: 1009.1293 | R5: 9.0150879e+08 | S5: 1009.1293 | T5: 44469 | U5: 147767 | V5: 181WD | W5: 181 | Y5: 1000 | Z5: DEBT | AA5: 1009.1293 | AB5: 1009.1293 | AC5: 113193 | AD5: LIC MF Ultra Short Term Fund | AE5: Regular Plan Weekly IDCW Option | AF5: 44468 | AG5: 1009.03 | AH5: 1009.03 | AI5: 0.0993 | AJ5: 0.0098411346 | AK5: 3.592 | AL5: 0.099293489 | AM5: 0.0098404895 | AN5: 3.5918 | AO5: LICMF Ultra Short Term Fund | AP5: LIC181 | AR5: Regular | AV5: 30 | AW5: LIC
A6: =M6&B6 -> LDUSTFDDW | B6: =VLOOKUP(L6,'Scheme master'!A:M,13,0) -> DDW | C6: =VLOOKUP(M6,'Scheme master'!D:L,8,0) -> 1000 | D6: =(O6+E6)*C6/10000000 -> 0.0005742 | E6: =SUMIF('CHY rollback'!A:A,L6,'CHY rollback'!G:G) -> 0 | F6: =P6/10000000 -> 0.00057927 | G6: =IF(O6<=0,0,S6) -> 1008.8297 | H6: =SUMIF(M:M,M6,F:F)-R6/10000000 -> 0 | I6: =SUMIFS(TB!E:E,TB!H:H,M6,TB!F:F,"AUM") -> -90.150879 | J6: =(SUMIF(M:M,M6,F:F)+I6)*10000000 -> -1.4210855e-07 | K6: =VLOOKUP(M6,'Scheme master'!D:L,9,0) -> Live | L6: LDUSTFWDP | M6: LDUSTF | N6: WDP | O6: 5.742 | P6: 5792.7 | Q6: 1008.8297 | R6: 9.0150879e+08 | S6: 1008.8297 | T6: 44469 | U6: 147769 | V6: 181W1 | W6: 181 | Y6: 1000 | Z6: DEBT | AA6: 1008.8297 | AB6: 1008.8297 | AC6: 113197 | AD6: LIC MF Ultra Short Term Fund | AE6: Direct Plan Weekly IDCW Option | AF6: 44468 | AG6: 1008.7234 | AH6: 1008.7234 | AI6: 0.1063 | AJ6: 0.010538072 | AK6: 3.8464 | AL6: 0.10623476 | AM6: 0.010531604 | AN6: 3.844 | AO6: LICMF Ultra Short Term Fund | AP6: LIC181 | AR6: Direct | AV6: 30 | AW6: LIC
A7: =M7&B7 -> LDSAPFRDW | B7: =VLOOKUP(L7,'Scheme master'!A:M,13,0) -> RDW | C7: =VLOOKUP(M7,'Scheme master'!D:L,8,0) -> 10 | D7: =(O7+E7)*C7/10000000 -> 1.5675007 | E7: =SUMIF('CHY rollback'!A:A,L7,'CHY rollback'!G:G) -> 0 | F7: =P7/10000000 -> 1.7175695 | G7: =IF(O7<=0,0,S7) -> 10.9574 | H7: =SUMIF(M:M,M7,F:F)-R7/10000000 -> 0 | I7: =SUMIFS(TB!E:E,TB!H:H,M7,TB!F:F,"AUM") -> -1526.8646 | J7: =(SUMIF(M:M,M7,F:F)+I7)*10000000 -> -0.009993073 | K7: =VLOOKUP(M7,'Scheme master'!D:L,9,0) -> Live | L7: LDSAPFRWD | M7: LDSAPF | N7: RWD | O7: 1567500.7 | P7: 17175695 | Q7: 10.957376 | R7: 1.5268646e+10 | S7: 10.9574 | T7: 44469 | U7: 111675 | V7: 40WD | W7: 40 | X7: LI153 | Y7: 10 | Z7: DEBT | AA7: 10.9574 | AB7: 10.9574 | AC7: 84279 | AD7: LIC MF Savings Fund | AE7: Regular Plan Weekly IDCW Option | AF7: 44468 | AG7: 10.9559 | AH7: 10.955875 | AI7: 0.0015 | AJ7: 0.013691253 | AK7: 4.9973 | AL7: 0.0015009371 | AM7: 0.013699838 | AN7: 5.0004 | AO7: LIC MF Savings Fund | AP7: LIC40 | AR7: Regular | AS7: INF767K01AP2/INF767K01AQ0 | AV7: 30 | AW7: LIC
A8: =M8&B8 -> LDSAPFDDW | B8: =VLOOKUP(L8,'Scheme master'!A:M,13,0) -> DDW | C8: =VLOOKUP(M8,'Scheme master'!D:L,8,0) -> 10 | D8: =(O8+E8)*C8/10000000 -> 0.005090144 | E8: =SUMIF('CHY rollback'!A:A,L8,'CHY rollback'!G:G) -> 0 | F8: =P8/10000000 -> 0.005996509 | G8: =IF(O8<=0,0,S8) -> 11.7806 | H8: =SUMIF(M:M,M8,F:F)-R8/10000000 -> 0 | I8: =SUMIFS(TB!E:E,TB!H:H,M8,TB!F:F,"AUM") -> -1526.8646 | J8: =(SUMIF(M:M,M8,F:F)+I8)*10000000 -> -0.009993073 | K8: =VLOOKUP(M8,'Scheme master'!D:L,9,0) -> Live | L8: LDSAPFWDP | M8: LDSAPF | N8: WDP | O8: 5090.144 | P8: 59965.09 | Q8: 11.780627 | R8: 1.5268646e+10 | S8: 11.7806 | T8: 44469 | U8: 120318 | V8: 40W1 | W8: 40 | X8: LI201 | Y8: 10 | Z8: DEBT | AA8: 11.7806 | AB8: 11.7806 | AC8: 84283 | AD8: LIC MF Savings Fund | AE8: Direct Plan Weekly IDCW Option | AF8: 44468 | AG8: 11.7788 | AH8: 11.778846 | AI8: 0.0018 | AJ8: 0.015281693 | AK8: 5.5778 | AL8: 0.0017818749 | AM8: 0.015127755 | AN8: 5.5216 | AO8: LIC MF Savings Fund | AP8: LIC40 | AR8: Direct | AS8: INF767K01JJ6/INF767K01JK4 | AV8: 30 | AW8: LIC
A9: =M9&B9 -> LDSTDFDD | B9: =VLOOKUP(L9,'Scheme master'!A:M,13,0) -> DD | C9: =VLOOKUP(M9,'Scheme master'!D:L,8,0) -> 10 | D9: =(O9+E9)*C9/10000000 -> 0.12110744 | E9: =SUMIF('CHY rollback'!A:A,L9,'CHY rollback'!G:G) -> 0 | F9: =P9/10000000 -> 0.14895258 | G9: =IF(O9<=0,0,S9) -> 12.2992 | H9: =SUMIF(M:M,M9,F:F)-R9/10000000 -> 0 | I9: =SUMIFS(TB!E:E,TB!H:H,M9,TB!F:F,"AUM") -> -397.01082 | J9: =(SUMIF(M:M,M9,F:F)+I9)*10000000 -> 0.0099993258 | K9: =VLOOKUP(M9,'Scheme master'!D:L,9,0) -> Live | L9: LDSTDFDDP | M9: LDSTDF | N9: DDP | O9: 121107.44 | P9: 1489525.8 | Q9: 12.299209 | R9: 3.9701082e+09 | S9: 12.2992 | T9: 44469 | U9: 145953 | V9: 179D1 | W9: 179 | Y9: 10 | Z9: DEBT | AA9: 12.2992 | AB9: 12.2992 | AC9: 102833 | AD9: LIC MF Short Term Debt Fund | AE9: Direct Plan IDCW Option | AF9: 44468 | AG9: 12.2994 | AH9: 12.299371 | AI9: -0.0002 | AJ9: -0.0016260956 | AK9: -0.5935 | AL9: -0.00016150948 | AM9: -0.0013131524 | AN9: -0.4793 | AO9: LIC MF Short Term Debt Fund | AP9: LIC179 | AR9: Direct | AV9: 30 | AW9: LIC
A10: =M10&B10 -> LDSTDFDG | B10: =VLOOKUP(L10,'Scheme master'!A:M,13,0) -> DG | C10: =VLOOKUP(M10,'Scheme master'!D:L,8,0) -> 10 | D10: =(O10+E10)*C10/10000000 -> 95.274204 | E10: =SUMIF('CHY rollback'!A:A,L10,'CHY rollback'!G:G) -> 0 | F10: =P10/10000000 -> 117.17954 | G10: =IF(O10<=0,0,S10) -> 12.2992 | H10: =SUMIF(M:M,M10,F:F)-R10/10000000 -> 0 | I10: =SUMIFS(TB!E:E,TB!H:H,M10,TB!F:F,"AUM") -> -397.01082 | J10: =(SUMIF(M:M,M10,F:F)+I10)*10000000 -> 0.0099993258 | K10: =VLOOKUP(M10,'Scheme master'!D:L,9,0) -> Live | L10: LDSTDFGDP | M10: LDSTDF | N10: GDP | O10: 95274204 | P10: 1.1717954e+09 | Q10: 12.299188 | R10: 3.9701082e+09 | S10: 12.2992 | T10: 44469 | U10: 145954 | V10: 179G1 | W10: 179 | Y10: 10 | Z10: DEBT | AA10: 12.2992 | AB10: 12.2992 | AC10: 102834 | AD10: LIC MF Short Term Debt Fund | AE10: Direct Plan Growth Option | AF10: 44468 | AG10: 12.2994 | AH10: 12.299449 | AI10: -0.0002 | AJ10: -0.0016260956 | AK10: -0.5935 | AL10: -0.00026036871 | AM10: -0.0021169136 | AN10: -0.7727 | AO10: LIC MF Short Term Debt Fund | AP10: LIC179 | AR10: Direct | AV10: 30 | AW10: LIC
A11: =M11&B11 -> LDSTDFRD | B11: =VLOOKUP(L11,'Scheme master'!A:M,13,0) -> RD | C11: =VLOOKUP(M11,'Scheme master'!D:L,8,0) -> 10 | D11: =(O11+E11)*C11/10000000 -> 0.20095014 | E11: =SUMIF('CHY rollback'!A:A,L11,'CHY rollback'!G:G) -> 0 | F11: =P11/10000000 -> 0.24031934 | G11: =IF(O11<=0,0,S11) -> 11.9592 | H11: =SUMIF(M:M,M11,F:F)-R11/10000000 -> 0 | I11: =SUMIFS(TB!E:E,TB!H:H,M11,TB!F:F,"AUM") -> -397.01082 | J11: =(SUMIF(M:M,M11,F:F)+I11)*10000000 -> 0.0099993258 | K11: =VLOOKUP(M11,'Scheme master'!D:L,9,0) -> Live | L11: LDSTDFRD | M11: LDSTDF | N11: RD | O11: 200950.14 | P11: 2403193.4 | Q11: 11.959152 | R11: 3.9701082e+09 | S11: 11.9592 | T11: 44469 | U11: 145951 | V11: 179DP | W11: 179 | Y11: 10 | Z11: DEBT | AA11: 11.9592 | AB11: 11.9592 | AC11: 102831 | AD11: LIC MF Short Term Debt Fund | AE11: Regular Plan IDCW Option | AF11: 44468 | AG11: 11.9598 | AH11: 11.959751 | AI11: -0.0006 | AJ11: -0.0050168063 | AK11: -1.8311 | AL11: -0.00059835737 | AM11: -0.0050030923 | AN11: -1.8261 | AO11: LIC MF Short Term Debt Fund | AP11: LIC179 | AR11: Regular | AV11: 30 | AW11: LIC
A12: =M12&B12 -> LDSTDFRG | B12: =VLOOKUP(L12,'Scheme master'!A:M,13,0) -> RG | C12: =VLOOKUP(M12,'Scheme master'!D:L,8,0) -> 10 | D12: =(O12+E12)*C12/10000000 -> 233.66339 | E12: =SUMIF('CHY rollback'!A:A,L12,'CHY rollback'!G:G) -> 0 | F12: =P12/10000000 -> 279.44201 | G12: =IF(O12<=0,0,S12) -> 11.9592 | H12: =SUMIF(M:M,M12,F:F)-R12/10000000 -> 0 | I12: =SUMIFS(TB!E:E,TB!H:H,M12,TB!F:F,"AUM") -> -397.01082 | J12: =(SUMIF(M:M,M12,F:F)+I12)*10000000 -> 0.0099993258 | K12: =VLOOKUP(M12,'Scheme master'!D:L,9,0) -> Live | L12: LDSTDFRG | M12: LDSTDF | N12: RG | O12: 2.3366339e+08 | P12: 2.7944201e+09 | Q12: 11.959169 | R12: 3.9701082e+09 | S12: 11.9592 | T12: 44469 | U12: 145952 | V12: 179GP | W12: 179 | Y12: 10 | Z12: DEBT | AA12: 11.9592 | AB12: 11.9592 | AC12: 102832 | AD12: LIC MF Short Term Debt Fund | AE12: Regular Plan Growth Option | AF12: 44468 | AG12: 11.9598 | AH12: 11.959772 | AI12: -0.0006 | AJ12: -0.0050168063 | AK12: -1.8311 | AL12: -0.00060282826 | AM12: -0.0050404661 | AN12: -1.8398 | AO12: LIC MF Short Term Debt Fund | AP12: LIC179 | AR12: Regular | AV12: 30 | AW12: LIC
A13: =M13&B13 -> LDUSTFDDD | B13: =VLOOKUP(L13,'Scheme master'!A:M,13,0) -> DDD | C13: =VLOOKUP(M13,'Scheme master'!D:L,8,0) -> 1000 | D13: =(O13+E13)*C13/10000000 -> 0 | E13: =SUMIF('CHY rollback'!A:A,L13,'CHY rollback'!G:G) -> 0 | F13: =P13/10000000 -> 0 | G13: =IF(O13<=0,0,S13) -> 0 | H13: =SUMIF(M:M,M13,F:F)-R13/10000000 -> 0 | I13: =SUMIFS(TB!E:E,TB!H:H,M13,TB!F:F,"AUM") -> -90.150879 | J13: =(SUMIF(M:M,M13,F:F)+I13)*10000000 -> -1.4210855e-07 | K13: =VLOOKUP(M13,'Scheme master'!D:L,9,0) -> Live | L13: LDUSTFDPD | M13: LDUSTF | N13: DPD | O13: 0 | P13: 0 | Q13: 1000 | R13: 9.0150879e+08 | S13: 1000 | T13: 44469 | U13: 147771 | V13: 181D1 | W13: 181 | Y13: 1000 | Z13: DEBT | AA13: 1000 | AB13: 1000 | AC13: 113198 | AD13: LIC MF Ultra Short Term Fund | AE13: Direct Plan Daily IDCW Option | AF13: 44468 | AG13: 1000 | AH13: 1000 | AI13: 0 | AJ13: 0 | AK13: 0 | AL13: 0 | AM13: 0 | AN13: 0 | AO13: LICMF Ultra Short Term Fund | AP13: LIC181 | AR13: Direct | AV13: 30 | AW13: LIC
A14: =M14&B14 -> LDUSTFDG | B14: =VLOOKUP(L14,'Scheme master'!A:M,13,0) -> DG | C14: =VLOOKUP(M14,'Scheme master'!D:L,8,0) -> 1000 | D14: =(O14+E14)*C14/10000000 -> 27.629956 | E14: =SUMIF('CHY rollback'!A:A,L14,'CHY rollback'!G:G) -> 0 | F14: =P14/10000000 -> 29.775542 | G14: =IF(O14<=0,0,S14) -> 1077.6543 | H14: =SUMIF(M:M,M14,F:F)-R14/10000000 -> 0 | I14: =SUMIFS(TB!E:E,TB!H:H,M14,TB!F:F,"AUM") -> -90.150879 | J14: =(SUMIF(M:M,M14,F:F)+I14)*10000000 -> -1.4210855e-07 | K14: =VLOOKUP(M14,'Scheme master'!D:L,9,0) -> Live | L14: LDUSTFGDP | M14: LDUSTF | N14: GDP | O14: 276299.56 | P14: 2.9775542e+08 | Q14: 1077.6543 | R14: 9.0150879e+08 | S14: 1077.6543 | T14: 44469 | U14: 147772 | V14: 181G1 | W14: 181 | Y14: 1000 | Z14: DEBT | AA14: 1077.6543 | AB14: 1077.6543 | AC14: 113196 | AD14: LIC MF Ultra Short Term Fund | AE14: Direct Plan Growth Option | AF14: 44468 | AG14: 1077.5425 | AH14: 1077.5425 | AI14: 0.1118 | AJ14: 0.010375461 | AK14: 3.787 | AL14: 0.11183747 | AM14: 0.010378939 | AN14: 3.7883 | AO14: LICMF Ultra Short Term Fund | AP14: LIC181 | AR14: Direct | AV14: 30 | AW14: LIC
A15: =M15&B15 -> LEARBFDG | B15: =VLOOKUP(L15,'Scheme master'!A:M,13,0) -> DG | C15: =VLOOKUP(M15,'Scheme master'!D:L,8,0) -> 10 | D15: =(O15+E15)*C15/10000000 -> 13.013992 | E15: =SUMIF('CHY rollback'!A:A,L15,'CHY rollback'!G:G) -> 0 | F15: =P15/10000000 -> 14.771707 | G15: =IF(O15<=0,0,S15) -> 11.3506 | H15: =SUMIF(M:M,M15,F:F)-R15/10000000 -> 0 | I15: =SUMIFS(TB!E:E,TB!H:H,M15,TB!F:F,"AUM") -> -36.688485 | J15: =(SUMIF(M:M,M15,F:F)+I15)*10000000 -> 2.5799999 | K15: =VLOOKUP(M15,'Scheme master'!D:L,9,0) -> Live | L15: LEARBFGDP | M15: LEARBF | N15: GDP | O15: 13013992 | P15: 1.4771707e+08 | Q15: 11.350634 | R15: 3.6688485e+08 | S15: 11.3506 | T15: 44469 | U15: 145895 | V15: 178G1 | W15: 178 | Y15: 10 | Z15: EQTY | AA15: 11.3506 | AB15: 11.3506 | AC15: 102466 | AD15: LIC MF Arbitrage Fund | AE15: Direct Plan Growth Option | AF15: 44468 | AG15: 11.349 | AH15: 11.349007 | AI15: 0.0016 | AJ15: 0.014098158 | AK15: 5.1458 | AL15: 0.0016277604 | AM15: 0.014342756 | AN15: 5.2351 | AO15: LIC MF Arbitrage Fund | AP15: LIC178 | AR15: Direct | AV15: 30 | AW15: LIC
A16: =M16&B16 -> LDUSTFDDM | B16: =VLOOKUP(L16,'Scheme master'!A:M,13,0) -> DDM | C16: =VLOOKUP(M16,'Scheme master'!D:L,8,0) -> 1000 | D16: =(O16+E16)*C16/10000000 -> 0.0183461 | E16: =SUMIF('CHY rollback'!A:A,L16,'CHY rollback'!G:G) -> 0 | F16: =P16/10000000 -> 0.019772028 | G16: =IF(O16<=0,0,S16) -> 1077.7238 | H16: =SUMIF(M:M,M16,F:F)-R16/10000000 -> 0 | I16: =SUMIFS(TB!E:E,TB!H:H,M16,TB!F:F,"AUM") -> -90.150879 | J16: =(SUMIF(M:M,M16,F:F)+I16)*10000000 -> -1.4210855e-07 | K16: =VLOOKUP(M16,'Scheme master'!D:L,9,0) -> Live | L16: LDUSTFMDP | M16: LDUSTF | N16: MDP | O16: 183.461 | P16: 197720.28 | Q16: 1077.7238 | R16: 9.0150879e+08 | S16: 1077.7238 | T16: 44469 | U16: 147773 | V16: 181M1 | W16: 181 | Y16: 1000 | Z16: DEBT | AA16: 1077.7238 | AB16: 1077.7238 | AC16: 113199 | AD16: LIC MF Ultra Short Term Fund | AE16: Direct Plan Monthly IDCW Option | AF16: 44468 | AG16: 1077.6119 | AH16: 1077.6119 | AI16: 0.1119 | AJ16: 0.010384072 | AK16: 3.7902 | AL16: 0.11184938 | AM16: 0.010379375 | AN16: 3.7885 | AO16: LICMF Ultra Short Term Fund | AP16: LIC181 | AR16: Direct | AV16: 30 | AW16: LIC
A17: =M17&B17 -> LDUSTFRDD | B17: =VLOOKUP(L17,'Scheme master'!A:M,13,0) -> RDD | C17: =VLOOKUP(M17,'Scheme master'!D:L,8,0) -> 1000 | D17: =(O17+E17)*C17/10000000 -> 0.0021297 | E17: =SUMIF('CHY rollback'!A:A,L17,'CHY rollback'!G:G) -> 0 | F17: =P17/10000000 -> 0.002145142 | G17: =IF(O17<=0,0,S17) -> 1007.2508 | H17: =SUMIF(M:M,M17,F:F)-R17/10000000 -> 0 | I17: =SUMIFS(TB!E:E,TB!H:H,M17,TB!F:F,"AUM") -> -90.150879 | J17: =(SUMIF(M:M,M17,F:F)+I17)*10000000 -> -1.4210855e-07 | K17: =VLOOKUP(M17,'Scheme master'!D:L,9,0) -> Live | L17: LDUSTFRDD | M17: LDUSTF | N17: RDD | O17: 21.297 | P17: 21451.42 | Q17: 1007.2508 | R17: 9.0150879e+08 | S17: 1007.2508 | T17: 44469 | U17: 147766 | V17: 181DD | W17: 181 | Y17: 1000 | Z17: DEBT | AA17: 1007.2508 | AB17: 1007.2508 | AC17: 113194 | AD17: LIC MF Ultra Short Term Fund | AE17: Regular Daily IDCW Option | AF17: 44468 | AG17: 1007.1527 | AH17: 1007.1527 | AI17: 0.0981 | AJ17: 0.0097403303 | AK17: 3.5552 | AL17: 0.098135888 | AM17: 0.0097438941 | AN17: 3.5565 | AO17: LICMF Ultra Short Term Fund | AP17: LIC181 | AR17: Regular | AV17: 30 | AW17: LIC
A18: =M18&B18 -> LEBFSFDD | B18: =VLOOKUP(L18,'Scheme master'!A:M,13,0) -> DD | C18: =VLOOKUP(M18,'Scheme master'!D:L,8,0) -> 10 | D18: =(O18+E18)*C18/10000000 -> 0.19697826 | E18: =SUMIF('CHY rollback'!A:A,L18,'CHY rollback'!G:G) -> 0 | F18: =P18/10000000 -> 0.29324532 | G18: =IF(O18<=0,0,S18) -> 14.8872 | H18: =SUMIF(M:M,M18,F:F)-R18/10000000 -> 0 | I18: =SUMIFS(TB!E:E,TB!H:H,M18,TB!F:F,"AUM") -> -61.785393 | J18: =(SUMIF(M:M,M18,F:F)+I18)*10000000 -> 7.1054274e-08 | K18: =VLOOKUP(M18,'Scheme master'!D:L,9,0) -> Live | L18: LEBFSFDDP | M18: LEBFSF | N18: DDP | O18: 196978.26 | P18: 2932453.2 | Q18: 14.887192 | R18: 6.1785393e+08 | S18: 14.8872 | T18: 44469 | U18: 133908 | V18: 171D1 | W18: 171 | X18: LI422 | Y18: 10 | Z18: EQTY | AA18: 14.8872 | AB18: 14.7383 | AC18: 84341 | AD18: LIC MF Banking and Financial Ser Fund | AE18: Direct Plan IDCW Option | AF18: 44468 | AG18: 14.9488 | AH18: 14.948826 | AI18: -0.0616 | AJ18: -0.41207321 | AK18: -150.4067 | AL18: -0.061634061 | AM18: -0.41230034 | AN18: -150.4896 | AO18: LIC MF Banking and Financial Services Fund | AP18: LIC171 | AR18: Direct | AS18: INF767K01NJ8/INF767K01NL4 | AV18: 30 | AW18: LIC
A19: =M19&B19 -> LEBFSFDG | B19: =VLOOKUP(L19,'Scheme master'!A:M,13,0) -> DG | C19: =VLOOKUP(M19,'Scheme master'!D:L,8,0) -> 10 | D19: =(O19+E19)*C19/10000000 -> 4.4440583 | E19: =SUMIF('CHY rollback'!A:A,L19,'CHY rollback'!G:G) -> 0 | F19: =P19/10000000 -> 6.645336 | G19: =IF(O19<=0,0,S19) -> 14.9533 | H19: =SUMIF(M:M,M19,F:F)-R19/10000000 -> 0 | I19: =SUMIFS(TB!E:E,TB!H:H,M19,TB!F:F,"AUM") -> -61.785393 | J19: =(SUMIF(M:M,M19,F:F)+I19)*10000000 -> 7.1054274e-08 | K19: =VLOOKUP(M19,'Scheme master'!D:L,9,0) -> Live | L19: LEBFSFGDP | M19: LEBFSF | N19: GDP | O19: 4444058.3 | P19: 66453360 | Q19: 14.953305 | R19: 6.1785393e+08 | S19: 14.9533 | T19: 44469 | U19: 134017 | V19: 171G1 | W19: 171 | X19: LI423 | Y19: 10 | Z19: EQTY | AA19: 14.9533 | AB19: 14.8038 | AC19: 84342 | AD19: LIC MF Banking and Financial Ser Fund | AE19: Direct Plan Growth Option | AF19: 44468 | AG19: 15.0152 | AH19: 15.015159 | AI19: -0.0619 | AJ19: -0.41224892 | AK19: -150.4709 | AL19: -0.061853559 | AM19: -0.41194075 | AN19: -150.3584 | AO19: LIC MF Banking and Financial Services Fund | AP19: LIC171 | AR19: Direct | AS19: INF767K01NK6 | AV19: 30 | AW19: LIC
A20: =M20&B20 -> LEBFSFRD | B20: =VLOOKUP(L20,'Scheme master'!A:M,13,0) -> RD | C20: =VLOOKUP(M20,'Scheme master'!D:L,8,0) -> 10 | D20: =(O20+E20)*C20/10000000 -> 1.6187443 | E20: =SUMIF('CHY rollback'!A:A,L20,'CHY rollback'!G:G) -> 0 | F20: =P20/10000000 -> 2.2581288 | G20: =IF(O20<=0,0,S20) -> 13.9499 | H20: =SUMIF(M:M,M20,F:F)-R20/10000000 -> 0 | I20: =SUMIFS(TB!E:E,TB!H:H,M20,TB!F:F,"AUM") -> -61.785393 | J20: =(SUMIF(M:M,M20,F:F)+I20)*10000000 -> 7.1054274e-08 | K20: =VLOOKUP(M20,'Scheme master'!D:L,9,0) -> Live | L20: LEBFSFRD | M20: LEBFSF | N20: RD | O20: 1618744.3 | P20: 22581288 | Q20: 13.949879 | R20: 6.1785393e+08 | S20: 13.9499 | T20: 44469 | U20: 134015 | V20: 171DP | W20: 171 | X20: LI420 | Y20: 10 | Z20: EQTY | AA20: 13.9499 | AB20: 13.8104 | AC20: 84339 | AD20: LIC MF Banking and Financial Ser Fund | AE20: Regular Plan IDCW Option | AF20: 44468 | AG20: 14.0081 | AH20: 14.008093 | AI20: -0.0582 | AJ20: -0.4154739 | AK20: -151.648 | AL20: -0.058213647 | AM20: -0.41557153 | AN20: -151.6836 | AO20: LIC MF Banking and Financial Services Fund | AP20: LIC171 | AR20: Regular | AS20: INF767K01NG4/INF767K01NI0 | AV20: 30 | AW20: LIC
A21: =M21&B21 -> LEBFSFRG | B21: =VLOOKUP(L21,'Scheme master'!A:M,13,0) -> RG | C21: =VLOOKUP(M21,'Scheme master'!D:L,8,0) -> 10 | D21: =(O21+E21)*C21/10000000 -> 37.691962 | E21: =SUMIF('CHY rollback'!A:A,L21,'CHY rollback'!G:G) -> 0 | F21: =P21/10000000 -> 52.588683 | G21: =IF(O21<=0,0,S21) -> 13.9522 | H21: =SUMIF(M:M,M21,F:F)-R21/10000000 -> 0 | I21: =SUMIFS(TB!E:E,TB!H:H,M21,TB!F:F,"AUM") -> -61.785393 | J21: =(SUMIF(M:M,M21,F:F)+I21)*10000000 -> 7.1054274e-08 | K21: =VLOOKUP(M21,'Scheme master'!D:L,9,0) -> Live | L21: LEBFSFRG | M21: LEBFSF | N21: RG | O21: 37691962 | P21: 5.2588683e+08 | Q21: 13.952228 | R21: 6.1785393e+08 | S21: 13.9522 | T21: 44469 | U21: 134016 | V21: 171GP | W21: 171 | X21: LI421 | Y21: 10 | Z21: EQTY | AA21: 13.9522 | AB21: 13.8127 | AC21: 84340 | AD21: LIC MF Banking and Financial Ser Fund | AE21: Regular Plan Growth Option | AF21: 44468 | AG21: 14.0104 | AH21: 14.010438 | AI21: -0.0582 | AJ21: -0.4154057 | AK21: -151.6231 | AL21: -0.058210909 | AM21: -0.41548242 | AN21: -151.6511 | AO21: LIC MF Banking and Financial Services Fund | AP21: LIC171 | AR21: Regular | AS21: INF767K01NH2 | AV21: 30 | AW21: LIC
A22: =M22&B22 -> LECHIDDG | B22: =VLOOKUP(L22,'Scheme master'!A:M,13,0) -> DG | C22: =VLOOKUP(M22,'Scheme master'!D:L,8,0) -> 10 | D22: =(O22+E22)*C22/10000000 -> 0.38165632 | E22: =SUMIF('CHY rollback'!A:A,L22,'CHY rollback'!G:G) -> 0 | F22: =P22/10000000 -> 0.99840643 | G22: =IF(O22<=0,0,S22) -> 26.1598 | H22: =SUMIF(M:M,M22,F:F)-R22/10000000 -> 0 | I22: =SUMIFS(TB!E:E,TB!H:H,M22,TB!F:F,"AUM") -> -14.712927 | J22: =(SUMIF(M:M,M22,F:F)+I22)*10000000 -> 3.5527137e-08 | K22: =VLOOKUP(M22,'Scheme master'!D:L,9,0) -> Live | L22: LECHIDGDP | M22: LECHID | N22: GDP | O22: 381656.32 | P22: 9984064.3 | Q22: 26.159829 | R22: 1.4712927e+08 | S22: 26.1598 | T22: 44469 | U22: 120285 | V22: 35G1 | W22: 35 | X22: LI185 | Y22: 10 | Z22: EQTY | AA22: 26.1598 | AB22: 26.1598 | AC22: 84355 | AD22: LIC MF Children’s Gift Fund | AE22: Direct Plan Growth Option | AF22: 44468 | AG22: 26.2505 | AH22: 26.250478 | AI22: -0.0907 | AJ22: -0.34551723 | AK22: -126.1138 | AL22: -0.09064898 | AM22: -0.34532316 | AN22: -126.043 | AO22: LIC MF Children’s Gift Fund | AP22: LIC35 | AR22: Direct | AS22: INF767K01FB1 | AV22: 30 | AW22: LIC
A23: =M23&B23 -> LEARBFDDM | B23: =VLOOKUP(L23,'Scheme master'!A:M,13,0) -> DDM | C23: =VLOOKUP(M23,'Scheme master'!D:L,8,0) -> 10 | D23: =(O23+E23)*C23/10000000 -> 0.022921691 | E23: =SUMIF('CHY rollback'!A:A,L23,'CHY rollback'!G:G) -> 0 | F23: =P23/10000000 -> 0.023657045 | G23: =IF(O23<=0,0,S23) -> 10.3208 | H23: =SUMIF(M:M,M23,F:F)-R23/10000000 -> 0 | I23: =SUMIFS(TB!E:E,TB!H:H,M23,TB!F:F,"AUM") -> -36.688485 | J23: =(SUMIF(M:M,M23,F:F)+I23)*10000000 -> 2.5799999 | K23: =VLOOKUP(M23,'Scheme master'!D:L,9,0) -> Live | L23: LEARBFMDP | M23: LEARBF | N23: MDP | O23: 22921.691 | P23: 236570.45 | Q23: 10.320811 | R23: 3.6688485e+08 | S23: 10.3208 | T23: 44469 | U23: 145894 | V23: 178M1 | W23: 178 | Y23: 10 | Z23: EQTY | AA23: 10.3208 | AB23: 10.3208 | AC23: 102465 | AD23: LIC MF Arbitrage Fund | AE23: Direct Plan Monthly IDCW Option | AF23: 44468 | AG23: 10.3193 | AH23: 10.319333 | AI23: 0.0015 | AJ23: 0.01453587 | AK23: 5.3056 | AL23: 0.0014781385 | AM23: 0.014323973 | AN23: 5.2283 | AO23: LIC MF Arbitrage Fund | AP23: LIC178 | AR23: Direct | AV23: 30 | AW23: LIC
A24: =M24&B24 -> LEARBFRG | B24: =VLOOKUP(L24,'Scheme master'!A:M,13,0) -> RG | C24: =VLOOKUP(M24,'Scheme master'!D:L,8,0) -> 10 | D24: =(O24+E24)*C24/10000000 -> 18.78155 | E24: =SUMIF('CHY rollback'!A:A,L24,'CHY rollback'!G:G) -> 0 | F24: =P24/10000000 -> 20.956047 | G24: =IF(O24<=0,0,S24) -> 11.1578 | H24: =SUMIF(M:M,M24,F:F)-R24/10000000 -> 0 | I24: =SUMIFS(TB!E:E,TB!H:H,M24,TB!F:F,"AUM") -> -36.688485 | J24: =(SUMIF(M:M,M24,F:F)+I24)*10000000 -> 2.5799999 | K24: =VLOOKUP(M24,'Scheme master'!D:L,9,0) -> Live | L24: LEARBFRG | M24: LEARBF | N24: RG | O24: 18781550 | P24: 2.0956047e+08 | Q24: 11.157783 | R24: 3.6688485e+08 | S24: 11.1578 | T24: 44469 | U24: 145890 | V24: 178GP | W24: 178 | Y24: 10 | Z24: EQTY | AA24: 11.1578 | AB24: 11.1578 | AC24: 102463 | AD24: LIC MF Arbitrage Fund | AE24: Regular Plan Growth Option | AF24: 44468 | AG24: 11.1564 | AH24: 11.156445 | AI24: 0.0014 | AJ24: 0.012548851 | AK24: 4.5803 | AL24: 0.001338656 | AM24: 0.011998948 | AN24: 4.3796 | AO24: LIC MF Arbitrage Fund | AP24: LIC178 | AR24: Regular | AV24: 30 | AW24: LIC
A25: =M25&B25 -> LEARBFRDM | B25: =VLOOKUP(L25,'Scheme master'!A:M,13,0) -> RDM | C25: =VLOOKUP(M25,'Scheme master'!D:L,8,0) -> 10 | D25: =(O25+E25)*C25/10000000 -> 0.087625725 | E25: =SUMIF('CHY rollback'!A:A,L25,'CHY rollback'!G:G) -> 0 | F25: =P25/10000000 -> 0.095522169 | G25: =IF(O25<=0,0,S25) -> 10.9012 | H25: =SUMIF(M:M,M25,F:F)-R25/10000000 -> 0 | I25: =SUMIFS(TB!E:E,TB!H:H,M25,TB!F:F,"AUM") -> -36.688485 | J25: =(SUMIF(M:M,M25,F:F)+I25)*10000000 -> 2.5799999 | K25: =VLOOKUP(M25,'Scheme master'!D:L,9,0) -> Live | L25: LEARBFRMD | M25: LEARBF | N25: RMD | O25: 87625.725 | P25: 955221.69 | Q25: 10.901156 | R25: 3.6688485e+08 | S25: 10.9012 | T25: 44469 | U25: 145892 | V25: 178MD | W25: 178 | Y25: 10 | Z25: EQTY | AA25: 10.9012 | AB25: 10.9012 | AC25: 102462 | AD25: LIC MF Arbitrage Fund | AE25: Regular Plan Monthly IDCW Option | AF25: 44468 | AG25: 10.8998 | AH25: 10.899848 | AI25: 0.0014 | AJ25: 0.012844272 | AK25: 4.6882 | AL25: 0.0013074927 | AM25: 0.011995513 | AN25: 4.3784 | AO25: LIC MF Arbitrage Fund | AP25: LIC178 | AR25: Regular | AV25: 30 | AW25: LIC
A26: =M26&B26 -> LEARBFRDW | B26: =VLOOKUP(L26,'Scheme master'!A:M,13,0) -> RDW | C26: =VLOOKUP(M26,'Scheme master'!D:L,8,0) -> 10 | D26: =(O26+E26)*C26/10000000 -> 0.5620864 | E26: =SUMIF('CHY rollback'!A:A,L26,'CHY rollback'!G:G) -> 0 | F26: =P26/10000000 -> 0.61016282 | G26: =IF(O26<=0,0,S26) -> 10.8553 | H26: =SUMIF(M:M,M26,F:F)-R26/10000000 -> 0 | I26: =SUMIFS(TB!E:E,TB!H:H,M26,TB!F:F,"AUM") -> -36.688485 | J26: =(SUMIF(M:M,M26,F:F)+I26)*10000000 -> 2.5799999 | K26: =VLOOKUP(M26,'Scheme master'!D:L,9,0) -> Live | L26: LEARBFRWD | M26: LEARBF | N26: RWD | O26: 562086.4 | P26: 6101628.2 | Q26: 10.855321 | R26: 3.6688485e+08 | S26: 10.8553 | T26: 44469 | U26: 145893 | V26: 178WD | W26: 178 | Y26: 10 | Z26: EQTY | AA26: 10.8553 | AB26: 10.8553 | AC26: 102461 | AD26: LIC MF Arbitrage Fund | AE26: Regular Plan Weekly IDCW Option | AF26: 44468 | AG26: 10.854 | AH26: 10.854019 | AI26: 0.0013 | AJ26: 0.011977151 | AK26: 4.3717 | AL26: 0.0013021841 | AM26: 0.011997254 | AN26: 4.379 | AO26: LIC MF Arbitrage Fund | AP26: LIC178 | AR26: Regular | AV26: 30 | AW26: LIC
A27: =M27&B27 -> LEARBFDDW | B27: =VLOOKUP(L27,'Scheme master'!A:M,13,0) -> DDW | C27: =VLOOKUP(M27,'Scheme master'!D:L,8,0) -> 10 | D27: =(O27+E27)*C27/10000000 -> 0.21693688 | E27: =SUMIF('CHY rollback'!A:A,L27,'CHY rollback'!G:G) -> 0 | F27: =P27/10000000 -> 0.23138931 | G27: =IF(O27<=0,0,S27) -> 10.6662 | H27: =SUMIF(M:M,M27,F:F)-R27/10000000 -> 0 | I27: =SUMIFS(TB!E:E,TB!H:H,M27,TB!F:F,"AUM") -> -36.688485 | J27: =(SUMIF(M:M,M27,F:F)+I27)*10000000 -> 2.5799999 | K27: =VLOOKUP(M27,'Scheme master'!D:L,9,0) -> Live | L27: LEARBFWDP | M27: LEARBF | N27: WDP | O27: 216936.88 | P27: 2313893.1 | Q27: 10.666204 | R27: 3.6688485e+08 | S27: 10.6662 | T27: 44469 | U27: 145891 | V27: 178W1 | W27: 178 | Y27: 10 | Z27: EQTY | AA27: 10.6662 | AB27: 10.6662 | AC27: 102464 | AD27: LIC MF Arbitrage Fund | AE27: Direct Plan Weekly IDCW Option | AF27: 44468 | AG27: 10.6647 | AH27: 10.664676 | AI27: 0.0015 | AJ27: 0.014065093 | AK27: 5.1338 | AL27: 0.0015279099 | AM27: 0.014326828 | AN27: 5.2293 | AO27: LIC MF Arbitrage Fund | AP27: LIC178 | AR27: Direct | AV27: 30 | AW27: LIC
A28: =M28&B28 -> LEBALFDD | B28: =VLOOKUP(L28,'Scheme master'!A:M,13,0) -> DD | C28: =VLOOKUP(M28,'Scheme master'!D:L,8,0) -> 10 | D28: =(O28+E28)*C28/10000000 -> 25.100006 | E28: =SUMIF('CHY rollback'!A:A,L28,'CHY rollback'!G:G) -> 0 | F28: =P28/10000000 -> 43.239927 | G28: =IF(O28<=0,0,S28) -> 17.2271 | H28: =SUMIF(M:M,M28,F:F)-R28/10000000 -> 0 | I28: =SUMIFS(TB!E:E,TB!H:H,M28,TB!F:F,"AUM") -> -487.60889 | J28: =(SUMIF(M:M,M28,F:F)+I28)*10000000 -> -0.019997515 | K28: =VLOOKUP(M28,'Scheme master'!D:L,9,0) -> Live | L28: LEBALFDDP | M28: LEBALF | N28: DDP | O28: 25100006 | P28: 4.3239927e+08 | Q28: 17.227058 | R28: 4.8760889e+09 | S28: 17.2271 | T28: 44469 | U28: 120260 | V28: 08D1 | W28: 8 | X28: LI183 | Y28: 10 | Z28: EQTY | AA28: 17.2271 | AB28: 17.0548 | AC28: 84315 | AD28: LIC MF Equity Hybrid Fund | AE28: Direct Plan IDCW Option | AF28: 44468 | AG28: 17.2579 | AH28: 17.257881 | AI28: -0.0308 | AJ28: -0.17846899 | AK28: -65.1412 | AL28: -0.030822274 | AM28: -0.17859826 | AN28: -65.1884 | AO28: LIC MF Equity Hybrid Fund | AP28: LIC08 | AR28: Direct | AS28: INF767K01EC2/INF767K01EE8 | AV28: 30 | AW28: LIC
A29: =M29&B29 -> LEBALFDG | B29: =VLOOKUP(L29,'Scheme master'!A:M,13,0) -> DG | C29: =VLOOKUP(M29,'Scheme master'!D:L,8,0) -> 10 | D29: =(O29+E29)*C29/10000000 -> 5.7200926 | E29: =SUMIF('CHY rollback'!A:A,L29,'CHY rollback'!G:G) -> 0 | F29: =P29/10000000 -> 85.981886 | G29: =IF(O29<=0,0,S29) -> 150.3155 | H29: =SUMIF(M:M,M29,F:F)-R29/10000000 -> 0 | I29: =SUMIFS(TB!E:E,TB!H:H,M29,TB!F:F,"AUM") -> -487.60889 | J29: =(SUMIF(M:M,M29,F:F)+I29)*10000000 -> -0.019997515 | K29: =VLOOKUP(M29,'Scheme master'!D:L,9,0) -> Live | L29: LEBALFGDP | M29: LEBALF | N29: GDP | O29: 5720092.6 | P29: 8.5981886e+08 | Q29: 150.31555 | R29: 4.8760889e+09 | S29: 150.3155 | T29: 44469 | U29: 120261 | V29: 08G1 | W29: 8 | X29: LI184 | Y29: 10 | Z29: EQTY | AA29: 150.3155 | AB29: 148.8123 | AC29: 84316 | AD29: LIC MF Equity Hybrid Fund | AE29: Direct Plan Growth Option | AF29: 44468 | AG29: 150.5845 | AH29: 150.58447 | AI29: -0.269 | AJ29: -0.17863724 | AK29: -65.2026 | AL29: -0.26892373 | AM29: -0.17858663 | AN29: -65.1841 | AO29: LIC MF Equity Hybrid Fund | AP29: LIC08 | AR29: Direct | AS29: INF767K01ED0 | AV29: 30 | AW29: LIC
A30: =M30&B30 -> LEBALFRD | B30: =VLOOKUP(L30,'Scheme master'!A:M,13,0) -> RD | C30: =VLOOKUP(M30,'Scheme master'!D:L,8,0) -> 10 | D30: =(O30+E30)*C30/10000000 -> 58.677979 | E30: =SUMIF('CHY rollback'!A:A,L30,'CHY rollback'!G:G) -> 0 | F30: =P30/10000000 -> 90.454503 | G30: =IF(O30<=0,0,S30) -> 15.4154 | H30: =SUMIF(M:M,M30,F:F)-R30/10000000 -> 0 | I30: =SUMIFS(TB!E:E,TB!H:H,M30,TB!F:F,"AUM") -> -487.60889 | J30: =(SUMIF(M:M,M30,F:F)+I30)*10000000 -> -0.019997515 | K30: =VLOOKUP(M30,'Scheme master'!D:L,9,0) -> Live | L30: LEBALFRD | M30: LEBALF | N30: RD | O30: 58677979 | P30: 9.0454503e+08 | Q30: 15.415409 | R30: 4.8760889e+09 | S30: 15.4154 | T30: 44469 | U30: 100321 | V30: 08DP | W30: 8 | X30: LI023 | Y30: 10 | Z30: EQTY | AA30: 15.4154 | AB30: 15.2612 | AC30: 84313 | AD30: LIC MF Equity Hybrid Fund | AE30: Regular Plan IDCW Option | AF30: 44468 | AG30: 15.4435 | AH30: 15.443506 | AI30: -0.0281 | AJ30: -0.18195357 | AK30: -66.4131 | AL30: -0.028096789 | AM30: -0.18193272 | AN30: -66.4054 | AO30: LIC MF Equity Hybrid Fund | AP30: LIC08 | AR30: Regular | AS30: INF767K01022/INF767K01014 | AV30: 30 | AW30: LIC
A31: =M31&B31 -> LEBALFRG | B31: =VLOOKUP(L31,'Scheme master'!A:M,13,0) -> RG | C31: =VLOOKUP(M31,'Scheme master'!D:L,8,0) -> 10 | D31: =(O31+E31)*C31/10000000 -> 19.412798 | E31: =SUMIF('CHY rollback'!A:A,L31,'CHY rollback'!G:G) -> 0 | F31: =P31/10000000 -> 267.93257 | G31: =IF(O31<=0,0,S31) -> 138.0185 | H31: =SUMIF(M:M,M31,F:F)-R31/10000000 -> 0 | I31: =SUMIFS(TB!E:E,TB!H:H,M31,TB!F:F,"AUM") -> -487.60889 | J31: =(SUMIF(M:M,M31,F:F)+I31)*10000000 -> -0.019997515 | K31: =VLOOKUP(M31,'Scheme master'!D:L,9,0) -> Live | L31: LEBALFRG | M31: LEBALF | N31: RG | O31: 19412798 | P31: 2.6793257e+09 | Q31: 138.01852 | R31: 4.8760889e+09 | S31: 138.0185 | T31: 44469 | U31: 100323 | V31: 08GP | W31: 8 | X31: LI011 | Y31: 10 | Z31: EQTY | AA31: 138.0185 | AB31: 136.6383 | AC31: 84314 | AD31: LIC MF Equity Hybrid Fund | AE31: Regular Plan Growth Option | AF31: 44468 | AG31: 138.2701 | AH31: 138.27005 | AI31: -0.2516 | AJ31: -0.18196269 | AK31: -66.4164 | AL31: -0.25152858 | AM31: -0.18191111 | AN31: -66.3976 | AO31: LIC MF Equity Hybrid Fund | AP31: LIC08 | AR31: Regular | AS31: INF767K01030 | AV31: 30 | AW31: LIC
A32: =M32&B32 -> LDINPFDDD | B32: =VLOOKUP(L32,'Scheme master'!A:M,13,0) -> DDD | C32: =VLOOKUP(M32,'Scheme master'!D:L,8,0) -> 10 | D32: =(O32+E32)*C32/10000000 -> 0.54074151 | E32: =SUMIF('CHY rollback'!A:A,L32,'CHY rollback'!G:G) -> 0 | F32: =P32/10000000 -> 0.64685251 | G32: =IF(O32<=0,0,S32) -> 11.9623 | H32: =SUMIF(M:M,M32,F:F)-R32/10000000 -> 0 | I32: =SUMIFS(TB!E:E,TB!H:H,M32,TB!F:F,"AUM") -> -1958.8685 | J32: =(SUMIF(M:M,M32,F:F)+I32)*10000000 -> -0.0099885256 | K32: =VLOOKUP(M32,'Scheme master'!D:L,9,0) -> Live | L32: LDINPFDPD | M32: LDINPF | N32: DPD | O32: 540741.51 | P32: 6468525 | Q32: 11.962324 | R32: 19588685128 | S32: 11.9623 | T32: 44469 | U32: 120337 | V32: 72D1 | W32: 72 | X32: LI213 | Y32: 10 | Z32: DEBT | AA32: 11.9623 | AB32: 11.9623 | AC32: 84290 | AD32: LIC MF Banking & PSU Debt Fund | AE32: Direct Plan Daily IDCW Option | AF32: 44468 | AG32: 11.963 | AH32: 11.96303 | AI32: -0.0007 | AJ32: -0.0058513751 | AK32: -2.1358 | AL32: -0.0007065668 | AM32: -0.0059062527 | AN32: -2.1558 | AO32: LIC MF Banking & PSU Debt Fund | AP32: LIC72 | AR32: Direct | AS32: INF767K01GJ2/INF767K01GM6 | AV32: 30 | AW32: LIC
A33: =M33&B33 -> LDMIPFDG | B33: =VLOOKUP(L33,'Scheme master'!A:M,13,0) -> DG | C33: =VLOOKUP(M33,'Scheme master'!D:L,8,0) -> 10 | D33: =(O33+E33)*C33/10000000 -> 3.0023299 | E33: =SUMIF('CHY rollback'!A:A,L33,'CHY rollback'!G:G) -> 0 | F33: =P33/10000000 -> 21.488852 | G33: =IF(O33<=0,0,S33) -> 71.5739 | H33: =SUMIF(M:M,M33,F:F)-R33/10000000 -> 0 | I33: =SUMIFS(TB!E:E,TB!H:H,M33,TB!F:F,"AUM") -> -83.846304 | J33: =(SUMIF(M:M,M33,F:F)+I33)*10000000 -> 0 | K33: =VLOOKUP(M33,'Scheme master'!D:L,9,0) -> Live | L33: LDMIPFGDP | M33: LDMIPF | N33: GDP | O33: 3002329.9 | P33: 2.1488852e+08 | Q33: 71.573922 | R33: 8.3846304e+08 | S33: 71.5739 | T33: 44469 | U33: 120276 | V33: 31G1 | W33: 31 | X33: LI196 | Y33: 10 | Z33: DEBT | AA33: 71.5739 | AB33: 70.8582 | AC33: 84267 | AD33: LIC MF Debt Hybrid Fund | AE33: Direct Plan Growth Option | AF33: 44468 | AG33: 71.6652 | AH33: 71.665185 | AI33: -0.0913 | AJ33: -0.12739796 | AK33: -46.5003 | AL33: -0.09126354 | AM33: -0.12734711 | AN33: -46.4817 | AO33: LIC MF Debt Hybrid Fund | AP33: LIC31 | AR33: Direct | AS33: INF767K01EO7 | AV33: 30 | AW33: LIC
A34: =M34&B34 -> LDMIPFDDM | B34: =VLOOKUP(L34,'Scheme master'!A:M,13,0) -> DDM | C34: =VLOOKUP(M34,'Scheme master'!D:L,8,0) -> 10 | D34: =(O34+E34)*C34/10000000 -> 0.054556066 | E34: =SUMIF('CHY rollback'!A:A,L34,'CHY rollback'!G:G) -> 0 | F34: =P34/10000000 -> 0.064417403 | G34: =IF(O34<=0,0,S34) -> 11.8076 | H34: =SUMIF(M:M,M34,F:F)-R34/10000000 -> 0 | I34: =SUMIFS(TB!E:E,TB!H:H,M34,TB!F:F,"AUM") -> -83.846304 | J34: =(SUMIF(M:M,M34,F:F)+I34)*10000000 -> 0 | K34: =VLOOKUP(M34,'Scheme master'!D:L,9,0) -> Live | L34: LDMIPFMDP | M34: LDMIPF | N34: MDP | O34: 54556.066 | P34: 644174.03 | Q34: 11.80756 | R34: 8.3846304e+08 | S34: 11.8076 | T34: 44469 | U34: 120277 | V34: 31M1 | W34: 31 | X34: LI194 | Y34: 10 | Z34: DEBT | AA34: 11.8076 | AB34: 11.6895 | AC34: 84264 | AD34: LIC MF Debt Hybrid Fund | AE34: Direct Plan Monthly IDCW Option | AF34: 44468 | AG34: 11.8226 | AH34: 11.822632 | AI34: -0.015 | AJ34: -0.12687564 | AK34: -46.3096 | AL34: -0.015071835 | AM34: -0.1274829 | AN34: -46.5313 | AO34: LIC MF Debt Hybrid Fund | AP34: LIC31 | AR34: Direct | AS34: INF767K01EP4/INF767K01ES8 | AV34: 30 | AW34: LIC
A35: =M35&B35 -> LDMIPFDDQ | B35: =VLOOKUP(L35,'Scheme master'!A:M,13,0) -> DDQ | C35: =VLOOKUP(M35,'Scheme master'!D:L,8,0) -> 10 | D35: =(O35+E35)*C35/10000000 -> 0.032303044 | E35: =SUMIF('CHY rollback'!A:A,L35,'CHY rollback'!G:G) -> 0 | F35: =P35/10000000 -> 0.046695296 | G35: =IF(O35<=0,0,S35) -> 14.4554 | H35: =SUMIF(M:M,M35,F:F)-R35/10000000 -> 0 | I35: =SUMIFS(TB!E:E,TB!H:H,M35,TB!F:F,"AUM") -> -83.846304 | J35: =(SUMIF(M:M,M35,F:F)+I35)*10000000 -> 0 | K35: =VLOOKUP(M35,'Scheme master'!D:L,9,0) -> Live | L35: LDMIPFQDP | M35: LDMIPF | N35: QDP | O35: 32303.044 | P35: 466952.96 | Q35: 14.455386 | R35: 8.3846304e+08 | S35: 14.4554 | T35: 44469 | U35: 120274 | V35: 31Q1 | W35: 31 | X35: LI197 | Y35: 10 | Z35: DEBT | AA35: 14.4554 | AB35: 14.3108 | AC35: 84265 | AD35: LIC MF Debt Hybrid Fund | AE35: Direct Plan Quarterly IDCW Option | AF35: 44468 | AG35: 14.4738 | AH35: 14.473837 | AI35: -0.0184 | AJ35: -0.12712626 | AK35: -46.4011 | AL35: -0.018451512 | AM35: -0.12748183 | AN35: -46.5309 | AO35: LIC MF Debt Hybrid Fund | AP35: LIC31 | AR35: Direct | AS35: INF767K01EQ2/INF767K01ET6 | AV35: 30 | AW35: LIC
A36: =M36&B36 -> LDMIPFRDA | B36: =VLOOKUP(L36,'Scheme master'!A:M,13,0) -> RDA | C36: =VLOOKUP(M36,'Scheme master'!D:L,8,0) -> 10 | D36: =(O36+E36)*C36/10000000 -> 2.0106529 | E36: =SUMIF('CHY rollback'!A:A,L36,'CHY rollback'!G:G) -> 0 | F36: =P36/10000000 -> 2.5578155 | G36: =IF(O36<=0,0,S36) -> 12.7213 | H36: =SUMIF(M:M,M36,F:F)-R36/10000000 -> 0 | I36: =SUMIFS(TB!E:E,TB!H:H,M36,TB!F:F,"AUM") -> -83.846304 | J36: =(SUMIF(M:M,M36,F:F)+I36)*10000000 -> 0 | K36: =VLOOKUP(M36,'Scheme master'!D:L,9,0) -> Live | L36: LDMIPFRAD | M36: LDMIPF | N36: RAD | O36: 2010652.9 | P36: 25578155 | Q36: 12.721318 | R36: 8.3846304e+08 | S36: 12.7213 | T36: 44469 | U36: 101868 | V36: 31YD | W36: 31 | X36: LI019 | Y36: 10 | Z36: DEBT | AA36: 12.7213 | AB36: 12.5941 | AC36: 84262 | AD36: LIC MF Debt Hybrid Fund | AE36: Regular Annual IDCW Option | AF36: 44468 | AG36: 12.7378 | AH36: 12.737811 | AI36: -0.0165 | AJ36: -0.12953571 | AK36: -47.2805 | AL36: -0.016493256 | AM36: -0.12948265 | AN36: -47.2612 | AO36: LIC MF Debt Hybrid Fund | AP36: LIC31 | AR36: Regular | AS36: INF767K01857/INF767K01865 | AV36: 30 | AW36: LIC
A37: =M37&B37 -> LDMIPFRG | B37: =VLOOKUP(L37,'Scheme master'!A:M,13,0) -> RG | C37: =VLOOKUP(M37,'Scheme master'!D:L,8,0) -> 10 | D37: =(O37+E37)*C37/10000000 -> 8.0960844 | E37: =SUMIF('CHY rollback'!A:A,L37,'CHY rollback'!G:G) -> 0 | F37: =P37/10000000 -> 54.171904 | G37: =IF(O37<=0,0,S37) -> 66.9112 | H37: =SUMIF(M:M,M37,F:F)-R37/10000000 -> 0 | I37: =SUMIFS(TB!E:E,TB!H:H,M37,TB!F:F,"AUM") -> -83.846304 | J37: =(SUMIF(M:M,M37,F:F)+I37)*10000000 -> 0 | K37: =VLOOKUP(M37,'Scheme master'!D:L,9,0) -> Live | L37: LDMIPFRG | M37: LDMIPF | N37: RG | O37: 8096084.4 | P37: 5.4171904e+08 | Q37: 66.911239 | R37: 8.3846304e+08 | S37: 66.9112 | T37: 44469 | U37: 101869 | V37: 31GP | W37: 31 | X37: LI020 | Y37: 10 | Z37: DEBT | AA37: 66.9112 | AB37: 66.2421 | AC37: 84263 | AD37: LIC MF Debt Hybrid Fund | AE37: Regular Plan Growth Option | AF37: 44468 | AG37: 66.998 | AH37: 66.99799 | AI37: -0.0868 | AJ37: -0.12955611 | AK37: -47.288 | AL37: -0.08675091 | AM37: -0.12948285 | AN37: -47.2612 | AO37: LIC MF Debt Hybrid Fund | AP37: LIC31 | AR37: Regular | AS37: INF767K01808 | AV37: 30 | AW37: LIC
A38: =M38&B38 -> LDMIPFRDM | B38: =VLOOKUP(L38,'Scheme master'!A:M,13,0) -> RDM | C38: =VLOOKUP(M38,'Scheme master'!D:L,8,0) -> 10 | D38: =(O38+E38)*C38/10000000 -> 3.492196 | E38: =SUMIF('CHY rollback'!A:A,L38,'CHY rollback'!G:G) -> 0 | F38: =P38/10000000 -> 4.2137593 | G38: =IF(O38<=0,0,S38) -> 12.0662 | H38: =SUMIF(M:M,M38,F:F)-R38/10000000 -> 0 | I38: =SUMIFS(TB!E:E,TB!H:H,M38,TB!F:F,"AUM") -> -83.846304 | J38: =(SUMIF(M:M,M38,F:F)+I38)*10000000 -> 0 | K38: =VLOOKUP(M38,'Scheme master'!D:L,9,0) -> Live | L38: LDMIPFRMD | M38: LDMIPF | N38: RMD | O38: 3492196 | P38: 42137593 | Q38: 12.066217 | R38: 8.3846304e+08 | S38: 12.0662 | T38: 44469 | U38: 101866 | V38: 31MD | W38: 31 | X38: LI018 | Y38: 10 | Z38: DEBT | AA38: 12.0662 | AB38: 11.9455 | AC38: 84260 | AD38: LIC MF Debt Hybrid Fund | AE38: Regular Plan Monthly IDCW Option | AF38: 44468 | AG38: 12.0819 | AH38: 12.081861 | AI38: -0.0157 | AJ38: -0.12994645 | AK38: -47.4305 | AL38: -0.015643939 | AM38: -0.12948286 | AN38: -47.2612 | AO38: LIC MF Debt Hybrid Fund | AP38: LIC31 | AR38: Regular | AS38: INF767K01816/INF767K01824 | AV38: 30 | AW38: LIC
A39: =M39&B39 -> LDMIPFRDQ | B39: =VLOOKUP(L39,'Scheme master'!A:M,13,0) -> RDQ | C39: =VLOOKUP(M39,'Scheme master'!D:L,8,0) -> 10 | D39: =(O39+E39)*C39/10000000 -> 1.0296929 | E39: =SUMIF('CHY rollback'!A:A,L39,'CHY rollback'!G:G) -> 0 | F39: =P39/10000000 -> 1.2658346 | G39: =IF(O39<=0,0,S39) -> 12.2933 | H39: =SUMIF(M:M,M39,F:F)-R39/10000000 -> 0 | I39: =SUMIFS(TB!E:E,TB!H:H,M39,TB!F:F,"AUM") -> -83.846304 | J39: =(SUMIF(M:M,M39,F:F)+I39)*10000000 -> 0 | K39: =VLOOKUP(M39,'Scheme master'!D:L,9,0) -> Live | L39: LDMIPFRQD | M39: LDMIPF | N39: RQD | O39: 1029692.9 | P39: 12658346 | Q39: 12.293322 | R39: 8.3846304e+08 | S39: 12.2933 | T39: 44469 | U39: 101867 | V39: 31QD | W39: 31 | X39: LI029 | Y39: 10 | Z39: DEBT | AA39: 12.2933 | AB39: 12.1704 | AC39: 84261 | AD39: LIC MF Debt Hybrid Fund | AE39: Regular Quarterly IDCW Option | AF39: 44468 | AG39: 12.3093 | AH39: 12.309261 | AI39: -0.016 | AJ39: -0.12998302 | AK39: -47.4438 | AL39: -0.015938367 | AM39: -0.12948273 | AN39: -47.2612 | AO39: LIC MF Debt Hybrid Fund | AP39: LIC31 | AR39: Regular | AS39: INF767K01832/INF767K01840 | AV39: 30 | AW39: LIC
... A53: =M53&B53 -> LDBONDRG | B53: =VLOOKUP(L53,'Scheme master'!A:M,13,0) -> RG | C53: =VLOOKUP(M53,'Scheme master'!D:L,8,0) -> 10 | D53: =(O53+E53)*C53/10000000 -> 17.0299 | E53: =SUMIF('CHY rollback'!A:A,L53,'CHY rollback'!G:G) -> 0 | F53: =P53/10000000 -> 98.44791 | G53: =IF(O53<=0,0,S53) -> 57.8089 | H53: =SUMIF(M:M,M53,F:F)-R53/10000000 -> 0 | I53: =SUMIFS(TB!E:E,TB!H:H,M53,TB!F:F,"AUM") -> -137.54192 | J53: =(SUMIF(M:M,M53,F:F)+I53)*10000000 -> 5.6843419e-07 | K53: =VLOOKUP(M53,'Scheme master'!D:L,9,0) -> Live | L53: LDBONDRG | M53: LDBOND | N53: RG | O53: 17029900 | P53: 9.844791e+08 | Q53: 57.808861 | R53: 1.3754192e+09 | S53: 57.8089 | T53: 44469 | U53: 100315 | V53: 33GP | W53: 33 | X53: LI002 | Y53: 10 | Z53: DEBT | AA53: 57.8089 | AB53: 57.2308 | AC53: 84269 | AD53: LIC MF Bond Fund | AE53: Regular Plan Growth Option | AF53: 44468 | AG53: 57.8198 | AH53: 57.819795 | AI53: -0.0109 | AJ53: -0.018851674 | AK53: -6.8809 | AL53: -0.010934109 | AM53: -0.018910666 | AN53: -6.9024 | AO53: LIC MF Bond Fund | AP53: LIC33 | AR53: Regular | AS53: INF767K01923 | AV53: 30 | AW53: LIC
A54: =M54&B54 -> LDGETFRG | B54: =VLOOKUP(L54,'Scheme master'!A:M,13,0) -> RG | C54: =VLOOKUP(M54,'Scheme master'!D:L,8,0) -> 10 | D54: =(O54+E54)*C54/10000000 -> 413.47351 | E54: =SUMIF('CHY rollback'!A:A,L54,'CHY rollback'!G:G) -> 0 | F54: =P54/10000000 -> 927.25398 | G54: =IF(O54<=0,0,S54) -> 22.426 | H54: =SUMIF(M:M,M54,F:F)-R54/10000000 -> 0 | I54: =SUMIFS(TB!E:E,TB!H:H,M54,TB!F:F,"AUM") -> -927.25398 | J54: =(SUMIF(M:M,M54,F:F)+I54)*10000000 -> 1.1368684e-06 | K54: =VLOOKUP(M54,'Scheme master'!D:L,9,0) -> Live | L54: LDGETFG | M54: LDGETF | N54: G | O54: 413473513 | P54: 9.2725398e+09 | Q54: 22.425958 | R54: 9.2725398e+09 | S54: 22.426 | T54: 44469 | U54: 133307 | V54: 168GP | W54: 168 | X54: LI411 | Y54: 10 | Z54: DEBT | AA54: 22.426 | AB54: 22.426 | AC54: 84247 | AD54: LIC MF G-Sec Long Term ETF | AE54: Growth Option | AF54: 44468 | AG54: 22.4177 | AH54: 22.417723 | AI54: 0.0083 | AJ54: 0.037024316 | AK54: 13.5139 | AL54: 0.0082351438 | AM54: 0.03673497 | AN54: 13.4083 | AO54: LIC MF G-Sec Long Term ETF | AP54: LIC168 | AR54: Growth | AS54: INF767K01MV5 | AU54: LICNETFGSC | AV54: 30 | AW54: LIC
A55: =M55&B55 -> LDGSECDD | B55: =VLOOKUP(L55,'Scheme master'!A:M,13,0) -> DD | C55: =VLOOKUP(M55,'Scheme master'!D:L,8,0) -> 10 | D55: =(O55+E55)*C55/10000000 -> 0.19596214 | E55: =SUMIF('CHY rollback'!A:A,L55,'CHY rollback'!G:G) -> 0 | F55: =P55/10000000 -> 0.2965912 | G55: =IF(O55<=0,0,S55) -> 15.1351 | H55: =SUMIF(M:M,M55,F:F)-R55/10000000 -> 0 | I55: =SUMIFS(TB!E:E,TB!H:H,M55,TB!F:F,"AUM") -> -72.364003 | J55: =(SUMIF(M:M,M55,F:F)+I55)*10000000 -> 0.0099998942 | K55: =VLOOKUP(M55,'Scheme master'!D:L,9,0) -> Live | L55: LDGSECDDP | M55: LDGSEC | N55: DDP | O55: 195962.14 | P55: 2965912 | Q55: 15.135128 | R55: 7.2364003e+08 | S55: 15.1351 | T55: 44469 | U55: 120283 | V55: 34D1 | W55: 34 | X55: LI178 | Y55: 10 | Z55: DEBT | AA55: 15.1351 | AB55: 15.0973 | AC55: 84274 | AD55: LIC MF Govt. Securities Fund | AE55: Direct Plan IDCW Option | AF55: 44468 | AG55: 15.1386 | AH55: 15.138638 | AI55: -0.0035 | AJ55: -0.023119707 | AK55: -8.4387 | AL55: -0.0035102315 | AM55: -0.023187234 | AN55: -8.4633 | AO55: LIC MF Govt. Securities Fund | AP55: LIC34 | AR55: Direct | AS55: INF767K01EY6/INF767K01FA3 | AV55: 30 | AW55: LIC
A56: =M56&B56 -> LDGSECDG | B56: =VLOOKUP(L56,'Scheme master'!A:M,13,0) -> DG | C56: =VLOOKUP(M56,'Scheme master'!D:L,8,0) -> 10 | D56: =(O56+E56)*C56/10000000 -> 8.0071728 | E56: =SUMIF('CHY rollback'!A:A,L56,'CHY rollback'!G:G) -> 0 | F56: =P56/10000000 -> 42.032395 | G56: =IF(O56<=0,0,S56) -> 52.4934 | H56: =SUMIF(M:M,M56,F:F)-R56/10000000 -> 0 | I56: =SUMIFS(TB!E:E,TB!H:H,M56,TB!F:F,"AUM") -> -72.364003 | J56: =(SUMIF(M:M,M56,F:F)+I56)*10000000 -> 0.0099998942 | K56: =VLOOKUP(M56,'Scheme master'!D:L,9,0) -> Live | L56: LDGSECGDP | M56: LDGSEC | N56: GDP | O56: 8007172.8 | P56: 4.2032395e+08 | Q56: 52.493428 | R56: 7.2364003e+08 | S56: 52.4934 | T56: 44469 | U56: 120282 | V56: 34G1 | W56: 34 | X56: LI179 | Y56: 10 | Z56: DEBT | AA56: 52.4934 | AB56: 52.3622 | AC56: 84275 | AD56: LIC MF Govt. Securities Fund | AE56: Direct Plan Growth Option | AF56: 44468 | AG56: 52.5056 | AH56: 52.50559 | AI56: -0.0122 | AJ56: -0.023235617 | AK56: -8.481 | AL56: -0.012161743 | AM56: -0.023162758 | AN56: -8.4544 | AO56: LIC MF Govt. Securities Fund | AP56: LIC34 | AR56: Direct | AS56: INF767K01EZ3 | AV56: 30 | AW56: LIC
A57: =M57&B57 -> LDMIPFDDA | B57: =VLOOKUP(L57,'Scheme master'!A:M,13,0) -> DDA | C57: =VLOOKUP(M57,'Scheme master'!D:L,8,0) -> 10 | D57: =(O57+E57)*C57/10000000 -> 0.027262523 | E57: =SUMIF('CHY rollback'!A:A,L57,'CHY rollback'!G:G) -> 0 | F57: =P57/10000000 -> 0.037025199 | G57: =IF(O57<=0,0,S57) -> 13.581 | H57: =SUMIF(M:M,M57,F:F)-R57/10000000 -> 0 | I57: =SUMIFS(TB!E:E,TB!H:H,M57,TB!F:F,"AUM") -> -83.846304 | J57: =(SUMIF(M:M,M57,F:F)+I57)*10000000 -> 0 | K57: =VLOOKUP(M57,'Scheme master'!D:L,9,0) -> Live | L57: LDMIPFYDP | M57: LDMIPF | N57: YDP | O57: 27262.523 | P57: 370251.99 | Q57: 13.580988 | R57: 8.3846304e+08 | S57: 13.581 | T57: 44469 | U57: 120275 | V57: 31Y1 | W57: 31 | X57: LI195 | Y57: 10 | Z57: DEBT | AA57: 13.581 | AB57: 13.4452 | AC57: 84266 | AD57: LIC MF Debt Hybrid Fund | AE57: Direct Plan Annual IDCW Option | AF57: 44468 | AG57: 13.5983 | AH57: 13.598323 | AI57: -0.0173 | AJ57: -0.12722179 | AK57: -46.436 | AL57: -0.017335153 | AM57: -0.12748008 | AN57: -46.5302 | AO57: LIC MF Debt Hybrid Fund | AP57: LIC31 | AR57: Direct | AS57: INF767K01ER0/INF767K01EU4 | AV57: 30 | AW57: LIC
A58: =M58&B58 -> LDINPFDG | B58: =VLOOKUP(L58,'Scheme master'!A:M,13,0) -> DG | C58: =VLOOKUP(M58,'Scheme master'!D:L,8,0) -> 10 | D58: =(O58+E58)*C58/10000000 -> 490.9728 | E58: =SUMIF('CHY rollback'!A:A,L58,'CHY rollback'!G:G) -> 0 | F58: =P58/10000000 -> 1451.5269 | G58: =IF(O58<=0,0,S58) -> 29.5643 | H58: =SUMIF(M:M,M58,F:F)-R58/10000000 -> 0 | I58: =SUMIFS(TB!E:E,TB!H:H,M58,TB!F:F,"AUM") -> -1958.8685 | J58: =(SUMIF(M:M,M58,F:F)+I58)*10000000 -> -0.0099885256 | K58: =VLOOKUP(M58,'Scheme master'!D:L,9,0) -> Live | L58: LDINPFGDP | M58: LDINPF | N58: GDP | O58: 4.909728e+08 | P58: 1.4515269e+10 | Q58: 29.564303 | R58: 19588685128 | S58: 29.5643 | T58: 44469 | U58: 120338 | V58: 72G1 | W58: 72 | X58: LI214 | Y58: 10 | Z58: DEBT | AA58: 29.5643 | AB58: 29.5643 | AC58: 84293 | AD58: LIC MF Banking & PSU Debt Fund | AE58: Direct Plan Growth Option | AF58: 44468 | AG58: 29.566 | AH58: 29.566049 | AI58: -0.0017 | AJ58: -0.0057498478 | AK58: -2.0987 | AL58: -0.0017461586 | AM58: -0.0059059587 | AN58: -2.1557 | AO58: LIC MF Banking & PSU Debt Fund | AP58: LIC72 | AR58: Direct | AS58: INF767K01GI4 | AV58: 30 | AW58: LIC
A59: =M59&B59 -> LDONTFDD | B59: =VLOOKUP(L59,'Scheme master'!A:M,13,0) -> DD | C59: =VLOOKUP(M59,'Scheme master'!D:L,8,0) -> 1000 | D59: =(O59+E59)*C59/10000000 -> 0.0254615 | E59: =SUMIF('CHY rollback'!A:A,L59,'CHY rollback'!G:G) -> 0 | F59: =P59/10000000 -> 0.027582813 | G59: =IF(O59<=0,0,S59) -> 1083.3145 | H59: =SUMIF(M:M,M59,F:F)-R59/10000000 -> 0 | I59: =SUMIFS(TB!E:E,TB!H:H,M59,TB!F:F,"AUM") -> -532.68583 | J59: =(SUMIF(M:M,M59,F:F)+I59)*10000000 -> 0.0099987574 | K59: =VLOOKUP(M59,'Scheme master'!D:L,9,0) -> Live | L59: LDONTFDDP | M59: LDONTF | N59: DDP | O59: 254.615 | P59: 275828.13 | Q59: 1083.3145 | R59: 5.3268583e+09 | S59: 1083.3145 | T59: 44469 | U59: 147513 | V59: 180A1 | W59: 180 | Y59: 1000 | Z59: LIQD | AA59: 1083.3145 | AB59: 1083.3145 | AC59: 108997 | AD59: LIC MF Overnight Fund | AE59: Direct Plan IDCW Option | AF59: 44468 | AG59: 1083.2178 | AH59: 1083.2178 | AI59: 0.0967 | AJ59: 0.0089271059 | AK59: 3.2584 | AL59: 0.09677356 | AM59: 0.0089338971 | AN59: 3.2609 | AO59: LIC MF Overnight Fund | AP59: LIC180 | AR59: Direct | AV59: 30 | AW59: LIC
